Workbook
Name Customer: #REF!
Name Regions: #REF!

Sheet Budget
A1: #VALUE! | D1: 45292 | E1: 45323 | F1: 45352 | G1: 45383 | H1: 45413 | I1: 45444 | J1: 45474 | K1: 45505 | L1: 45536 | M1: 45566 | N1: 45597 | O1: 45627 | P1: FY 24 | Q1: 45658 | R1: 45689 | S1: 45717 | T1: 45748 | U1: 45778 | V1: 45809 | W1: 45839 | X1: 45870 | Y1: 45901 | Z1: 45931 | AA1: 45962 | AB1: 45992 | AC1: FY 24 | AE1: Budget | AG1: Variance
D2: M 01 | E2: M 02 | F2: M 03 | G2: M 04 | H2: M 05 | I2: M 06 | J2: M 07 | K2: M 08 | L2: M 09 | M2: M 10 | N2: M 11 | O2: M 12 | P2: Y 03 | Q2: M 01 | R2: M 02 | S2: M 03 | T2: M 04 | U2: M 05 | V2: M 06 | W2: M 07 | X2: M 08 | Y2: M 09 | Z2: M 10 | AA2: M 11 | AB2: M 12 | AC2: Y 03 | AE2: 2025
A5: Contracting Income | B5: =IFERROR((VLOOKUP(A5,'GL Review'!E:G,3,FALSE)),"")
A6: Labour - Project Managment | B6: =IFERROR((VLOOKUP(A6,'GL Review'!E:G,3,FALSE)),"") -> 41005 | D6: {=( SUM(('Export (QBO)'!$G$2:$G$2483>=Budget!D$1)*('Export (QBO)'!$G$2:$G$2483<=((EOMONTH(Budget!D$1,0))))*('Export (QBO)'!$J$2:$J$2483=$A6)*('Export (QBO)'!$I$2:$I$2483)) )} -> 0 | E6: {=( SUM(('Export (QBO)'!$G$2:$G$2483>=Budget!E$1)*('Export (QBO)'!$G$2:$G$2483<=((EOMONTH(Budget!E$1,0))))*('Export (QBO)'!$J$2:$J$2483=$A6)*('Export (QBO)'!$I$2:$I$2483)) )} -> 0 | F6: {=( SUM(('Export (QBO)'!$G$2:$G$2483>=Budget!F$1)*('Export (QBO)'!$G$2:$G$2483<=((EOMONTH(Budget!F$1,0))))*('Export (QBO)'!$J$2:$J$2483=$A6)*('Export (QBO)'!$I$2:$I$2483)) )} -> 0 | G6: {=( SUM(('Export (QBO)'!$G$2:$G$2483>=Budget!G$1)*('Export (QBO)'!$G$2:$G$2483<=((EOMONTH(Budget!G$1,0))))*('Export (QBO)'!$J$2:$J$2483=$A6)*('Export (QBO)'!$I$2:$I$2483)) )} -> 0 | H6: {=( SUM(('Export (QBO)'!$G$2:$G$2483>=Budget!H$1)*('Export (QBO)'!$G$2:$G$2483<=((EOMONTH(Budget!H$1,0))))*('Export (QBO)'!$J$2:$J$2483=$A6)*('Export (QBO)'!$I$2:$I$2483)) )} -> 0 | I6: {=( SUM(('Export (QBO)'!$G$2:$G$2483>=Budget!I$1)*('Export (QBO)'!$G$2:$G$2483<=((EOMONTH(Budget!I$1,0))))*('Export (QBO)'!$J$2:$J$2483=$A6)*('Export (QBO)'!$I$2:$I$2483)) )} -> 0 | J6: {=( SUM(('Export (QBO)'!$G$2:$G$2483>=Budget!J$1)*('Export (QBO)'!$G$2:$G$2483<=((EOMONTH(Budget!J$1,0))))*('Export (QBO)'!$J$2:$J$2483=$A6)*('Export (QBO)'!$I$2:$I$2483)) )} -> 0 | K6: {=( SUM(('Export (QBO)'!$G$2:$G$2483>=Budget!K$1)*('Export (QBO)'!$G$2:$G$2483<=((EOMONTH(Budget!K$1,0))))*('Export (QBO)'!$J$2:$J$2483=$A6)*('Export (QBO)'!$I$2:$I$2483)) )} -> 0 | ... O6: {=( SUM(('Export (QBO)'!$G$2:$G$2483>=Budget!O$1)*('Export (QBO)'!$G$2:$G$2483<=((EOMONTH(Budget!O$1,0))))*('Export (QBO)'!$J$2:$J$2483=$A6)*('Export (QBO)'!$I$2:$I$2483)) )} -> 0 | P6: =SUM(D6:O6) -> 0 | Q6: {=( SUM(('Export (QBO)'!$G$2:$G$6969>=Budget!Q$1)*('Export (QBO)'!$G$2:$G$6969<=((EOMONTH(Budget!Q$1,0))))*('Export (QBO)'!$J$2:$J$6969=$A6)*('Export (QBO)'!$I$2:$I$6969)) )} -> 4875 | R6: {=( SUM(('Export (QBO)'!$G$2:$G$6969>=Budget!R$1)*('Export (QBO)'!$G$2:$G$6969<=((EOMONTH(Budget!R$1,0))))*('Export (QBO)'!$J$2:$J$6969=$A6)*('Export (QBO)'!$I$2:$I$6969)) )} -> 13345 | S6: {=( SUM(('Export (QBO)'!$G$2:$G$6969>=Budget!S$1)*('Export (QBO)'!$G$2:$G$6969<=((EOMONTH(Budget!S$1,0))))*('Export (QBO)'!$J$2:$J$6969=$A6)*('Export (QBO)'!$I$2:$I$6969)) )} -> 4885 | T6: {=( SUM(('Export (QBO)'!$G$2:$G$6969>=Budget!T$1)*('Export (QBO)'!$G$2:$G$6969<=((EOMONTH(Budget!T$1,0))))*('Export (QBO)'!$J$2:$J$6969=$A6)*('Export (QBO)'!$I$2:$I$6969)) )} -> 20130.49 | U6: {=( SUM(('Export (QBO)'!$G$2:$G$6969>=Budget!U$1)*('Export (QBO)'!$G$2:$G$6969<=((EOMONTH(Budget!U$1,0))))*('Export (QBO)'!$J$2:$J$6969=$A6)*('Export (QBO)'!$I$2:$I$6969)) )} -> 10987.5 | V6: {=( SUM(('Export (QBO)'!$G$2:$G$6969>=Budget!V$1)*('Export (QBO)'!$G$2:$G$6969<=((EOMONTH(Budget!V$1,0))))*('Export (QBO)'!$J$2:$J$6969=$A6)*('Export (QBO)'!$I$2:$I$6969)) )} -> 16860 | W6: {=( SUM(('Export (QBO)'!$G$2:$G$6969>=Budget!W$1)*('Export (QBO)'!$G$2:$G$6969<=((EOMONTH(Budget!W$1,0))))*('Export (QBO)'!$J$2:$J$6969=$A6)*('Export (QBO)'!$I$2:$I$6969)) )} -> 2800 | X6: {=( SUM(('Export (QBO)'!$G$2:$G$6969>=Budget!X$1)*('Export (QBO)'!$G$2:$G$6969<=((EOMONTH(Budget!X$1,0))))*('Export (QBO)'!$J$2:$J$6969=$A6)*('Export (QBO)'!$I$2:$I$6969)) )} -> 0 | ... AB6: {=( SUM(('Export (QBO)'!$G$2:$G$6969>=Budget!AB$1)*('Export (QBO)'!$G$2:$G$6969<=((EOMONTH(Budget!AB$1,0))))*('Export (QBO)'!$J$2:$J$6969=$A6)*('Export (QBO)'!$I$2:$I$6969)) )} -> 0 | AC6: =SUM(Q6:AB6) -> 73882.99 | AE6: 150000 | AI6: Scott's Butt Number | AJ6: Scott
A7: Labour - General | B7: =IFERROR((VLOOKUP(A7,'GL Review'!E:G,3,FALSE)),"") -> 41006 | D7: {=( SUM(('Export (QBO)'!$G$2:$G$2483>=Budget!D$1)*('Export (QBO)'!$G$2:$G$2483<=((EOMONTH(Budget!D$1,0))))*('Export (QBO)'!$J$2:$J$2483=$A7)*('Export (QBO)'!$I$2:$I$2483)) )} -> 0 | E7: {=( SUM(('Export (QBO)'!$G$2:$G$2483>=Budget!E$1)*('Export (QBO)'!$G$2:$G$2483<=((EOMONTH(Budget!E$1,0))))*('Export (QBO)'!$J$2:$J$2483=$A7)*('Export (QBO)'!$I$2:$I$2483)) )} -> 0 | F7: {=( SUM(('Export (QBO)'!$G$2:$G$2483>=Budget!F$1)*('Export (QBO)'!$G$2:$G$2483<=((EOMONTH(Budget!F$1,0))))*('Export (QBO)'!$J$2:$J$2483=$A7)*('Export (QBO)'!$I$2:$I$2483)) )} -> 0 | G7: {=( SUM(('Export (QBO)'!$G$2:$G$2483>=Budget!G$1)*('Export (QBO)'!$G$2:$G$2483<=((EOMONTH(Budget!G$1,0))))*('Export (QBO)'!$J$2:$J$2483=$A7)*('Export (QBO)'!$I$2:$I$2483)) )} -> 0 | H7: {=( SUM(('Export (QBO)'!$G$2:$G$2483>=Budget!H$1)*('Export (QBO)'!$G$2:$G$2483<=((EOMONTH(Budget!H$1,0))))*('Export (QBO)'!$J$2:$J$2483=$A7)*('Export (QBO)'!$I$2:$I$2483)) )} -> 0 | I7: {=( SUM(('Export (QBO)'!$G$2:$G$2483>=Budget!I$1)*('Export (QBO)'!$G$2:$G$2483<=((EOMONTH(Budget!I$1,0))))*('Export (QBO)'!$J$2:$J$2483=$A7)*('Export (QBO)'!$I$2:$I$2483)) )} -> 0 | J7: {=( SUM(('Export (QBO)'!$G$2:$G$2483>=Budget!J$1)*('Export (QBO)'!$G$2:$G$2483<=((EOMONTH(Budget!J$1,0))))*('Export (QBO)'!$J$2:$J$2483=$A7)*('Export (QBO)'!$I$2:$I$2483)) )} -> 0 | K7: {=( SUM(('Export (QBO)'!$G$2:$G$2483>=Budget!K$1)*('Export (QBO)'!$G$2:$G$2483<=((EOMONTH(Budget!K$1,0))))*('Export (QBO)'!$J$2:$J$2483=$A7)*('Export (QBO)'!$I$2:$I$2483)) )} -> 0 | ... O7: {=( SUM(('Export (QBO)'!$G$2:$G$2483>=Budget!O$1)*('Export (QBO)'!$G$2:$G$2483<=((EOMONTH(Budget!O$1,0))))*('Export (QBO)'!$J$2:$J$2483=$A7)*('Export (QBO)'!$I$2:$I$2483)) )} -> 0 | P7: =SUM(D7:O7) -> 0 | Q7: {=( SUM(('Export (QBO)'!$G$2:$G$6969>=Budget!Q$1)*('Export (QBO)'!$G$2:$G$6969<=((EOMONTH(Budget!Q$1,0))))*('Export (QBO)'!$J$2:$J$6969=$A7)*('Export (QBO)'!$I$2:$I$6969)) )} -> 27430 | R7: {=( SUM(('Export (QBO)'!$G$2:$G$6969>=Budget!R$1)*('Export (QBO)'!$G$2:$G$6969<=((EOMONTH(Budget!R$1,0))))*('Export (QBO)'!$J$2:$J$6969=$A7)*('Export (QBO)'!$I$2:$I$6969)) )} -> 43630 | S7: {=( SUM(('Export (QBO)'!$G$2:$G$6969>=Budget!S$1)*('Export (QBO)'!$G$2:$G$6969<=((EOMONTH(Budget!S$1,0))))*('Export (QBO)'!$J$2:$J$6969=$A7)*('Export (QBO)'!$I$2:$I$6969)) )} -> 10172.5 | T7: {=( SUM(('Export (QBO)'!$G$2:$G$6969>=Budget!T$1)*('Export (QBO)'!$G$2:$G$6969<=((EOMONTH(Budget!T$1,0))))*('Export (QBO)'!$J$2:$J$6969=$A7)*('Export (QBO)'!$I$2:$I$6969)) )} -> 16900 | U7: {=( SUM(('Export (QBO)'!$G$2:$G$6969>=Budget!U$1)*('Export (QBO)'!$G$2:$G$6969<=((EOMONTH(Budget!U$1,0))))*('Export (QBO)'!$J$2:$J$6969=$A7)*('Export (QBO)'!$I$2:$I$6969)) )} -> 8662.5 | V7: {=( SUM(('Export (QBO)'!$G$2:$G$6969>=Budget!V$1)*('Export (QBO)'!$G$2:$G$6969<=((EOMONTH(Budget!V$1,0))))*('Export (QBO)'!$J$2:$J$6969=$A7)*('Export (QBO)'!$I$2:$I$6969)) )} -> 21042.5 | W7: {=( SUM(('Export (QBO)'!$G$2:$G$6969>=Budget!W$1)*('Export (QBO)'!$G$2:$G$6969<=((EOMONTH(Budget!W$1,0))))*('Export (QBO)'!$J$2:$J$6969=$A7)*('Export (QBO)'!$I$2:$I$6969)) )} -> 8510.5 | X7: {=( SUM(('Export (QBO)'!$G$2:$G$6969>=Budget!X$1)*('Export (QBO)'!$G$2:$G$6969<=((EOMONTH(Budget!X$1,0))))*('Export (QBO)'!$J$2:$J$6969=$A7)*('Export (QBO)'!$I$2:$I$6969)) )} -> 825 | ... AB7: {=( SUM(('Export (QBO)'!$G$2:$G$6969>=Budget!AB$1)*('Export (QBO)'!$G$2:$G$6969<=((EOMONTH(Budget!AB$1,0))))*('Export (QBO)'!$J$2:$J$6969=$A7)*('Export (QBO)'!$I$2:$I$6969)) )} -> 13600 | AC7: =SUM(Q7:AB7) -> 181687.5 | AE7: 75000 | AI7: Scott's Butt Number | AJ7: other employees
A8: Labour - Consulting | B8: =IFERROR((VLOOKUP(A8,'GL Review'!E:G,3,FALSE)),"") -> 41007 | D8: {=( SUM(('Export (QBO)'!$G$2:$G$2483>=Budget!D$1)*('Export (QBO)'!$G$2:$G$2483<=((EOMONTH(Budget!D$1,0))))*('Export (QBO)'!$J$2:$J$2483=$A8)*('Export (QBO)'!$I$2:$I$2483)) )} -> 0 | E8: {=( SUM(('Export (QBO)'!$G$2:$G$2483>=Budget!E$1)*('Export (QBO)'!$G$2:$G$2483<=((EOMONTH(Budget!E$1,0))))*('Export (QBO)'!$J$2:$J$2483=$A8)*('Export (QBO)'!$I$2:$I$2483)) )} -> 0 | F8: {=( SUM(('Export (QBO)'!$G$2:$G$2483>=Budget!F$1)*('Export (QBO)'!$G$2:$G$2483<=((EOMONTH(Budget!F$1,0))))*('Export (QBO)'!$J$2:$J$2483=$A8)*('Export (QBO)'!$I$2:$I$2483)) )} -> 0 | G8: {=( SUM(('Export (QBO)'!$G$2:$G$2483>=Budget!G$1)*('Export (QBO)'!$G$2:$G$2483<=((EOMONTH(Budget!G$1,0))))*('Export (QBO)'!$J$2:$J$2483=$A8)*('Export (QBO)'!$I$2:$I$2483)) )} -> 0 | H8: {=( SUM(('Export (QBO)'!$G$2:$G$2483>=Budget!H$1)*('Export (QBO)'!$G$2:$G$2483<=((EOMONTH(Budget!H$1,0))))*('Export (QBO)'!$J$2:$J$2483=$A8)*('Export (QBO)'!$I$2:$I$2483)) )} -> 0 | I8: {=( SUM(('Export (QBO)'!$G$2:$G$2483>=Budget!I$1)*('Export (QBO)'!$G$2:$G$2483<=((EOMONTH(Budget!I$1,0))))*('Export (QBO)'!$J$2:$J$2483=$A8)*('Export (QBO)'!$I$2:$I$2483)) )} -> 0 | J8: {=( SUM(('Export (QBO)'!$G$2:$G$2483>=Budget!J$1)*('Export (QBO)'!$G$2:$G$2483<=((EOMONTH(Budget!J$1,0))))*('Export (QBO)'!$J$2:$J$2483=$A8)*('Export (QBO)'!$I$2:$I$2483)) )} -> 0 | K8: {=( SUM(('Export (QBO)'!$G$2:$G$2483>=Budget!K$1)*('Export (QBO)'!$G$2:$G$2483<=((EOMONTH(Budget!K$1,0))))*('Export (QBO)'!$J$2:$J$2483=$A8)*('Export (QBO)'!$I$2:$I$2483)) )} -> 0 | ... O8: {=( SUM(('Export (QBO)'!$G$2:$G$2483>=Budget!O$1)*('Export (QBO)'!$G$2:$G$2483<=((EOMONTH(Budget!O$1,0))))*('Export (QBO)'!$J$2:$J$2483=$A8)*('Export (QBO)'!$I$2:$I$2483)) )} -> 0 | P8: =SUM(D8:O8) -> 0 | Q8: {=( SUM(('Export (QBO)'!$G$2:$G$6969>=Budget!Q$1)*('Export (QBO)'!$G$2:$G$6969<=((EOMONTH(Budget!Q$1,0))))*('Export (QBO)'!$J$2:$J$6969=$A8)*('Export (QBO)'!$I$2:$I$6969)) )} -> 0 | R8: {=( SUM(('Export (QBO)'!$G$2:$G$6969>=Budget!R$1)*('Export (QBO)'!$G$2:$G$6969<=((EOMONTH(Budget!R$1,0))))*('Export (QBO)'!$J$2:$J$6969=$A8)*('Export (QBO)'!$I$2:$I$6969)) )} -> 0 | S8: {=( SUM(('Export (QBO)'!$G$2:$G$6969>=Budget!S$1)*('Export (QBO)'!$G$2:$G$6969<=((EOMONTH(Budget!S$1,0))))*('Export (QBO)'!$J$2:$J$6969=$A8)*('Export (QBO)'!$I$2:$I$6969)) )} -> 0 | T8: {=( SUM(('Export (QBO)'!$G$2:$G$6969>=Budget!T$1)*('Export (QBO)'!$G$2:$G$6969<=((EOMONTH(Budget!T$1,0))))*('Export (QBO)'!$J$2:$J$6969=$A8)*('Export (QBO)'!$I$2:$I$6969)) )} -> 0 | U8: {=( SUM(('Export (QBO)'!$G$2:$G$6969>=Budget!U$1)*('Export (QBO)'!$G$2:$G$6969<=((EOMONTH(Budget!U$1,0))))*('Export (QBO)'!$J$2:$J$6969=$A8)*('Export (QBO)'!$I$2:$I$6969)) )} -> 0 | V8: {=( SUM(('Export (QBO)'!$G$2:$G$6969>=Budget!V$1)*('Export (QBO)'!$G$2:$G$6969<=((EOMONTH(Budget!V$1,0))))*('Export (QBO)'!$J$2:$J$6969=$A8)*('Export (QBO)'!$I$2:$I$6969)) )} -> 0 | W8: {=( SUM(('Export (QBO)'!$G$2:$G$6969>=Budget!W$1)*('Export (QBO)'!$G$2:$G$6969<=((EOMONTH(Budget!W$1,0))))*('Export (QBO)'!$J$2:$J$6969=$A8)*('Export (QBO)'!$I$2:$I$6969)) )} -> 9680 | X8: {=( SUM(('Export (QBO)'!$G$2:$G$6969>=Budget!X$1)*('Export (QBO)'!$G$2:$G$6969<=((EOMONTH(Budget!X$1,0))))*('Export (QBO)'!$J$2:$J$6969=$A8)*('Export (QBO)'!$I$2:$I$6969)) )} -> 12000 | ... AB8: {=( SUM(('Export (QBO)'!$G$2:$G$6969>=Budget!AB$1)*('Export (QBO)'!$G$2:$G$6969<=((EOMONTH(Budget!AB$1,0))))*('Export (QBO)'!$J$2:$J$6969=$A8)*('Export (QBO)'!$I$2:$I$6969)) )} -> 0 | AC8: =SUM(Q8:AB8) -> 32580 | AJ8: not yet - but preconstruction
A9: Margin - Materials | B9: =IFERROR((VLOOKUP(A9,'GL Review'!E:G,3,FALSE)),"") -> 42015 | D9: {=( SUM(('Export (QBO)'!$G$2:$G$2483>=Budget!D$1)*('Export (QBO)'!$G$2:$G$2483<=((EOMONTH(Budget!D$1,0))))*('Export (QBO)'!$J$2:$J$2483=$A9)*('Export (QBO)'!$I$2:$I$2483)) )} -> 0 | E9: {=( SUM(('Export (QBO)'!$G$2:$G$2483>=Budget!E$1)*('Export (QBO)'!$G$2:$G$2483<=((EOMONTH(Budget!E$1,0))))*('Export (QBO)'!$J$2:$J$2483=$A9)*('Export (QBO)'!$I$2:$I$2483)) )} -> 0 | F9: {=( SUM(('Export (QBO)'!$G$2:$G$2483>=Budget!F$1)*('Export (QBO)'!$G$2:$G$2483<=((EOMONTH(Budget!F$1,0))))*('Export (QBO)'!$J$2:$J$2483=$A9)*('Export (QBO)'!$I$2:$I$2483)) )} -> 0 | G9: {=( SUM(('Export (QBO)'!$G$2:$G$2483>=Budget!G$1)*('Export (QBO)'!$G$2:$G$2483<=((EOMONTH(Budget!G$1,0))))*('Export (QBO)'!$J$2:$J$2483=$A9)*('Export (QBO)'!$I$2:$I$2483)) )} -> 0 | H9: {=( SUM(('Export (QBO)'!$G$2:$G$2483>=Budget!H$1)*('Export (QBO)'!$G$2:$G$2483<=((EOMONTH(Budget!H$1,0))))*('Export (QBO)'!$J$2:$J$2483=$A9)*('Export (QBO)'!$I$2:$I$2483)) )} -> 0 | I9: {=( SUM(('Export (QBO)'!$G$2:$G$2483>=Budget!I$1)*('Export (QBO)'!$G$2:$G$2483<=((EOMONTH(Budget!I$1,0))))*('Export (QBO)'!$J$2:$J$2483=$A9)*('Export (QBO)'!$I$2:$I$2483)) )} -> 0 | J9: {=( SUM(('Export (QBO)'!$G$2:$G$2483>=Budget!J$1)*('Export (QBO)'!$G$2:$G$2483<=((EOMONTH(Budget!J$1,0))))*('Export (QBO)'!$J$2:$J$2483=$A9)*('Export (QBO)'!$I$2:$I$2483)) )} -> 0 | K9: {=( SUM(('Export (QBO)'!$G$2:$G$2483>=Budget!K$1)*('Export (QBO)'!$G$2:$G$2483<=((EOMONTH(Budget!K$1,0))))*('Export (QBO)'!$J$2:$J$2483=$A9)*('Export (QBO)'!$I$2:$I$2483)) )} -> 0 | ... O9: {=( SUM(('Export (QBO)'!$G$2:$G$2483>=Budget!O$1)*('Export (QBO)'!$G$2:$G$2483<=((EOMONTH(Budget!O$1,0))))*('Export (QBO)'!$J$2:$J$2483=$A9)*('Export (QBO)'!$I$2:$I$2483)) )} -> 0 | P9: =SUM(D9:O9) -> 0 | Q9: {=( SUM(('Export (QBO)'!$G$2:$G$6969>=Budget!Q$1)*('Export (QBO)'!$G$2:$G$6969<=((EOMONTH(Budget!Q$1,0))))*('Export (QBO)'!$J$2:$J$6969=$A9)*('Export (QBO)'!$I$2:$I$6969)) )} -> 1165.07 | R9: {=( SUM(('Export (QBO)'!$G$2:$G$6969>=Budget!R$1)*('Export (QBO)'!$G$2:$G$6969<=((EOMONTH(Budget!R$1,0))))*('Export (QBO)'!$J$2:$J$6969=$A9)*('Export (QBO)'!$I$2:$I$6969)) )} -> 3504.65 | S9: {=( SUM(('Export (QBO)'!$G$2:$G$6969>=Budget!S$1)*('Export (QBO)'!$G$2:$G$6969<=((EOMONTH(Budget!S$1,0))))*('Export (QBO)'!$J$2:$J$6969=$A9)*('Export (QBO)'!$I$2:$I$6969)) )} -> 1500.61 | T9: {=( SUM(('Export (QBO)'!$G$2:$G$6969>=Budget!T$1)*('Export (QBO)'!$G$2:$G$6969<=((EOMONTH(Budget!T$1,0))))*('Export (QBO)'!$J$2:$J$6969=$A9)*('Export (QBO)'!$I$2:$I$6969)) )} -> 7195.96 | U9: {=( SUM(('Export (QBO)'!$G$2:$G$6969>=Budget!U$1)*('Export (QBO)'!$G$2:$G$6969<=((EOMONTH(Budget!U$1,0))))*('Export (QBO)'!$J$2:$J$6969=$A9)*('Export (QBO)'!$I$2:$I$6969)) )} -> 4569.34 | V9: {=( SUM(('Export (QBO)'!$G$2:$G$6969>=Budget!V$1)*('Export (QBO)'!$G$2:$G$6969<=((EOMONTH(Budget!V$1,0))))*('Export (QBO)'!$J$2:$J$6969=$A9)*('Export (QBO)'!$I$2:$I$6969)) )} -> 3008.75 | W9: {=( SUM(('Export (QBO)'!$G$2:$G$6969>=Budget!W$1)*('Export (QBO)'!$G$2:$G$6969<=((EOMONTH(Budget!W$1,0))))*('Export (QBO)'!$J$2:$J$6969=$A9)*('Export (QBO)'!$I$2:$I$6969)) )} -> -121.52 | X9: {=( SUM(('Export (QBO)'!$G$2:$G$6969>=Budget!X$1)*('Export (QBO)'!$G$2:$G$6969<=((EOMONTH(Budget!X$1,0))))*('Export (QBO)'!$J$2:$J$6969=$A9)*('Export (QBO)'!$I$2:$I$6969)) )} -> 8148.52 | ... AB9: {=( SUM(('Export (QBO)'!$G$2:$G$6969>=Budget!AB$1)*('Export (QBO)'!$G$2:$G$6969<=((EOMONTH(Budget!AB$1,0))))*('Export (QBO)'!$J$2:$J$6969=$A9)*('Export (QBO)'!$I$2:$I$6969)) )} -> 0 | AC9: =SUM(Q9:AB9) -> 40730.52 | AE9: =20%*AC33 -> -61190.252 | AG9: =IFERROR((AC9/AE9),"-") -> -0.6656374
A10: Margin - Subcontractor | B10: =IFERROR((VLOOKUP(A10,'GL Review'!E:G,3,FALSE)),"") -> 42020 | D10: {=( SUM(('Export (QBO)'!$G$2:$G$2483>=Budget!D$1)*('Export (QBO)'!$G$2:$G$2483<=((EOMONTH(Budget!D$1,0))))*('Export (QBO)'!$J$2:$J$2483=$A10)*('Export (QBO)'!$I$2:$I$2483)) )} -> 0 | E10: {=( SUM(('Export (QBO)'!$G$2:$G$2483>=Budget!E$1)*('Export (QBO)'!$G$2:$G$2483<=((EOMONTH(Budget!E$1,0))))*('Export (QBO)'!$J$2:$J$2483=$A10)*('Export (QBO)'!$I$2:$I$2483)) )} -> 0 | F10: {=( SUM(('Export (QBO)'!$G$2:$G$2483>=Budget!F$1)*('Export (QBO)'!$G$2:$G$2483<=((EOMONTH(Budget!F$1,0))))*('Export (QBO)'!$J$2:$J$2483=$A10)*('Export (QBO)'!$I$2:$I$2483)) )} -> 0 | G10: {=( SUM(('Export (QBO)'!$G$2:$G$2483>=Budget!G$1)*('Export (QBO)'!$G$2:$G$2483<=((EOMONTH(Budget!G$1,0))))*('Export (QBO)'!$J$2:$J$2483=$A10)*('Export (QBO)'!$I$2:$I$2483)) )} -> 0 | H10: {=( SUM(('Export (QBO)'!$G$2:$G$2483>=Budget!H$1)*('Export (QBO)'!$G$2:$G$2483<=((EOMONTH(Budget!H$1,0))))*('Export (QBO)'!$J$2:$J$2483=$A10)*('Export (QBO)'!$I$2:$I$2483)) )} -> 0 | I10: {=( SUM(('Export (QBO)'!$G$2:$G$2483>=Budget!I$1)*('Export (QBO)'!$G$2:$G$2483<=((EOMONTH(Budget!I$1,0))))*('Export (QBO)'!$J$2:$J$2483=$A10)*('Export (QBO)'!$I$2:$I$2483)) )} -> 0 | J10: {=( SUM(('Export (QBO)'!$G$2:$G$2483>=Budget!J$1)*('Export (QBO)'!$G$2:$G$2483<=((EOMONTH(Budget!J$1,0))))*('Export (QBO)'!$J$2:$J$2483=$A10)*('Export (QBO)'!$I$2:$I$2483)) )} -> 0 | K10: {=( SUM(('Export (QBO)'!$G$2:$G$2483>=Budget!K$1)*('Export (QBO)'!$G$2:$G$2483<=((EOMONTH(Budget!K$1,0))))*('Export (QBO)'!$J$2:$J$2483=$A10)*('Export (QBO)'!$I$2:$I$2483)) )} -> 0 | ... O10: {=( SUM(('Export (QBO)'!$G$2:$G$2483>=Budget!O$1)*('Export (QBO)'!$G$2:$G$2483<=((EOMONTH(Budget!O$1,0))))*('Export (QBO)'!$J$2:$J$2483=$A10)*('Export (QBO)'!$I$2:$I$2483)) )} -> 0 | P10: =SUM(D10:O10) -> 0 | Q10: {=( SUM(('Export (QBO)'!$G$2:$G$6969>=Budget!Q$1)*('Export (QBO)'!$G$2:$G$6969<=((EOMONTH(Budget!Q$1,0))))*('Export (QBO)'!$J$2:$J$6969=$A10)*('Export (QBO)'!$I$2:$I$6969)) )} -> 1628.54 | R10: {=( SUM(('Export (QBO)'!$G$2:$G$6969>=Budget!R$1)*('Export (QBO)'!$G$2:$G$6969<=((EOMONTH(Budget!R$1,0))))*('Export (QBO)'!$J$2:$J$6969=$A10)*('Export (QBO)'!$I$2:$I$6969)) )} -> 35899.78 | S10: {=( SUM(('Export (QBO)'!$G$2:$G$6969>=Budget!S$1)*('Export (QBO)'!$G$2:$G$6969<=((EOMONTH(Budget!S$1,0))))*('Export (QBO)'!$J$2:$J$6969=$A10)*('Export (QBO)'!$I$2:$I$6969)) )} -> 3621.82 | T10: {=( SUM(('Export (QBO)'!$G$2:$G$6969>=Budget!T$1)*('Export (QBO)'!$G$2:$G$6969<=((EOMONTH(Budget!T$1,0))))*('Export (QBO)'!$J$2:$J$6969=$A10)*('Export (QBO)'!$I$2:$I$6969)) )} -> 10195.04 | U10: {=( SUM(('Export (QBO)'!$G$2:$G$6969>=Budget!U$1)*('Export (QBO)'!$G$2:$G$6969<=((EOMONTH(Budget!U$1,0))))*('Export (QBO)'!$J$2:$J$6969=$A10)*('Export (QBO)'!$I$2:$I$6969)) )} -> 5767.36 | V10: {=( SUM(('Export (QBO)'!$G$2:$G$6969>=Budget!V$1)*('Export (QBO)'!$G$2:$G$6969<=((EOMONTH(Budget!V$1,0))))*('Export (QBO)'!$J$2:$J$6969=$A10)*('Export (QBO)'!$I$2:$I$6969)) )} -> 38217.98 | W10: {=( SUM(('Export (QBO)'!$G$2:$G$6969>=Budget!W$1)*('Export (QBO)'!$G$2:$G$6969<=((EOMONTH(Budget!W$1,0))))*('Export (QBO)'!$J$2:$J$6969=$A10)*('Export (QBO)'!$I$2:$I$6969)) )} -> 22810.39 | X10: {=( SUM(('Export (QBO)'!$G$2:$G$6969>=Budget!X$1)*('Export (QBO)'!$G$2:$G$6969<=((EOMONTH(Budget!X$1,0))))*('Export (QBO)'!$J$2:$J$6969=$A10)*('Export (QBO)'!$I$2:$I$6969)) )} -> 1150.02 | ... AB10: {=( SUM(('Export (QBO)'!$G$2:$G$6969>=Budget!AB$1)*('Export (QBO)'!$G$2:$G$6969<=((EOMONTH(Budget!AB$1,0))))*('Export (QBO)'!$J$2:$J$6969=$A10)*('Export (QBO)'!$I$2:$I$6969)) )} -> 1907.48 | AC10: =SUM(Q10:AB10) -> 202191.24 | AE10: =20%*AC37 -> -259326.68 | AG10: =IFERROR((AC10/AE10),"-") -> -0.77967775
A11: Margin - Labour | B11: 42025 | P11: =SUM(D11:O11) -> 0 | Q11: {=( SUM(('Export (QBO)'!$G$2:$G$6969>=Budget!Q$1)*('Export (QBO)'!$G$2:$G$6969<=((EOMONTH(Budget!Q$1,0))))*('Export (QBO)'!$J$2:$J$6969=$A11)*('Export (QBO)'!$I$2:$I$6969)) )} -> 6461 | R11: {=( SUM(('Export (QBO)'!$G$2:$G$6969>=Budget!R$1)*('Export (QBO)'!$G$2:$G$6969<=((EOMONTH(Budget!R$1,0))))*('Export (QBO)'!$J$2:$J$6969=$A11)*('Export (QBO)'!$I$2:$I$6969)) )} -> 10813 | S11: {=( SUM(('Export (QBO)'!$G$2:$G$6969>=Budget!S$1)*('Export (QBO)'!$G$2:$G$6969<=((EOMONTH(Budget!S$1,0))))*('Export (QBO)'!$J$2:$J$6969=$A11)*('Export (QBO)'!$I$2:$I$6969)) )} -> 2606.5 | T11: {=( SUM(('Export (QBO)'!$G$2:$G$6969>=Budget!T$1)*('Export (QBO)'!$G$2:$G$6969<=((EOMONTH(Budget!T$1,0))))*('Export (QBO)'!$J$2:$J$6969=$A11)*('Export (QBO)'!$I$2:$I$6969)) )} -> 7862.01 | U11: {=( SUM(('Export (QBO)'!$G$2:$G$6969>=Budget!U$1)*('Export (QBO)'!$G$2:$G$6969<=((EOMONTH(Budget!U$1,0))))*('Export (QBO)'!$J$2:$J$6969=$A11)*('Export (QBO)'!$I$2:$I$6969)) )} -> 3879 | V11: {=( SUM(('Export (QBO)'!$G$2:$G$6969>=Budget!V$1)*('Export (QBO)'!$G$2:$G$6969<=((EOMONTH(Budget!V$1,0))))*('Export (QBO)'!$J$2:$J$6969=$A11)*('Export (QBO)'!$I$2:$I$6969)) )} -> 7478.5 | W11: {=( SUM(('Export (QBO)'!$G$2:$G$6969>=Budget!W$1)*('Export (QBO)'!$G$2:$G$6969<=((EOMONTH(Budget!W$1,0))))*('Export (QBO)'!$J$2:$J$6969=$A11)*('Export (QBO)'!$I$2:$I$6969)) )} -> 787.5 | X11: {=( SUM(('Export (QBO)'!$G$2:$G$6969>=Budget!X$1)*('Export (QBO)'!$G$2:$G$6969<=((EOMONTH(Budget!X$1,0))))*('Export (QBO)'!$J$2:$J$6969=$A11)*('Export (QBO)'!$I$2:$I$6969)) )} -> 165 | ... AB11: {=( SUM(('Export (QBO)'!$G$2:$G$6969>=Budget!AB$1)*('Export (QBO)'!$G$2:$G$6969<=((EOMONTH(Budget!AB$1,0))))*('Export (QBO)'!$J$2:$J$6969=$A11)*('Export (QBO)'!$I$2:$I$6969)) )} -> 0 | AC11: =SUM(Q11:AB11) -> 40052.51 | AE11: =20%*AC7 -> 36337.5 | AG11: =IFERROR((AC11/AE11),"-") -> 1.1022363
A12: Margin - Rental | B12: 42030 | P12: =SUM(D12:O12) -> 0 | Q12: {=( SUM(('Export (QBO)'!$G$2:$G$6969>=Budget!Q$1)*('Export (QBO)'!$G$2:$G$6969<=((EOMONTH(Budget!Q$1,0))))*('Export (QBO)'!$J$2:$J$6969=$A12)*('Export (QBO)'!$I$2:$I$6969)) )} -> 397.2 | R12: {=( SUM(('Export (QBO)'!$G$2:$G$6969>=Budget!R$1)*('Export (QBO)'!$G$2:$G$6969<=((EOMONTH(Budget!R$1,0))))*('Export (QBO)'!$J$2:$J$6969=$A12)*('Export (QBO)'!$I$2:$I$6969)) )} -> 1082.2 | S12: {=( SUM(('Export (QBO)'!$G$2:$G$6969>=Budget!S$1)*('Export (QBO)'!$G$2:$G$6969<=((EOMONTH(Budget!S$1,0))))*('Export (QBO)'!$J$2:$J$6969=$A12)*('Export (QBO)'!$I$2:$I$6969)) )} -> 141.6 | T12: {=( SUM(('Export (QBO)'!$G$2:$G$6969>=Budget!T$1)*('Export (QBO)'!$G$2:$G$6969<=((EOMONTH(Budget!T$1,0))))*('Export (QBO)'!$J$2:$J$6969=$A12)*('Export (QBO)'!$I$2:$I$6969)) )} -> 403.2 | U12: {=( SUM(('Export (QBO)'!$G$2:$G$6969>=Budget!U$1)*('Export (QBO)'!$G$2:$G$6969<=((EOMONTH(Budget!U$1,0))))*('Export (QBO)'!$J$2:$J$6969=$A12)*('Export (QBO)'!$I$2:$I$6969)) )} -> 265.8 | V12: {=( SUM(('Export (QBO)'!$G$2:$G$6969>=Budget!V$1)*('Export (QBO)'!$G$2:$G$6969<=((EOMONTH(Budget!V$1,0))))*('Export (QBO)'!$J$2:$J$6969=$A12)*('Export (QBO)'!$I$2:$I$6969)) )} -> 360.8 | W12: {=( SUM(('Export (QBO)'!$G$2:$G$6969>=Budget!W$1)*('Export (QBO)'!$G$2:$G$6969<=((EOMONTH(Budget!W$1,0))))*('Export (QBO)'!$J$2:$J$6969=$A12)*('Export (QBO)'!$I$2:$I$6969)) )} -> 93.2 | X12: {=( SUM(('Export (QBO)'!$G$2:$G$6969>=Budget!X$1)*('Export (QBO)'!$G$2:$G$6969<=((EOMONTH(Budget!X$1,0))))*('Export (QBO)'!$J$2:$J$6969=$A12)*('Export (QBO)'!$I$2:$I$6969)) )} -> 0 | ... AB12: {=( SUM(('Export (QBO)'!$G$2:$G$6969>=Budget!AB$1)*('Export (QBO)'!$G$2:$G$6969<=((EOMONTH(Budget!AB$1,0))))*('Export (QBO)'!$J$2:$J$6969=$A12)*('Export (QBO)'!$I$2:$I$6969)) )} -> 0 | AC12: =SUM(Q12:AB12) -> 2994 | AE12: =20%*AC17 -> 2891.2 | AG12: =IFERROR((AC12/AE12),"-") -> 1.0355562 | AI12: =AC12-AE12 -> 102.8
B13: =IFERROR((VLOOKUP(A13,'GL Review'!E:G,3,FALSE)),"")
A14: Total Contracting Income | B14: =IFERROR((VLOOKUP(A14,'GL Review'!E:G,3,FALSE)),"") | D14: =SUM(D5:D13) -> 0 | E14: =SUM(E5:E13) -> 0 | F14: =SUM(F5:F13) -> 0 | G14: =SUM(G5:G13) -> 0 | H14: =SUM(H5:H13) -> 0 | I14: =SUM(I5:I13) -> 0 | J14: =SUM(J5:J13) -> 0 | K14: =SUM(K5:K13) -> 0 | ... O14: =SUM(O5:O13) -> 0 | P14: =SUM(D14:O14) -> 0 | Q14: =SUM(Q5:Q13) -> 41956.81 | R14: =SUM(R5:R13) -> 108274.63 | S14: =SUM(S5:S13) -> 22928.03 | T14: =SUM(T5:T13) -> 62686.7 | U14: =SUM(U5:U13) -> 34131.5 | V14: =SUM(V5:V13) -> 86968.53 | W14: =SUM(W5:W13) -> 44560.07 | X14: =SUM(X5:X13) -> 22288.54 | ... AB14: =SUM(AB5:AB13) -> 15507.48 | AC14: =SUM(Q14:AB14) -> 574118.76
B15: =IFERROR((VLOOKUP(A15,'GL Review'!E:G,3,FALSE)),"")
A16: Rental Income | B16: =IFERROR((VLOOKUP(A16,'GL Review'!E:G,3,FALSE)),"")
A17: Rental - External | B17: =IFERROR((VLOOKUP(A17,'GL Review'!E:G,3,FALSE)),"") -> 42010 | D17: {=( SUM(('Export (QBO)'!$G$2:$G$2483>=Budget!D$1)*('Export (QBO)'!$G$2:$G$2483<=((EOMONTH(Budget!D$1,0))))*('Export (QBO)'!$J$2:$J$2483=$A17)*('Export (QBO)'!$I$2:$I$2483)) )} -> 0 | E17: {=( SUM(('Export (QBO)'!$G$2:$G$2483>=Budget!E$1)*('Export (QBO)'!$G$2:$G$2483<=((EOMONTH(Budget!E$1,0))))*('Export (QBO)'!$J$2:$J$2483=$A17)*('Export (QBO)'!$I$2:$I$2483)) )} -> 0 | F17: {=( SUM(('Export (QBO)'!$G$2:$G$2483>=Budget!F$1)*('Export (QBO)'!$G$2:$G$2483<=((EOMONTH(Budget!F$1,0))))*('Export (QBO)'!$J$2:$J$2483=$A17)*('Export (QBO)'!$I$2:$I$2483)) )} -> 0 | G17: {=( SUM(('Export (QBO)'!$G$2:$G$2483>=Budget!G$1)*('Export (QBO)'!$G$2:$G$2483<=((EOMONTH(Budget!G$1,0))))*('Export (QBO)'!$J$2:$J$2483=$A17)*('Export (QBO)'!$I$2:$I$2483)) )} -> 0 | H17: {=( SUM(('Export (QBO)'!$G$2:$G$2483>=Budget!H$1)*('Export (QBO)'!$G$2:$G$2483<=((EOMONTH(Budget!H$1,0))))*('Export (QBO)'!$J$2:$J$2483=$A17)*('Export (QBO)'!$I$2:$I$2483)) )} -> 0 | I17: {=( SUM(('Export (QBO)'!$G$2:$G$2483>=Budget!I$1)*('Export (QBO)'!$G$2:$G$2483<=((EOMONTH(Budget!I$1,0))))*('Export (QBO)'!$J$2:$J$2483=$A17)*('Export (QBO)'!$I$2:$I$2483)) )} -> 0 | J17: {=( SUM(('Export (QBO)'!$G$2:$G$2483>=Budget!J$1)*('Export (QBO)'!$G$2:$G$2483<=((EOMONTH(Budget!J$1,0))))*('Export (QBO)'!$J$2:$J$2483=$A17)*('Export (QBO)'!$I$2:$I$2483)) )} -> 0 | K17: {=( SUM(('Export (QBO)'!$G$2:$G$2483>=Budget!K$1)*('Export (QBO)'!$G$2:$G$2483<=((EOMONTH(Budget!K$1,0))))*('Export (QBO)'!$J$2:$J$2483=$A17)*('Export (QBO)'!$I$2:$I$2483)) )} -> 0 | ... O17: {=( SUM(('Export (QBO)'!$G$2:$G$2483>=Budget!O$1)*('Export (QBO)'!$G$2:$G$2483<=((EOMONTH(Budget!O$1,0))))*('Export (QBO)'!$J$2:$J$2483=$A17)*('Export (QBO)'!$I$2:$I$2483)) )} -> 0 | P17: =SUM(D17:O17) -> 0 | Q17: {=( SUM(('Export (QBO)'!$G$2:$G$6969>=Budget!Q$1)*('Export (QBO)'!$G$2:$G$6969<=((EOMONTH(Budget!Q$1,0))))*('Export (QBO)'!$J$2:$J$6969=$A17)*('Export (QBO)'!$I$2:$I$6969)) )} -> 1986 | R17: {=( SUM(('Export (QBO)'!$G$2:$G$6969>=Budget!R$1)*('Export (QBO)'!$G$2:$G$6969<=((EOMONTH(Budget!R$1,0))))*('Export (QBO)'!$J$2:$J$6969=$A17)*('Export (QBO)'!$I$2:$I$6969)) )} -> 2501 | S17: {=( SUM(('Export (QBO)'!$G$2:$G$6969>=Budget!S$1)*('Export (QBO)'!$G$2:$G$6969<=((EOMONTH(Budget!S$1,0))))*('Export (QBO)'!$J$2:$J$6969=$A17)*('Export (QBO)'!$I$2:$I$6969)) )} -> 708 | T17: {=( SUM(('Export (QBO)'!$G$2:$G$6969>=Budget!T$1)*('Export (QBO)'!$G$2:$G$6969<=((EOMONTH(Budget!T$1,0))))*('Export (QBO)'!$J$2:$J$6969=$A17)*('Export (QBO)'!$I$2:$I$6969)) )} -> 2016 | U17: {=( SUM(('Export (QBO)'!$G$2:$G$6969>=Budget!U$1)*('Export (QBO)'!$G$2:$G$6969<=((EOMONTH(Budget!U$1,0))))*('Export (QBO)'!$J$2:$J$6969=$A17)*('Export (QBO)'!$I$2:$I$6969)) )} -> 1329 | V17: {=( SUM(('Export (QBO)'!$G$2:$G$6969>=Budget!V$1)*('Export (QBO)'!$G$2:$G$6969<=((EOMONTH(Budget!V$1,0))))*('Export (QBO)'!$J$2:$J$6969=$A17)*('Export (QBO)'!$I$2:$I$6969)) )} -> 1804 | W17: {=( SUM(('Export (QBO)'!$G$2:$G$6969>=Budget!W$1)*('Export (QBO)'!$G$2:$G$6969<=((EOMONTH(Budget!W$1,0))))*('Export (QBO)'!$J$2:$J$6969=$A17)*('Export (QBO)'!$I$2:$I$6969)) )} -> 466 | X17: {=( SUM(('Export (QBO)'!$G$2:$G$6969>=Budget!X$1)*('Export (QBO)'!$G$2:$G$6969<=((EOMONTH(Budget!X$1,0))))*('Export (QBO)'!$J$2:$J$6969=$A17)*('Export (QBO)'!$I$2:$I$6969)) )} -> 0 | ... AB17: {=( SUM(('Export (QBO)'!$G$2:$G$6969>=Budget!AB$1)*('Export (QBO)'!$G$2:$G$6969<=((EOMONTH(Budget!AB$1,0))))*('Export (QBO)'!$J$2:$J$6969=$A17)*('Export (QBO)'!$I$2:$I$6969)) )} -> 1000 | AC17: =SUM(Q17:AB17) -> 14456 | AE17: =1500*12 -> 18000 | AG17: =IFERROR((AC17/AE17),"-") -> 0.80311111
B18: =IFERROR((VLOOKUP(A18,'GL Review'!E:G,3,FALSE)),"")
A19: Total Rental Income | B19: =IFERROR((VLOOKUP(A19,'GL Review'!E:G,3,FALSE)),"") | D19: =SUM(D16:D18) -> 0 | E19: =SUM(E16:E18) -> 0 | F19: =SUM(F16:F18) -> 0 | G19: =SUM(G16:G18) -> 0 | H19: =SUM(H16:H18) -> 0 | I19: =SUM(I16:I18) -> 0 | J19: =SUM(J16:J18) -> 0 | K19: =SUM(K16:K18) -> 0 | ... O19: =SUM(O16:O18) -> 0 | P19: =SUM(D19:O19) -> 0 | Q19: =SUM(Q16:Q18) -> 1986 | R19: =SUM(R16:R18) -> 2501 | S19: =SUM(S16:S18) -> 708 | T19: =SUM(T16:T18) -> 2016 | U19: =SUM(U16:U18) -> 1329 | V19: =SUM(V16:V18) -> 1804 | W19: =SUM(W16:W18) -> 466 | X19: =SUM(X16:X18) -> 0 | ... AB19: =SUM(AB16:AB18) -> 1000 | AC19: =SUM(Q19:AB19) -> 14456
B20: =IFERROR((VLOOKUP(A20,'GL Review'!E:G,3,FALSE)),"")
B21: =IFERROR((VLOOKUP(A21,'GL Review'!E:G,3,FALSE)),"")
A22: Other Income | B22: =IFERROR((VLOOKUP(A22,'GL Review'!E:G,3,FALSE)),"")
A23: Income - Interest | B23: =IFERROR((VLOOKUP(A23,'GL Review'!E:G,3,FALSE)),"") -> 49005 | D23: {=( SUM(('Export (QBO)'!$G$2:$G$2483>=Budget!D$1)*('Export (QBO)'!$G$2:$G$2483<=((EOMONTH(Budget!D$1,0))))*('Export (QBO)'!$J$2:$J$2483=$A23)*('Export (QBO)'!$I$2:$I$2483)) )} -> 0 | E23: {=( SUM(('Export (QBO)'!$G$2:$G$2483>=Budget!E$1)*('Export (QBO)'!$G$2:$G$2483<=((EOMONTH(Budget!E$1,0))))*('Export (QBO)'!$J$2:$J$2483=$A23)*('Export (QBO)'!$I$2:$I$2483)) )} -> 0 | F23: {=( SUM(('Export (QBO)'!$G$2:$G$2483>=Budget!F$1)*('Export (QBO)'!$G$2:$G$2483<=((EOMONTH(Budget!F$1,0))))*('Export (QBO)'!$J$2:$J$2483=$A23)*('Export (QBO)'!$I$2:$I$2483)) )} -> 0 | G23: {=( SUM(('Export (QBO)'!$G$2:$G$2483>=Budget!G$1)*('Export (QBO)'!$G$2:$G$2483<=((EOMONTH(Budget!G$1,0))))*('Export (QBO)'!$J$2:$J$2483=$A23)*('Export (QBO)'!$I$2:$I$2483)) )} -> 0 | H23: {=( SUM(('Export (QBO)'!$G$2:$G$2483>=Budget!H$1)*('Export (QBO)'!$G$2:$G$2483<=((EOMONTH(Budget!H$1,0))))*('Export (QBO)'!$J$2:$J$2483=$A23)*('Export (QBO)'!$I$2:$I$2483)) )} -> 0 | I23: {=( SUM(('Export (QBO)'!$G$2:$G$2483>=Budget!I$1)*('Export (QBO)'!$G$2:$G$2483<=((EOMONTH(Budget!I$1,0))))*('Export (QBO)'!$J$2:$J$2483=$A23)*('Export (QBO)'!$I$2:$I$2483)) )} -> 0 | J23: {=( SUM(('Export (QBO)'!$G$2:$G$2483>=Budget!J$1)*('Export (QBO)'!$G$2:$G$2483<=((EOMONTH(Budget!J$1,0))))*('Export (QBO)'!$J$2:$J$2483=$A23)*('Export (QBO)'!$I$2:$I$2483)) )} -> 0 | K23: {=( SUM(('Export (QBO)'!$G$2:$G$2483>=Budget!K$1)*('Export (QBO)'!$G$2:$G$2483<=((EOMONTH(Budget!K$1,0))))*('Export (QBO)'!$J$2:$J$2483=$A23)*('Export (QBO)'!$I$2:$I$2483)) )} -> 0 | ... O23: {=( SUM(('Export (QBO)'!$G$2:$G$2483>=Budget!O$1)*('Export (QBO)'!$G$2:$G$2483<=((EOMONTH(Budget!O$1,0))))*('Export (QBO)'!$J$2:$J$2483=$A23)*('Export (QBO)'!$I$2:$I$2483)) )} -> 0 | P23: =SUM(D23:O23) -> 0 | Q23: {=( SUM(('Export (QBO)'!$G$2:$G$6969>=Budget!Q$1)*('Export (QBO)'!$G$2:$G$6969<=((EOMONTH(Budget!Q$1,0))))*('Export (QBO)'!$J$2:$J$6969=$A23)*('Export (QBO)'!$I$2:$I$6969)) )} -> 0 | R23: {=( SUM(('Export (QBO)'!$G$2:$G$6969>=Budget!R$1)*('Export (QBO)'!$G$2:$G$6969<=((EOMONTH(Budget!R$1,0))))*('Export (QBO)'!$J$2:$J$6969=$A23)*('Export (QBO)'!$I$2:$I$6969)) )} -> 0 | S23: {=( SUM(('Export (QBO)'!$G$2:$G$6969>=Budget!S$1)*('Export (QBO)'!$G$2:$G$6969<=((EOMONTH(Budget!S$1,0))))*('Export (QBO)'!$J$2:$J$6969=$A23)*('Export (QBO)'!$I$2:$I$6969)) )} -> 0 | T23: {=( SUM(('Export (QBO)'!$G$2:$G$6969>=Budget!T$1)*('Export (QBO)'!$G$2:$G$6969<=((EOMONTH(Budget!T$1,0))))*('Export (QBO)'!$J$2:$J$6969=$A23)*('Export (QBO)'!$I$2:$I$6969)) )} -> 3634.63 | U23: {=( SUM(('Export (QBO)'!$G$2:$G$6969>=Budget!U$1)*('Export (QBO)'!$G$2:$G$6969<=((EOMONTH(Budget!U$1,0))))*('Export (QBO)'!$J$2:$J$6969=$A23)*('Export (QBO)'!$I$2:$I$6969)) )} -> 0 | V23: {=( SUM(('Export (QBO)'!$G$2:$G$6969>=Budget!V$1)*('Export (QBO)'!$G$2:$G$6969<=((EOMONTH(Budget!V$1,0))))*('Export (QBO)'!$J$2:$J$6969=$A23)*('Export (QBO)'!$I$2:$I$6969)) )} -> 0 | W23: {=( SUM(('Export (QBO)'!$G$2:$G$6969>=Budget!W$1)*('Export (QBO)'!$G$2:$G$6969<=((EOMONTH(Budget!W$1,0))))*('Export (QBO)'!$J$2:$J$6969=$A23)*('Export (QBO)'!$I$2:$I$6969)) )} -> 0 | X23: {=( SUM(('Export (QBO)'!$G$2:$G$6969>=Budget!X$1)*('Export (QBO)'!$G$2:$G$6969<=((EOMONTH(Budget!X$1,0))))*('Export (QBO)'!$J$2:$J$6969=$A23)*('Export (QBO)'!$I$2:$I$6969)) )} -> 0 | ... AB23: {=( SUM(('Export (QBO)'!$G$2:$G$6969>=Budget!AB$1)*('Export (QBO)'!$G$2:$G$6969<=((EOMONTH(Budget!AB$1,0))))*('Export (QBO)'!$J$2:$J$6969=$A23)*('Export (QBO)'!$I$2:$I$6969)) )} -> 0 | AC23: =SUM(Q23:AB23) -> 3634.63 | AE23: 500 | AI23: Sweet talk actually paid $500 of intrest in Feb.
A24: Income - Miscellaneous | B24: =IFERROR((VLOOKUP(A24,'GL Review'!E:G,3,FALSE)),"") -> 49015 | D24: {=( SUM(('Export (QBO)'!$G$2:$G$2483>=Budget!D$1)*('Export (QBO)'!$G$2:$G$2483<=((EOMONTH(Budget!D$1,0))))*('Export (QBO)'!$J$2:$J$2483=$A24)*('Export (QBO)'!$I$2:$I$2483)) )} -> 0 | E24: {=( SUM(('Export (QBO)'!$G$2:$G$2483>=Budget!E$1)*('Export (QBO)'!$G$2:$G$2483<=((EOMONTH(Budget!E$1,0))))*('Export (QBO)'!$J$2:$J$2483=$A24)*('Export (QBO)'!$I$2:$I$2483)) )} -> 0 | F24: {=( SUM(('Export (QBO)'!$G$2:$G$2483>=Budget!F$1)*('Export (QBO)'!$G$2:$G$2483<=((EOMONTH(Budget!F$1,0))))*('Export (QBO)'!$J$2:$J$2483=$A24)*('Export (QBO)'!$I$2:$I$2483)) )} -> 0 | G24: {=( SUM(('Export (QBO)'!$G$2:$G$2483>=Budget!G$1)*('Export (QBO)'!$G$2:$G$2483<=((EOMONTH(Budget!G$1,0))))*('Export (QBO)'!$J$2:$J$2483=$A24)*('Export (QBO)'!$I$2:$I$2483)) )} -> 0 | H24: {=( SUM(('Export (QBO)'!$G$2:$G$2483>=Budget!H$1)*('Export (QBO)'!$G$2:$G$2483<=((EOMONTH(Budget!H$1,0))))*('Export (QBO)'!$J$2:$J$2483=$A24)*('Export (QBO)'!$I$2:$I$2483)) )} -> 0 | I24: {=( SUM(('Export (QBO)'!$G$2:$G$2483>=Budget!I$1)*('Export (QBO)'!$G$2:$G$2483<=((EOMONTH(Budget!I$1,0))))*('Export (QBO)'!$J$2:$J$2483=$A24)*('Export (QBO)'!$I$2:$I$2483)) )} -> 0 | J24: {=( SUM(('Export (QBO)'!$G$2:$G$2483>=Budget!J$1)*('Export (QBO)'!$G$2:$G$2483<=((EOMONTH(Budget!J$1,0))))*('Export (QBO)'!$J$2:$J$2483=$A24)*('Export (QBO)'!$I$2:$I$2483)) )} -> 0 | K24: {=( SUM(('Export (QBO)'!$G$2:$G$2483>=Budget!K$1)*('Export (QBO)'!$G$2:$G$2483<=((EOMONTH(Budget!K$1,0))))*('Export (QBO)'!$J$2:$J$2483=$A24)*('Export (QBO)'!$I$2:$I$2483)) )} -> 0 | ... O24: {=( SUM(('Export (QBO)'!$G$2:$G$2483>=Budget!O$1)*('Export (QBO)'!$G$2:$G$2483<=((EOMONTH(Budget!O$1,0))))*('Export (QBO)'!$J$2:$J$2483=$A24)*('Export (QBO)'!$I$2:$I$2483)) )} -> 0 | P24: =SUM(D24:O24) -> 0 | Q24: {=( SUM(('Export (QBO)'!$G$2:$G$6969>=Budget!Q$1)*('Export (QBO)'!$G$2:$G$6969<=((EOMONTH(Budget!Q$1,0))))*('Export (QBO)'!$J$2:$J$6969=$A24)*('Export (QBO)'!$I$2:$I$6969)) )} -> 0 | R24: {=( SUM(('Export (QBO)'!$G$2:$G$6969>=Budget!R$1)*('Export (QBO)'!$G$2:$G$6969<=((EOMONTH(Budget!R$1,0))))*('Export (QBO)'!$J$2:$J$6969=$A24)*('Export (QBO)'!$I$2:$I$6969)) )} -> 0 | S24: {=( SUM(('Export (QBO)'!$G$2:$G$6969>=Budget!S$1)*('Export (QBO)'!$G$2:$G$6969<=((EOMONTH(Budget!S$1,0))))*('Export (QBO)'!$J$2:$J$6969=$A24)*('Export (QBO)'!$I$2:$I$6969)) )} -> 0 | T24: {=( SUM(('Export (QBO)'!$G$2:$G$6969>=Budget!T$1)*('Export (QBO)'!$G$2:$G$6969<=((EOMONTH(Budget!T$1,0))))*('Export (QBO)'!$J$2:$J$6969=$A24)*('Export (QBO)'!$I$2:$I$6969)) )} -> 0 | U24: {=( SUM(('Export (QBO)'!$G$2:$G$6969>=Budget!U$1)*('Export (QBO)'!$G$2:$G$6969<=((EOMONTH(Budget!U$1,0))))*('Export (QBO)'!$J$2:$J$6969=$A24)*('Export (QBO)'!$I$2:$I$6969)) )} -> 0 | V24: {=( SUM(('Export (QBO)'!$G$2:$G$6969>=Budget!V$1)*('Export (QBO)'!$G$2:$G$6969<=((EOMONTH(Budget!V$1,0))))*('Export (QBO)'!$J$2:$J$6969=$A24)*('Export (QBO)'!$I$2:$I$6969)) )} -> 0 | W24: {=( SUM(('Export (QBO)'!$G$2:$G$6969>=Budget!W$1)*('Export (QBO)'!$G$2:$G$6969<=((EOMONTH(Budget!W$1,0))))*('Export (QBO)'!$J$2:$J$6969=$A24)*('Export (QBO)'!$I$2:$I$6969)) )} -> 0 | X24: {=( SUM(('Export (QBO)'!$G$2:$G$6969>=Budget!X$1)*('Export (QBO)'!$G$2:$G$6969<=((EOMONTH(Budget!X$1,0))))*('Export (QBO)'!$J$2:$J$6969=$A24)*('Export (QBO)'!$I$2:$I$6969)) )} -> 0 | ... AB24: {=( SUM(('Export (QBO)'!$G$2:$G$6969>=Budget!AB$1)*('Export (QBO)'!$G$2:$G$6969<=((EOMONTH(Budget!AB$1,0))))*('Export (QBO)'!$J$2:$J$6969=$A24)*('Export (QBO)'!$I$2:$I$6969)) )} -> 0 | AC24: =SUM(Q24:AB24) -> 0
B25: =IFERROR((VLOOKUP(A25,'GL Review'!E:G,3,FALSE)),"")
A26: Total Other Income | B26: =IFERROR((VLOOKUP(A26,'GL Review'!E:G,3,FALSE)),"") | D26: =SUM(D22:D25) -> 0 | E26: =SUM(E22:E25) -> 0 | F26: =SUM(F22:F25) -> 0 | G26: =SUM(G22:G25) -> 0 | H26: =SUM(H22:H25) -> 0 | I26: =SUM(I22:I25) -> 0 | J26: =SUM(J22:J25) -> 0 | K26: =SUM(K22:K25) -> 0 | ... O26: =SUM(O22:O25) -> 0 | P26: =SUM(D26:O26) -> 0 | Q26: =SUM(Q22:Q25) -> 0 | R26: =SUM(R22:R25) -> 0 | S26: =SUM(S22:S25) -> 0 | T26: =SUM(T22:T25) -> 3634.63 | U26: =SUM(U22:U25) -> 0 | V26: =SUM(V22:V25) -> 0 | W26: =SUM(W22:W25) -> 0 | X26: =SUM(X22:X25) -> 0 | ... AB26: =SUM(AB22:AB25) -> 0 | AC26: =SUM(Q26:AB26) -> 3634.63
B27: =IFERROR((VLOOKUP(A27,'GL Review'!E:G,3,FALSE)),"")
A29: Total Revenue | Q29: =Q14+Q19+Q26 -> 43942.81 | R29: =R14+R19+R26 -> 110775.63 | S29: =S14+S19+S26 -> 23636.03 | T29: =T14+T19+T26 -> 68337.33 | U29: =U14+U19+U26 -> 35460.5 | V29: =V14+V19+V26 -> 88772.53 | W29: =W14+W19+W26 -> 45026.07 | X29: =X14+X19+X26 -> 22288.54 | ... AB29: =AB14+AB19+AB26 -> 16507.48 | AC29: =SUM(Q29:AB29) -> 592209.39
A32: Contracting Reimbursement | B32: =IFERROR((VLOOKUP(A32,'GL Review'!E:G,3,FALSE)),"") | AB32: -6883.05
A33: Project Expense - Materials | B33: =IFERROR((VLOOKUP(A33,'GL Review'!E:G,3,FALSE)),"") -> 51335 | D33: {=-( SUM(('Export (QBO)'!$G$2:$G$2483>=Budget!D$1)*('Export (QBO)'!$G$2:$G$2483<=((EOMONTH(Budget!D$1,0))))*('Export (QBO)'!$J$2:$J$2483=$A33)*('Export (QBO)'!$I$2:$I$2483)) )} -> 0 | E33: {=-( SUM(('Export (QBO)'!$G$2:$G$2483>=Budget!E$1)*('Export (QBO)'!$G$2:$G$2483<=((EOMONTH(Budget!E$1,0))))*('Export (QBO)'!$J$2:$J$2483=$A33)*('Export (QBO)'!$I$2:$I$2483)) )} -> 0 | F33: {=-( SUM(('Export (QBO)'!$G$2:$G$2483>=Budget!F$1)*('Export (QBO)'!$G$2:$G$2483<=((EOMONTH(Budget!F$1,0))))*('Export (QBO)'!$J$2:$J$2483=$A33)*('Export (QBO)'!$I$2:$I$2483)) )} -> 0 | G33: {=-( SUM(('Export (QBO)'!$G$2:$G$2483>=Budget!G$1)*('Export (QBO)'!$G$2:$G$2483<=((EOMONTH(Budget!G$1,0))))*('Export (QBO)'!$J$2:$J$2483=$A33)*('Export (QBO)'!$I$2:$I$2483)) )} -> 0 | H33: {=-( SUM(('Export (QBO)'!$G$2:$G$2483>=Budget!H$1)*('Export (QBO)'!$G$2:$G$2483<=((EOMONTH(Budget!H$1,0))))*('Export (QBO)'!$J$2:$J$2483=$A33)*('Export (QBO)'!$I$2:$I$2483)) )} -> 0 | I33: {=-( SUM(('Export (QBO)'!$G$2:$G$2483>=Budget!I$1)*('Export (QBO)'!$G$2:$G$2483<=((EOMONTH(Budget!I$1,0))))*('Export (QBO)'!$J$2:$J$2483=$A33)*('Export (QBO)'!$I$2:$I$2483)) )} -> 0 | J33: {=-( SUM(('Export (QBO)'!$G$2:$G$2483>=Budget!J$1)*('Export (QBO)'!$G$2:$G$2483<=((EOMONTH(Budget!J$1,0))))*('Export (QBO)'!$J$2:$J$2483=$A33)*('Export (QBO)'!$I$2:$I$2483)) )} -> 0 | K33: {=-( SUM(('Export (QBO)'!$G$2:$G$2483>=Budget!K$1)*('Export (QBO)'!$G$2:$G$2483<=((EOMONTH(Budget!K$1,0))))*('Export (QBO)'!$J$2:$J$2483=$A33)*('Export (QBO)'!$I$2:$I$2483)) )} -> 0 | ... O33: {=-( SUM(('Export (QBO)'!$G$2:$G$2483>=Budget!O$1)*('Export (QBO)'!$G$2:$G$2483<=((EOMONTH(Budget!O$1,0))))*('Export (QBO)'!$J$2:$J$2483=$A33)*('Export (QBO)'!$I$2:$I$2483)) )} -> 0 | P33: =SUM(D33:O33) -> 0 | Q33: {=-( SUM(('Export (QBO)'!$G$2:$G$6969>=Budget!Q$1)*('Export (QBO)'!$G$2:$G$6969<=((EOMONTH(Budget!Q$1,0))))*('Export (QBO)'!$J$2:$J$6969=$A33)*('Export (QBO)'!$I$2:$I$6969)) )} -> -10323.12 | R33: {=-( SUM(('Export (QBO)'!$G$2:$G$6969>=Budget!R$1)*('Export (QBO)'!$G$2:$G$6969<=((EOMONTH(Budget!R$1,0))))*('Export (QBO)'!$J$2:$J$6969=$A33)*('Export (QBO)'!$I$2:$I$6969)) )} -> -18633.51 | S33: {=-( SUM(('Export (QBO)'!$G$2:$G$6969>=Budget!S$1)*('Export (QBO)'!$G$2:$G$6969<=((EOMONTH(Budget!S$1,0))))*('Export (QBO)'!$J$2:$J$6969=$A33)*('Export (QBO)'!$I$2:$I$6969)) )} -> -27099.51 | T33: {=-( SUM(('Export (QBO)'!$G$2:$G$6969>=Budget!T$1)*('Export (QBO)'!$G$2:$G$6969<=((EOMONTH(Budget!T$1,0))))*('Export (QBO)'!$J$2:$J$6969=$A33)*('Export (QBO)'!$I$2:$I$6969)) )} -> -36754.82 | U33: {=-( SUM(('Export (QBO)'!$G$2:$G$6969>=Budget!U$1)*('Export (QBO)'!$G$2:$G$6969<=((EOMONTH(Budget!U$1,0))))*('Export (QBO)'!$J$2:$J$6969=$A33)*('Export (QBO)'!$I$2:$I$6969)) )} -> -38463.18 | V33: {=-( SUM(('Export (QBO)'!$G$2:$G$6969>=Budget!V$1)*('Export (QBO)'!$G$2:$G$6969<=((EOMONTH(Budget!V$1,0))))*('Export (QBO)'!$J$2:$J$6969=$A33)*('Export (QBO)'!$I$2:$I$6969)) )} -> -12199.1 | W33: {=-( SUM(('Export (QBO)'!$G$2:$G$6969>=Budget!W$1)*('Export (QBO)'!$G$2:$G$6969<=((EOMONTH(Budget!W$1,0))))*('Export (QBO)'!$J$2:$J$6969=$A33)*('Export (QBO)'!$I$2:$I$6969)) )} -> -176.51 | X33: {=-( SUM(('Export (QBO)'!$G$2:$G$6969>=Budget!X$1)*('Export (QBO)'!$G$2:$G$6969<=((EOMONTH(Budget!X$1,0))))*('Export (QBO)'!$J$2:$J$6969=$A33)*('Export (QBO)'!$I$2:$I$6969)) )} -> -1338.95 | ... AB33: {=-( SUM(('Export (QBO)'!$G$2:$G$6969>=Budget!AB$1)*('Export (QBO)'!$G$2:$G$6969<=((EOMONTH(Budget!AB$1,0))))*('Export (QBO)'!$J$2:$J$6969=$A33)*('Export (QBO)'!$I$2:$I$6969)) )} -> -9830.2 | AC33: =SUM(Q33:AB33) -> -305951.26 | AI33: PAUL PAUL PAUL: Are these from AP or AR?... They need to balance / cancel each other out in QBO some way, and be reported on here… if they both go to the same account it may mess things up. | AJ33: Billed and Invoices should cancel out
A34: Project Expense - Materials Income | B34: 41008 | P34: =SUM(D34:O34) -> 0 | Q34: {=( SUM(('Export (QBO)'!$G$2:$G$6969>=Budget!Q$1)*('Export (QBO)'!$G$2:$G$6969<=((EOMONTH(Budget!Q$1,0))))*('Export (QBO)'!$J$2:$J$6969=$A34)*('Export (QBO)'!$I$2:$I$6969)) )} -> 5825.32 | R34: {=( SUM(('Export (QBO)'!$G$2:$G$6969>=Budget!R$1)*('Export (QBO)'!$G$2:$G$6969<=((EOMONTH(Budget!R$1,0))))*('Export (QBO)'!$J$2:$J$6969=$A34)*('Export (QBO)'!$I$2:$I$6969)) )} -> 17523.3 | S34: {=( SUM(('Export (QBO)'!$G$2:$G$6969>=Budget!S$1)*('Export (QBO)'!$G$2:$G$6969<=((EOMONTH(Budget!S$1,0))))*('Export (QBO)'!$J$2:$J$6969=$A34)*('Export (QBO)'!$I$2:$I$6969)) )} -> 579.72 | T34: {=( SUM(('Export (QBO)'!$G$2:$G$6969>=Budget!T$1)*('Export (QBO)'!$G$2:$G$6969<=((EOMONTH(Budget!T$1,0))))*('Export (QBO)'!$J$2:$J$6969=$A34)*('Export (QBO)'!$I$2:$I$6969)) )} -> 35979.88 | U34: {=( SUM(('Export (QBO)'!$G$2:$G$6969>=Budget!U$1)*('Export (QBO)'!$G$2:$G$6969<=((EOMONTH(Budget!U$1,0))))*('Export (QBO)'!$J$2:$J$6969=$A34)*('Export (QBO)'!$I$2:$I$6969)) )} -> 22391.31 | V34: {=( SUM(('Export (QBO)'!$G$2:$G$6969>=Budget!V$1)*('Export (QBO)'!$G$2:$G$6969<=((EOMONTH(Budget!V$1,0))))*('Export (QBO)'!$J$2:$J$6969=$A34)*('Export (QBO)'!$I$2:$I$6969)) )} -> 15043.75 | W34: {=( SUM(('Export (QBO)'!$G$2:$G$6969>=Budget!W$1)*('Export (QBO)'!$G$2:$G$6969<=((EOMONTH(Budget!W$1,0))))*('Export (QBO)'!$J$2:$J$6969=$A34)*('Export (QBO)'!$I$2:$I$6969)) )} -> 860 | X34: {=( SUM(('Export (QBO)'!$G$2:$G$6969>=Budget!X$1)*('Export (QBO)'!$G$2:$G$6969<=((EOMONTH(Budget!X$1,0))))*('Export (QBO)'!$J$2:$J$6969=$A34)*('Export (QBO)'!$I$2:$I$6969)) )} -> 41142.62 | ... AB34: {=( SUM(('Export (QBO)'!$G$2:$G$6969>=Budget!AB$1)*('Export (QBO)'!$G$2:$G$6969<=((EOMONTH(Budget!AB$1,0))))*('Export (QBO)'!$J$2:$J$6969=$A34)*('Export (QBO)'!$I$2:$I$6969)) )} -> 17441.06 | AC34: =SUM(Q34:AB34) -> 263515.83
P35: =SUM(D35:O35) -> 0 | Q35: =SUM(Q33:Q34) -> -4497.8 | R35: =SUM(R33:R34) -> -1110.21 | S35: =SUM(S33:S34) -> -26519.79 | T35: =SUM(T33:T34) -> -774.94 | U35: =SUM(U33:U34) -> -16071.87 | V35: =SUM(V33:V34) -> 2844.65 | W35: =SUM(W33:W34) -> 683.49 | X35: =SUM(X33:X34) -> 39803.67 | ... AB35: =SUM(AB33:AB34) -> 7610.86 | AC35: =SUM(Q35:AB35) -> -42435.43
AC36: 34882.29 | AE36: Home Office Project
A37: Project Expense - Subcontractors | B37: =IFERROR((VLOOKUP(A37,'GL Review'!E:G,3,FALSE)),"") -> 51320 | D37: {=-( SUM(('Export (QBO)'!$G$2:$G$2483>=Budget!D$1)*('Export (QBO)'!$G$2:$G$2483<=((EOMONTH(Budget!D$1,0))))*('Export (QBO)'!$J$2:$J$2483=$A37)*('Export (QBO)'!$I$2:$I$2483)) )} -> 0 | E37: {=-( SUM(('Export (QBO)'!$G$2:$G$2483>=Budget!E$1)*('Export (QBO)'!$G$2:$G$2483<=((EOMONTH(Budget!E$1,0))))*('Export (QBO)'!$J$2:$J$2483=$A37)*('Export (QBO)'!$I$2:$I$2483)) )} -> 0 | F37: {=-( SUM(('Export (QBO)'!$G$2:$G$2483>=Budget!F$1)*('Export (QBO)'!$G$2:$G$2483<=((EOMONTH(Budget!F$1,0))))*('Export (QBO)'!$J$2:$J$2483=$A37)*('Export (QBO)'!$I$2:$I$2483)) )} -> 0 | G37: {=-( SUM(('Export (QBO)'!$G$2:$G$2483>=Budget!G$1)*('Export (QBO)'!$G$2:$G$2483<=((EOMONTH(Budget!G$1,0))))*('Export (QBO)'!$J$2:$J$2483=$A37)*('Export (QBO)'!$I$2:$I$2483)) )} -> 0 | H37: {=-( SUM(('Export (QBO)'!$G$2:$G$2483>=Budget!H$1)*('Export (QBO)'!$G$2:$G$2483<=((EOMONTH(Budget!H$1,0))))*('Export (QBO)'!$J$2:$J$2483=$A37)*('Export (QBO)'!$I$2:$I$2483)) )} -> 0 | I37: {=-( SUM(('Export (QBO)'!$G$2:$G$2483>=Budget!I$1)*('Export (QBO)'!$G$2:$G$2483<=((EOMONTH(Budget!I$1,0))))*('Export (QBO)'!$J$2:$J$2483=$A37)*('Export (QBO)'!$I$2:$I$2483)) )} -> 0 | J37: {=-( SUM(('Export (QBO)'!$G$2:$G$2483>=Budget!J$1)*('Export (QBO)'!$G$2:$G$2483<=((EOMONTH(Budget!J$1,0))))*('Export (QBO)'!$J$2:$J$2483=$A37)*('Export (QBO)'!$I$2:$I$2483)) )} -> 0 | K37: {=-( SUM(('Export (QBO)'!$G$2:$G$2483>=Budget!K$1)*('Export (QBO)'!$G$2:$G$2483<=((EOMONTH(Budget!K$1,0))))*('Export (QBO)'!$J$2:$J$2483=$A37)*('Export (QBO)'!$I$2:$I$2483)) )} -> 0 | ... O37: {=-( SUM(('Export (QBO)'!$G$2:$G$2483>=Budget!O$1)*('Export (QBO)'!$G$2:$G$2483<=((EOMONTH(Budget!O$1,0))))*('Export (QBO)'!$J$2:$J$2483=$A37)*('Export (QBO)'!$I$2:$I$2483)) )} -> 0 | P37: =SUM(D37:O37) -> 0 | Q37: {=-( SUM(('Export (QBO)'!$G$2:$G$6969>=Budget!Q$1)*('Export (QBO)'!$G$2:$G$6969<=((EOMONTH(Budget!Q$1,0))))*('Export (QBO)'!$J$2:$J$6969=$A37)*('Export (QBO)'!$I$2:$I$6969)) )} -> -101737.8 | R37: {=-( SUM(('Export (QBO)'!$G$2:$G$6969>=Budget!R$1)*('Export (QBO)'!$G$2:$G$6969<=((EOMONTH(Budget!R$1,0))))*('Export (QBO)'!$J$2:$J$6969=$A37)*('Export (QBO)'!$I$2:$I$6969)) )} -> -136899.4 | S37: {=-( SUM(('Export (QBO)'!$G$2:$G$6969>=Budget!S$1)*('Export (QBO)'!$G$2:$G$6969<=((EOMONTH(Budget!S$1,0))))*('Export (QBO)'!$J$2:$J$6969=$A37)*('Export (QBO)'!$I$2:$I$6969)) )} -> -74534.59 | T37: {=-( SUM(('Export (QBO)'!$G$2:$G$6969>=Budget!T$1)*('Export (QBO)'!$G$2:$G$6969<=((EOMONTH(Budget!T$1,0))))*('Export (QBO)'!$J$2:$J$6969=$A37)*('Export (QBO)'!$I$2:$I$6969)) )} -> -56122.36 | U37: {=-( SUM(('Export (QBO)'!$G$2:$G$6969>=Budget!U$1)*('Export (QBO)'!$G$2:$G$6969<=((EOMONTH(Budget!U$1,0))))*('Export (QBO)'!$J$2:$J$6969=$A37)*('Export (QBO)'!$I$2:$I$6969)) )} -> -46086.93 | V37: {=-( SUM(('Export (QBO)'!$G$2:$G$6969>=Budget!V$1)*('Export (QBO)'!$G$2:$G$6969<=((EOMONTH(Budget!V$1,0))))*('Export (QBO)'!$J$2:$J$6969=$A37)*('Export (QBO)'!$I$2:$I$6969)) )} -> -118644.39 | W37: {=-( SUM(('Export (QBO)'!$G$2:$G$6969>=Budget!W$1)*('Export (QBO)'!$G$2:$G$6969<=((EOMONTH(Budget!W$1,0))))*('Export (QBO)'!$J$2:$J$6969=$A37)*('Export (QBO)'!$I$2:$I$6969)) )} -> -113835.95 | X37: {=-( SUM(('Export (QBO)'!$G$2:$G$6969>=Budget!X$1)*('Export (QBO)'!$G$2:$G$6969<=((EOMONTH(Budget!X$1,0))))*('Export (QBO)'!$J$2:$J$6969=$A37)*('Export (QBO)'!$I$2:$I$6969)) )} -> -12184.95 | ... AB37: {=-( SUM(('Export (QBO)'!$G$2:$G$6969>=Budget!AB$1)*('Export (QBO)'!$G$2:$G$6969<=((EOMONTH(Budget!AB$1,0))))*('Export (QBO)'!$J$2:$J$6969=$A37)*('Export (QBO)'!$I$2:$I$6969)) )} -> -190856.3 | AC37: =SUM(Q37:AB37) -> -1296633.4 | AI37: PAUL PAUL PAUL: Are these from AP or AR?... They need to balance / cancel each other out in QBO some way, and be reported on here… if they both go to the same account it may mess things up.
A38: Project Expense - Subcontractors Income | B38: 41009 | P38: =SUM(D38:O38) -> 0 | Q38: {=( SUM(('Export (QBO)'!$G$2:$G$6969>=Budget!Q$1)*('Export (QBO)'!$G$2:$G$6969<=((EOMONTH(Budget!Q$1,0))))*('Export (QBO)'!$J$2:$J$6969=$A38)*('Export (QBO)'!$I$2:$I$6969)) )} -> 8142.7 | R38: {=( SUM(('Export (QBO)'!$G$2:$G$6969>=Budget!R$1)*('Export (QBO)'!$G$2:$G$6969<=((EOMONTH(Budget!R$1,0))))*('Export (QBO)'!$J$2:$J$6969=$A38)*('Export (QBO)'!$I$2:$I$6969)) )} -> 179498.9 | S38: {=( SUM(('Export (QBO)'!$G$2:$G$6969>=Budget!S$1)*('Export (QBO)'!$G$2:$G$6969<=((EOMONTH(Budget!S$1,0))))*('Export (QBO)'!$J$2:$J$6969=$A38)*('Export (QBO)'!$I$2:$I$6969)) )} -> 29639.77 | T38: {=( SUM(('Export (QBO)'!$G$2:$G$6969>=Budget!T$1)*('Export (QBO)'!$G$2:$G$6969<=((EOMONTH(Budget!T$1,0))))*('Export (QBO)'!$J$2:$J$6969=$A38)*('Export (QBO)'!$I$2:$I$6969)) )} -> 49486.71 | U38: {=( SUM(('Export (QBO)'!$G$2:$G$6969>=Budget!U$1)*('Export (QBO)'!$G$2:$G$6969<=((EOMONTH(Budget!U$1,0))))*('Export (QBO)'!$J$2:$J$6969=$A38)*('Export (QBO)'!$I$2:$I$6969)) )} -> 28836.83 | V38: {=( SUM(('Export (QBO)'!$G$2:$G$6969>=Budget!V$1)*('Export (QBO)'!$G$2:$G$6969<=((EOMONTH(Budget!V$1,0))))*('Export (QBO)'!$J$2:$J$6969=$A38)*('Export (QBO)'!$I$2:$I$6969)) )} -> 191090.05 | W38: {=( SUM(('Export (QBO)'!$G$2:$G$6969>=Budget!W$1)*('Export (QBO)'!$G$2:$G$6969<=((EOMONTH(Budget!W$1,0))))*('Export (QBO)'!$J$2:$J$6969=$A38)*('Export (QBO)'!$I$2:$I$6969)) )} -> 111252.05 | X38: {=( SUM(('Export (QBO)'!$G$2:$G$6969>=Budget!X$1)*('Export (QBO)'!$G$2:$G$6969<=((EOMONTH(Budget!X$1,0))))*('Export (QBO)'!$J$2:$J$6969=$A38)*('Export (QBO)'!$I$2:$I$6969)) )} -> 5750.1 | ... AB38: {=( SUM(('Export (QBO)'!$G$2:$G$6969>=Budget!AB$1)*('Export (QBO)'!$G$2:$G$6969<=((EOMONTH(Budget!AB$1,0))))*('Export (QBO)'!$J$2:$J$6969=$A38)*('Export (QBO)'!$I$2:$I$6969)) )} -> 58922.36 | AC38: =SUM(Q38:AB38) -> 1199831.6
P39: =SUM(D39:O39) -> 0 | Q39: =SUM(Q37:Q38) -> -93595.1 | R39: =SUM(R37:R38) -> 42599.5 | S39: =SUM(S37:S38) -> -44894.82 | T39: =SUM(T37:T38) -> -6635.65 | U39: =SUM(U37:U38) -> -17250.1 | V39: =SUM(V37:V38) -> 72445.66 | W39: =SUM(W37:W38) -> -2583.9 | X39: =SUM(X37:X38) -> -6434.85 | ... AB39: =SUM(AB37:AB38) -> -131933.94 | AC39: =SUM(Q39:AB39) -> -96801.75
AC40: 51908.07 | AE40: Home Office Project | AG40: 15000
A41: Project Expense - Other | B41: =IFERROR((VLOOKUP(A41,'GL Review'!E:G,3,FALSE)),"") -> 51315 | P41: =SUM(D41:O41) -> 0 | Q41: {=( SUM(('Export (QBO)'!$G$2:$G$6969>=Budget!Q$1)*('Export (QBO)'!$G$2:$G$6969<=((EOMONTH(Budget!Q$1,0))))*('Export (QBO)'!$J$2:$J$6969=$A41)*('Export (QBO)'!$I$2:$I$6969)) )} -> 0 | R41: {=( SUM(('Export (QBO)'!$G$2:$G$6969>=Budget!R$1)*('Export (QBO)'!$G$2:$G$6969<=((EOMONTH(Budget!R$1,0))))*('Export (QBO)'!$J$2:$J$6969=$A41)*('Export (QBO)'!$I$2:$I$6969)) )} -> 0 | S41: {=( SUM(('Export (QBO)'!$G$2:$G$6969>=Budget!S$1)*('Export (QBO)'!$G$2:$G$6969<=((EOMONTH(Budget!S$1,0))))*('Export (QBO)'!$J$2:$J$6969=$A41)*('Export (QBO)'!$I$2:$I$6969)) )} -> 0 | T41: {=( SUM(('Export (QBO)'!$G$2:$G$6969>=Budget!T$1)*('Export (QBO)'!$G$2:$G$6969<=((EOMONTH(Budget!T$1,0))))*('Export (QBO)'!$J$2:$J$6969=$A41)*('Export (QBO)'!$I$2:$I$6969)) )} -> 0 | U41: {=( SUM(('Export (QBO)'!$G$2:$G$6969>=Budget!U$1)*('Export (QBO)'!$G$2:$G$6969<=((EOMONTH(Budget!U$1,0))))*('Export (QBO)'!$J$2:$J$6969=$A41)*('Export (QBO)'!$I$2:$I$6969)) )} -> 0 | V41: {=( SUM(('Export (QBO)'!$G$2:$G$6969>=Budget!V$1)*('Export (QBO)'!$G$2:$G$6969<=((EOMONTH(Budget!V$1,0))))*('Export (QBO)'!$J$2:$J$6969=$A41)*('Export (QBO)'!$I$2:$I$6969)) )} -> 0 | W41: {=( SUM(('Export (QBO)'!$G$2:$G$6969>=Budget!W$1)*('Export (QBO)'!$G$2:$G$6969<=((EOMONTH(Budget!W$1,0))))*('Export (QBO)'!$J$2:$J$6969=$A41)*('Export (QBO)'!$I$2:$I$6969)) )} -> 2750.94 | X41: {=( SUM(('Export (QBO)'!$G$2:$G$6969>=Budget!X$1)*('Export (QBO)'!$G$2:$G$6969<=((EOMONTH(Budget!X$1,0))))*('Export (QBO)'!$J$2:$J$6969=$A41)*('Export (QBO)'!$I$2:$I$6969)) )} -> 0 | ... AB41: {=( SUM(('Export (QBO)'!$G$2:$G$6969>=Budget!AB$1)*('Export (QBO)'!$G$2:$G$6969<=((EOMONTH(Budget!AB$1,0))))*('Export (QBO)'!$J$2:$J$6969=$A41)*('Export (QBO)'!$I$2:$I$6969)) )} -> 452 | AC41: =SUM(Q41:AB41) -> 3782.44 | AI41: PAUL PAUL PAUL: Are these from AP or AR?... They need to balance / cancel each other out in QBO some way, and be reported on here… if they both go to the same account it may mess things up.
B42: =IFERROR((VLOOKUP(A42,'GL Review'!E:G,3,FALSE)),"") | AC42: -2742.59 | AE42: Home Office Project
A43: Total Contracting Reimbursement | B43: =IFERROR((VLOOKUP(A43,'GL Review'!E:G,3,FALSE)),"") | D43: =SUM(D32:D42) -> 0 | E43: =SUM(E32:E42) -> 0 | F43: =SUM(F32:F42) -> 0 | G43: =SUM(G32:G42) -> 0 | H43: =SUM(H32:H42) -> 0 | I43: =SUM(I32:I42) -> 0 | J43: =SUM(J32:J42) -> 0 | K43: =SUM(K32:K42) -> 0 | ... O43: =SUM(O32:O42) -> 0 | P43: =SUM(D43:O43) -> 0 | Q43: =SUM(Q32:Q42) -> -196185.8 | R43: =R35+R39+R41 -> 41489.29 | S43: =S35+S39+S41 -> -71414.61 | T43: =T35+T39+T41 -> -7410.59 | U43: =U35+U39+U41 -> -33321.97 | V43: =V35+V39+V41 -> 75290.31 | W43: =W35+W39+W41 -> 850.53 | X43: =X35+X39+X41 -> 33368.82 | Y43: =Y35+Y39+Y41 -> 189714.14 | ... AB43: =AB35+AB39+AB41 -> -123871.08 | AC43: =SUM(Q43:AB43) -> -233547.64 | AI43: =AC43*0.17 -> -39703.099
B44: =IFERROR((VLOOKUP(A44,'GL Review'!E:G,3,FALSE)),"")
A46: Total Reimbursement | Q46: =Q43 -> -196185.8 | R46: =R43 -> 41489.29 | S46: =S43 -> -71414.61 | T46: =T43 -> -7410.59 | U46: =U43 -> -33321.97 | V46: =V43 -> 75290.31 | W46: =W43 -> 850.53 | X46: =X43 -> 33368.82 | ... AB46: =AB43 -> -123871.08 | AC46: =SUM(Q46:AB46) -> -233547.64
A48: Rentals Expenses | B48: =IFERROR((VLOOKUP(A48,'GL Review'!E:G,3,FALSE)),"")
A49: Equipment Storage | B49: =IFERROR((VLOOKUP(A49,'GL Review'!E:G,3,FALSE)),"") -> 52200 | D49: {=( SUM(('Export (QBO)'!$G$2:$G$2483>=Budget!D$1)*('Export (QBO)'!$G$2:$G$2483<=((EOMONTH(Budget!D$1,0))))*('Export (QBO)'!$J$2:$J$2483=$A49)*('Export (QBO)'!$I$2:$I$2483)) )} -> 0 | E49: {=( SUM(('Export (QBO)'!$G$2:$G$2483>=Budget!E$1)*('Export (QBO)'!$G$2:$G$2483<=((EOMONTH(Budget!E$1,0))))*('Export (QBO)'!$J$2:$J$2483=$A49)*('Export (QBO)'!$I$2:$I$2483)) )} -> 0 | F49: {=( SUM(('Export (QBO)'!$G$2:$G$2483>=Budget!F$1)*('Export (QBO)'!$G$2:$G$2483<=((EOMONTH(Budget!F$1,0))))*('Export (QBO)'!$J$2:$J$2483=$A49)*('Export (QBO)'!$I$2:$I$2483)) )} -> 0 | G49: {=( SUM(('Export (QBO)'!$G$2:$G$2483>=Budget!G$1)*('Export (QBO)'!$G$2:$G$2483<=((EOMONTH(Budget!G$1,0))))*('Export (QBO)'!$J$2:$J$2483=$A49)*('Export (QBO)'!$I$2:$I$2483)) )} -> 0 | H49: {=( SUM(('Export (QBO)'!$G$2:$G$2483>=Budget!H$1)*('Export (QBO)'!$G$2:$G$2483<=((EOMONTH(Budget!H$1,0))))*('Export (QBO)'!$J$2:$J$2483=$A49)*('Export (QBO)'!$I$2:$I$2483)) )} -> 0 | I49: {=( SUM(('Export (QBO)'!$G$2:$G$2483>=Budget!I$1)*('Export (QBO)'!$G$2:$G$2483<=((EOMONTH(Budget!I$1,0))))*('Export (QBO)'!$J$2:$J$2483=$A49)*('Export (QBO)'!$I$2:$I$2483)) )} -> 0 | J49: {=( SUM(('Export (QBO)'!$G$2:$G$2483>=Budget!J$1)*('Export (QBO)'!$G$2:$G$2483<=((EOMONTH(Budget!J$1,0))))*('Export (QBO)'!$J$2:$J$2483=$A49)*('Export (QBO)'!$I$2:$I$2483)) )} -> 0 | K49: {=( SUM(('Export (QBO)'!$G$2:$G$2483>=Budget!K$1)*('Export (QBO)'!$G$2:$G$2483<=((EOMONTH(Budget!K$1,0))))*('Export (QBO)'!$J$2:$J$2483=$A49)*('Export (QBO)'!$I$2:$I$2483)) )} -> 0 | ... O49: {=( SUM(('Export (QBO)'!$G$2:$G$2483>=Budget!O$1)*('Export (QBO)'!$G$2:$G$2483<=((EOMONTH(Budget!O$1,0))))*('Export (QBO)'!$J$2:$J$2483=$A49)*('Export (QBO)'!$I$2:$I$2483)) )} -> 0 | P49: =SUM(D49:O49) -> 0 | Q49: {=( SUM(('Export (QBO)'!$G$2:$G$6969>=Budget!Q$1)*('Export (QBO)'!$G$2:$G$6969<=((EOMONTH(Budget!Q$1,0))))*('Export (QBO)'!$J$2:$J$6969=$A49)*('Export (QBO)'!$I$2:$I$6969)) )} -> 0 | R49: {=( SUM(('Export (QBO)'!$G$2:$G$6969>=Budget!R$1)*('Export (QBO)'!$G$2:$G$6969<=((EOMONTH(Budget!R$1,0))))*('Export (QBO)'!$J$2:$J$6969=$A49)*('Export (QBO)'!$I$2:$I$6969)) )} -> 0 | S49: {=( SUM(('Export (QBO)'!$G$2:$G$6969>=Budget!S$1)*('Export (QBO)'!$G$2:$G$6969<=((EOMONTH(Budget!S$1,0))))*('Export (QBO)'!$J$2:$J$6969=$A49)*('Export (QBO)'!$I$2:$I$6969)) )} -> 0 | T49: {=( SUM(('Export (QBO)'!$G$2:$G$6969>=Budget!T$1)*('Export (QBO)'!$G$2:$G$6969<=((EOMONTH(Budget!T$1,0))))*('Export (QBO)'!$J$2:$J$6969=$A49)*('Export (QBO)'!$I$2:$I$6969)) )} -> 0 | U49: {=( SUM(('Export (QBO)'!$G$2:$G$6969>=Budget!U$1)*('Export (QBO)'!$G$2:$G$6969<=((EOMONTH(Budget!U$1,0))))*('Export (QBO)'!$J$2:$J$6969=$A49)*('Export (QBO)'!$I$2:$I$6969)) )} -> 0 | V49: {=( SUM(('Export (QBO)'!$G$2:$G$6969>=Budget!V$1)*('Export (QBO)'!$G$2:$G$6969<=((EOMONTH(Budget!V$1,0))))*('Export (QBO)'!$J$2:$J$6969=$A49)*('Export (QBO)'!$I$2:$I$6969)) )} -> 0 | W49: {=( SUM(('Export (QBO)'!$G$2:$G$6969>=Budget!W$1)*('Export (QBO)'!$G$2:$G$6969<=((EOMONTH(Budget!W$1,0))))*('Export (QBO)'!$J$2:$J$6969=$A49)*('Export (QBO)'!$I$2:$I$6969)) )} -> 0 | X49: {=( SUM(('Export (QBO)'!$G$2:$G$6969>=Budget!X$1)*('Export (QBO)'!$G$2:$G$6969<=((EOMONTH(Budget!X$1,0))))*('Export (QBO)'!$J$2:$J$6969=$A49)*('Export (QBO)'!$I$2:$I$6969)) )} -> 0 | ... AB49: {=( SUM(('Export (QBO)'!$G$2:$G$6969>=Budget!AB$1)*('Export (QBO)'!$G$2:$G$6969<=((EOMONTH(Budget!AB$1,0))))*('Export (QBO)'!$J$2:$J$6969=$A49)*('Export (QBO)'!$I$2:$I$6969)) )} -> 0 | AC49: =SUM(Q49:AB49) -> 0
A50: Repairs & Maintenance | B50: =IFERROR((VLOOKUP(A50,'GL Review'!E:G,3,FALSE)),"") -> 52215 | D50: {=( SUM(('Export (QBO)'!$G$2:$G$2483>=Budget!D$1)*('Export (QBO)'!$G$2:$G$2483<=((EOMONTH(Budget!D$1,0))))*('Export (QBO)'!$J$2:$J$2483=$A50)*('Export (QBO)'!$I$2:$I$2483)) )} -> 0 | E50: {=( SUM(('Export (QBO)'!$G$2:$G$2483>=Budget!E$1)*('Export (QBO)'!$G$2:$G$2483<=((EOMONTH(Budget!E$1,0))))*('Export (QBO)'!$J$2:$J$2483=$A50)*('Export (QBO)'!$I$2:$I$2483)) )} -> 0 | F50: {=( SUM(('Export (QBO)'!$G$2:$G$2483>=Budget!F$1)*('Export (QBO)'!$G$2:$G$2483<=((EOMONTH(Budget!F$1,0))))*('Export (QBO)'!$J$2:$J$2483=$A50)*('Export (QBO)'!$I$2:$I$2483)) )} -> 0 | G50: {=( SUM(('Export (QBO)'!$G$2:$G$2483>=Budget!G$1)*('Export (QBO)'!$G$2:$G$2483<=((EOMONTH(Budget!G$1,0))))*('Export (QBO)'!$J$2:$J$2483=$A50)*('Export (QBO)'!$I$2:$I$2483)) )} -> 0 | H50: {=( SUM(('Export (QBO)'!$G$2:$G$2483>=Budget!H$1)*('Export (QBO)'!$G$2:$G$2483<=((EOMONTH(Budget!H$1,0))))*('Export (QBO)'!$J$2:$J$2483=$A50)*('Export (QBO)'!$I$2:$I$2483)) )} -> 0 | I50: {=( SUM(('Export (QBO)'!$G$2:$G$2483>=Budget!I$1)*('Export (QBO)'!$G$2:$G$2483<=((EOMONTH(Budget!I$1,0))))*('Export (QBO)'!$J$2:$J$2483=$A50)*('Export (QBO)'!$I$2:$I$2483)) )} -> 0 | J50: {=( SUM(('Export (QBO)'!$G$2:$G$2483>=Budget!J$1)*('Export (QBO)'!$G$2:$G$2483<=((EOMONTH(Budget!J$1,0))))*('Export (QBO)'!$J$2:$J$2483=$A50)*('Export (QBO)'!$I$2:$I$2483)) )} -> 0 | K50: {=( SUM(('Export (QBO)'!$G$2:$G$2483>=Budget!K$1)*('Export (QBO)'!$G$2:$G$2483<=((EOMONTH(Budget!K$1,0))))*('Export (QBO)'!$J$2:$J$2483=$A50)*('Export (QBO)'!$I$2:$I$2483)) )} -> 0 | ... O50: {=( SUM(('Export (QBO)'!$G$2:$G$2483>=Budget!O$1)*('Export (QBO)'!$G$2:$G$2483<=((EOMONTH(Budget!O$1,0))))*('Export (QBO)'!$J$2:$J$2483=$A50)*('Export (QBO)'!$I$2:$I$2483)) )} -> 0 | P50: =SUM(D50:O50) -> 0 | Q50: {=( SUM(('Export (QBO)'!$G$2:$G$6969>=Budget!Q$1)*('Export (QBO)'!$G$2:$G$6969<=((EOMONTH(Budget!Q$1,0))))*('Export (QBO)'!$J$2:$J$6969=$A50)*('Export (QBO)'!$I$2:$I$6969)) )} -> 0 | R50: {=( SUM(('Export (QBO)'!$G$2:$G$6969>=Budget!R$1)*('Export (QBO)'!$G$2:$G$6969<=((EOMONTH(Budget!R$1,0))))*('Export (QBO)'!$J$2:$J$6969=$A50)*('Export (QBO)'!$I$2:$I$6969)) )} -> 0 | S50: {=( SUM(('Export (QBO)'!$G$2:$G$6969>=Budget!S$1)*('Export (QBO)'!$G$2:$G$6969<=((EOMONTH(Budget!S$1,0))))*('Export (QBO)'!$J$2:$J$6969=$A50)*('Export (QBO)'!$I$2:$I$6969)) )} -> 0 | T50: {=( SUM(('Export (QBO)'!$G$2:$G$6969>=Budget!T$1)*('Export (QBO)'!$G$2:$G$6969<=((EOMONTH(Budget!T$1,0))))*('Export (QBO)'!$J$2:$J$6969=$A50)*('Export (QBO)'!$I$2:$I$6969)) )} -> 1249.91 | U50: {=( SUM(('Export (QBO)'!$G$2:$G$6969>=Budget!U$1)*('Export (QBO)'!$G$2:$G$6969<=((EOMONTH(Budget!U$1,0))))*('Export (QBO)'!$J$2:$J$6969=$A50)*('Export (QBO)'!$I$2:$I$6969)) )} -> 0 | V50: {=( SUM(('Export (QBO)'!$G$2:$G$6969>=Budget!V$1)*('Export (QBO)'!$G$2:$G$6969<=((EOMONTH(Budget!V$1,0))))*('Export (QBO)'!$J$2:$J$6969=$A50)*('Export (QBO)'!$I$2:$I$6969)) )} -> 1204.32 | W50: {=( SUM(('Export (QBO)'!$G$2:$G$6969>=Budget!W$1)*('Export (QBO)'!$G$2:$G$6969<=((EOMONTH(Budget!W$1,0))))*('Export (QBO)'!$J$2:$J$6969=$A50)*('Export (QBO)'!$I$2:$I$6969)) )} -> 553.71 | X50: {=( SUM(('Export (QBO)'!$G$2:$G$6969>=Budget!X$1)*('Export (QBO)'!$G$2:$G$6969<=((EOMONTH(Budget!X$1,0))))*('Export (QBO)'!$J$2:$J$6969=$A50)*('Export (QBO)'!$I$2:$I$6969)) )} -> 26.08 | ... AB50: {=( SUM(('Export (QBO)'!$G$2:$G$6969>=Budget!AB$1)*('Export (QBO)'!$G$2:$G$6969<=((EOMONTH(Budget!AB$1,0))))*('Export (QBO)'!$J$2:$J$6969=$A50)*('Export (QBO)'!$I$2:$I$6969)) )} -> 0 | AC50: =SUM(Q50:AB50) -> 12902.67
A51: Car Payments | B51: =IFERROR((VLOOKUP(A51,'GL Review'!E:G,3,FALSE)),"") | D51: {=( SUM(('Export (QBO)'!$G$2:$G$2483>=Budget!D$1)*('Export (QBO)'!$G$2:$G$2483<=((EOMONTH(Budget!D$1,0))))*('Export (QBO)'!$J$2:$J$2483=$A51)*('Export (QBO)'!$I$2:$I$2483)) )} -> 0 | E51: {=( SUM(('Export (QBO)'!$G$2:$G$2483>=Budget!E$1)*('Export (QBO)'!$G$2:$G$2483<=((EOMONTH(Budget!E$1,0))))*('Export (QBO)'!$J$2:$J$2483=$A51)*('Export (QBO)'!$I$2:$I$2483)) )} -> 0 | F51: {=( SUM(('Export (QBO)'!$G$2:$G$2483>=Budget!F$1)*('Export (QBO)'!$G$2:$G$2483<=((EOMONTH(Budget!F$1,0))))*('Export (QBO)'!$J$2:$J$2483=$A51)*('Export (QBO)'!$I$2:$I$2483)) )} -> 0 | G51: {=( SUM(('Export (QBO)'!$G$2:$G$2483>=Budget!G$1)*('Export (QBO)'!$G$2:$G$2483<=((EOMONTH(Budget!G$1,0))))*('Export (QBO)'!$J$2:$J$2483=$A51)*('Export (QBO)'!$I$2:$I$2483)) )} -> 0 | H51: {=( SUM(('Export (QBO)'!$G$2:$G$2483>=Budget!H$1)*('Export (QBO)'!$G$2:$G$2483<=((EOMONTH(Budget!H$1,0))))*('Export (QBO)'!$J$2:$J$2483=$A51)*('Export (QBO)'!$I$2:$I$2483)) )} -> 0 | I51: {=( SUM(('Export (QBO)'!$G$2:$G$2483>=Budget!I$1)*('Export (QBO)'!$G$2:$G$2483<=((EOMONTH(Budget!I$1,0))))*('Export (QBO)'!$J$2:$J$2483=$A51)*('Export (QBO)'!$I$2:$I$2483)) )} -> 0 | J51: {=( SUM(('Export (QBO)'!$G$2:$G$2483>=Budget!J$1)*('Export (QBO)'!$G$2:$G$2483<=((EOMONTH(Budget!J$1,0))))*('Export (QBO)'!$J$2:$J$2483=$A51)*('Export (QBO)'!$I$2:$I$2483)) )} -> 0 | K51: {=( SUM(('Export (QBO)'!$G$2:$G$2483>=Budget!K$1)*('Export (QBO)'!$G$2:$G$2483<=((EOMONTH(Budget!K$1,0))))*('Export (QBO)'!$J$2:$J$2483=$A51)*('Export (QBO)'!$I$2:$I$2483)) )} -> 0 | ... O51: {=( SUM(('Export (QBO)'!$G$2:$G$2483>=Budget!O$1)*('Export (QBO)'!$G$2:$G$2483<=((EOMONTH(Budget!O$1,0))))*('Export (QBO)'!$J$2:$J$2483=$A51)*('Export (QBO)'!$I$2:$I$2483)) )} -> 0 | P51: =SUM(D51:O51) -> 0 | Q51: {=( SUM(('Export (QBO)'!$G$2:$G$6969>=Budget!Q$1)*('Export (QBO)'!$G$2:$G$6969<=((EOMONTH(Budget!Q$1,0))))*('Export (QBO)'!$J$2:$J$6969=$A51)*('Export (QBO)'!$I$2:$I$6969)) )} -> 0 | R51: {=( SUM(('Export (QBO)'!$G$2:$G$6969>=Budget!R$1)*('Export (QBO)'!$G$2:$G$6969<=((EOMONTH(Budget!R$1,0))))*('Export (QBO)'!$J$2:$J$6969=$A51)*('Export (QBO)'!$I$2:$I$6969)) )} -> 0 | S51: {=( SUM(('Export (QBO)'!$G$2:$G$6969>=Budget!S$1)*('Export (QBO)'!$G$2:$G$6969<=((EOMONTH(Budget!S$1,0))))*('Export (QBO)'!$J$2:$J$6969=$A51)*('Export (QBO)'!$I$2:$I$6969)) )} -> 0 | T51: {=( SUM(('Export (QBO)'!$G$2:$G$6969>=Budget!T$1)*('Export (QBO)'!$G$2:$G$6969<=((EOMONTH(Budget!T$1,0))))*('Export (QBO)'!$J$2:$J$6969=$A51)*('Export (QBO)'!$I$2:$I$6969)) )} -> 0 | U51: {=( SUM(('Export (QBO)'!$G$2:$G$6969>=Budget!U$1)*('Export (QBO)'!$G$2:$G$6969<=((EOMONTH(Budget!U$1,0))))*('Export (QBO)'!$J$2:$J$6969=$A51)*('Export (QBO)'!$I$2:$I$6969)) )} -> 0 | V51: {=( SUM(('Export (QBO)'!$G$2:$G$6969>=Budget!V$1)*('Export (QBO)'!$G$2:$G$6969<=((EOMONTH(Budget!V$1,0))))*('Export (QBO)'!$J$2:$J$6969=$A51)*('Export (QBO)'!$I$2:$I$6969)) )} -> 0 | W51: {=( SUM(('Export (QBO)'!$G$2:$G$6969>=Budget!W$1)*('Export (QBO)'!$G$2:$G$6969<=((EOMONTH(Budget!W$1,0))))*('Export (QBO)'!$J$2:$J$6969=$A51)*('Export (QBO)'!$I$2:$I$6969)) )} -> 0 | X51: {=( SUM(('Export (QBO)'!$G$2:$G$6969>=Budget!X$1)*('Export (QBO)'!$G$2:$G$6969<=((EOMONTH(Budget!X$1,0))))*('Export (QBO)'!$J$2:$J$6969=$A51)*('Export (QBO)'!$I$2:$I$6969)) )} -> 0 | ... AB51: {=( SUM(('Export (QBO)'!$G$2:$G$6969>=Budget!AB$1)*('Export (QBO)'!$G$2:$G$6969<=((EOMONTH(Budget!AB$1,0))))*('Export (QBO)'!$J$2:$J$6969=$A51)*('Export (QBO)'!$I$2:$I$6969)) )} -> 0 | AC51: =SUM(Q51:AB51) -> 0 | AJ51: Scott & Auzzie to Review the receipts for Rentals
A52: Insurance - Vehicles | B52: =IFERROR((VLOOKUP(A52,'GL Review'!E:G,3,FALSE)),"") -> 52185 | D52: {=( SUM(('Export (QBO)'!$G$2:$G$2483>=Budget!D$1)*('Export (QBO)'!$G$2:$G$2483<=((EOMONTH(Budget!D$1,0))))*('Export (QBO)'!$J$2:$J$2483=$A52)*('Export (QBO)'!$I$2:$I$2483)) )} -> 0 | E52: {=( SUM(('Export (QBO)'!$G$2:$G$2483>=Budget!E$1)*('Export (QBO)'!$G$2:$G$2483<=((EOMONTH(Budget!E$1,0))))*('Export (QBO)'!$J$2:$J$2483=$A52)*('Export (QBO)'!$I$2:$I$2483)) )} -> 0 | F52: {=( SUM(('Export (QBO)'!$G$2:$G$2483>=Budget!F$1)*('Export (QBO)'!$G$2:$G$2483<=((EOMONTH(Budget!F$1,0))))*('Export (QBO)'!$J$2:$J$2483=$A52)*('Export (QBO)'!$I$2:$I$2483)) )} -> 0 | G52: {=( SUM(('Export (QBO)'!$G$2:$G$2483>=Budget!G$1)*('Export (QBO)'!$G$2:$G$2483<=((EOMONTH(Budget!G$1,0))))*('Export (QBO)'!$J$2:$J$2483=$A52)*('Export (QBO)'!$I$2:$I$2483)) )} -> 0 | H52: {=( SUM(('Export (QBO)'!$G$2:$G$2483>=Budget!H$1)*('Export (QBO)'!$G$2:$G$2483<=((EOMONTH(Budget!H$1,0))))*('Export (QBO)'!$J$2:$J$2483=$A52)*('Export (QBO)'!$I$2:$I$2483)) )} -> 0 | I52: {=( SUM(('Export (QBO)'!$G$2:$G$2483>=Budget!I$1)*('Export (QBO)'!$G$2:$G$2483<=((EOMONTH(Budget!I$1,0))))*('Export (QBO)'!$J$2:$J$2483=$A52)*('Export (QBO)'!$I$2:$I$2483)) )} -> 0 | J52: {=( SUM(('Export (QBO)'!$G$2:$G$2483>=Budget!J$1)*('Export (QBO)'!$G$2:$G$2483<=((EOMONTH(Budget!J$1,0))))*('Export (QBO)'!$J$2:$J$2483=$A52)*('Export (QBO)'!$I$2:$I$2483)) )} -> 0 | K52: {=( SUM(('Export (QBO)'!$G$2:$G$2483>=Budget!K$1)*('Export (QBO)'!$G$2:$G$2483<=((EOMONTH(Budget!K$1,0))))*('Export (QBO)'!$J$2:$J$2483=$A52)*('Export (QBO)'!$I$2:$I$2483)) )} -> 0 | ... O52: {=( SUM(('Export (QBO)'!$G$2:$G$2483>=Budget!O$1)*('Export (QBO)'!$G$2:$G$2483<=((EOMONTH(Budget!O$1,0))))*('Export (QBO)'!$J$2:$J$2483=$A52)*('Export (QBO)'!$I$2:$I$2483)) )} -> 0 | P52: =SUM(D52:O52) -> 0 | Q52: {=( SUM(('Export (QBO)'!$G$2:$G$6969>=Budget!Q$1)*('Export (QBO)'!$G$2:$G$6969<=((EOMONTH(Budget!Q$1,0))))*('Export (QBO)'!$J$2:$J$6969=$A52)*('Export (QBO)'!$I$2:$I$6969)) )} -> 420.79 | R52: {=( SUM(('Export (QBO)'!$G$2:$G$6969>=Budget!R$1)*('Export (QBO)'!$G$2:$G$6969<=((EOMONTH(Budget!R$1,0))))*('Export (QBO)'!$J$2:$J$6969=$A52)*('Export (QBO)'!$I$2:$I$6969)) )} -> 391.26 | S52: {=( SUM(('Export (QBO)'!$G$2:$G$6969>=Budget!S$1)*('Export (QBO)'!$G$2:$G$6969<=((EOMONTH(Budget!S$1,0))))*('Export (QBO)'!$J$2:$J$6969=$A52)*('Export (QBO)'!$I$2:$I$6969)) )} -> 391.27 | T52: {=( SUM(('Export (QBO)'!$G$2:$G$6969>=Budget!T$1)*('Export (QBO)'!$G$2:$G$6969<=((EOMONTH(Budget!T$1,0))))*('Export (QBO)'!$J$2:$J$6969=$A52)*('Export (QBO)'!$I$2:$I$6969)) )} -> 419.58 | U52: {=( SUM(('Export (QBO)'!$G$2:$G$6969>=Budget!U$1)*('Export (QBO)'!$G$2:$G$6969<=((EOMONTH(Budget!U$1,0))))*('Export (QBO)'!$J$2:$J$6969=$A52)*('Export (QBO)'!$I$2:$I$6969)) )} -> 79.16 | V52: {=( SUM(('Export (QBO)'!$G$2:$G$6969>=Budget!V$1)*('Export (QBO)'!$G$2:$G$6969<=((EOMONTH(Budget!V$1,0))))*('Export (QBO)'!$J$2:$J$6969=$A52)*('Export (QBO)'!$I$2:$I$6969)) )} -> 0 | W52: {=( SUM(('Export (QBO)'!$G$2:$G$6969>=Budget!W$1)*('Export (QBO)'!$G$2:$G$6969<=((EOMONTH(Budget!W$1,0))))*('Export (QBO)'!$J$2:$J$6969=$A52)*('Export (QBO)'!$I$2:$I$6969)) )} -> 0 | X52: {=( SUM(('Export (QBO)'!$G$2:$G$6969>=Budget!X$1)*('Export (QBO)'!$G$2:$G$6969<=((EOMONTH(Budget!X$1,0))))*('Export (QBO)'!$J$2:$J$6969=$A52)*('Export (QBO)'!$I$2:$I$6969)) )} -> 0 | ... AB52: {=( SUM(('Export (QBO)'!$G$2:$G$6969>=Budget!AB$1)*('Export (QBO)'!$G$2:$G$6969<=((EOMONTH(Budget!AB$1,0))))*('Export (QBO)'!$J$2:$J$6969=$A52)*('Export (QBO)'!$I$2:$I$6969)) )} -> 271 | AC52: =SUM(Q52:AB52) -> 1973.06
A53: Lease Payments | B53: =IFERROR((VLOOKUP(A53,'GL Review'!E:G,3,FALSE)),"") | D53: {=( SUM(('Export (QBO)'!$G$2:$G$2483>=Budget!D$1)*('Export (QBO)'!$G$2:$G$2483<=((EOMONTH(Budget!D$1,0))))*('Export (QBO)'!$J$2:$J$2483=$A53)*('Export (QBO)'!$I$2:$I$2483)) )} -> 0 | E53: {=( SUM(('Export (QBO)'!$G$2:$G$2483>=Budget!E$1)*('Export (QBO)'!$G$2:$G$2483<=((EOMONTH(Budget!E$1,0))))*('Export (QBO)'!$J$2:$J$2483=$A53)*('Export (QBO)'!$I$2:$I$2483)) )} -> 0 | F53: {=( SUM(('Export (QBO)'!$G$2:$G$2483>=Budget!F$1)*('Export (QBO)'!$G$2:$G$2483<=((EOMONTH(Budget!F$1,0))))*('Export (QBO)'!$J$2:$J$2483=$A53)*('Export (QBO)'!$I$2:$I$2483)) )} -> 0 | G53: {=( SUM(('Export (QBO)'!$G$2:$G$2483>=Budget!G$1)*('Export (QBO)'!$G$2:$G$2483<=((EOMONTH(Budget!G$1,0))))*('Export (QBO)'!$J$2:$J$2483=$A53)*('Export (QBO)'!$I$2:$I$2483)) )} -> 0 | H53: {=( SUM(('Export (QBO)'!$G$2:$G$2483>=Budget!H$1)*('Export (QBO)'!$G$2:$G$2483<=((EOMONTH(Budget!H$1,0))))*('Export (QBO)'!$J$2:$J$2483=$A53)*('Export (QBO)'!$I$2:$I$2483)) )} -> 0 | I53: {=( SUM(('Export (QBO)'!$G$2:$G$2483>=Budget!I$1)*('Export (QBO)'!$G$2:$G$2483<=((EOMONTH(Budget!I$1,0))))*('Export (QBO)'!$J$2:$J$2483=$A53)*('Export (QBO)'!$I$2:$I$2483)) )} -> 0 | J53: {=( SUM(('Export (QBO)'!$G$2:$G$2483>=Budget!J$1)*('Export (QBO)'!$G$2:$G$2483<=((EOMONTH(Budget!J$1,0))))*('Export (QBO)'!$J$2:$J$2483=$A53)*('Export (QBO)'!$I$2:$I$2483)) )} -> 0 | K53: {=( SUM(('Export (QBO)'!$G$2:$G$2483>=Budget!K$1)*('Export (QBO)'!$G$2:$G$2483<=((EOMONTH(Budget!K$1,0))))*('Export (QBO)'!$J$2:$J$2483=$A53)*('Export (QBO)'!$I$2:$I$2483)) )} -> 0 | ... O53: {=( SUM(('Export (QBO)'!$G$2:$G$2483>=Budget!O$1)*('Export (QBO)'!$G$2:$G$2483<=((EOMONTH(Budget!O$1,0))))*('Export (QBO)'!$J$2:$J$2483=$A53)*('Export (QBO)'!$I$2:$I$2483)) )} -> 0 | P53: =SUM(D53:O53) -> 0 | Q53: {=( SUM(('Export (QBO)'!$G$2:$G$6969>=Budget!Q$1)*('Export (QBO)'!$G$2:$G$6969<=((EOMONTH(Budget!Q$1,0))))*('Export (QBO)'!$J$2:$J$6969=$A53)*('Export (QBO)'!$I$2:$I$6969)) )} -> 0 | R53: {=( SUM(('Export (QBO)'!$G$2:$G$6969>=Budget!R$1)*('Export (QBO)'!$G$2:$G$6969<=((EOMONTH(Budget!R$1,0))))*('Export (QBO)'!$J$2:$J$6969=$A53)*('Export (QBO)'!$I$2:$I$6969)) )} -> 0 | S53: {=( SUM(('Export (QBO)'!$G$2:$G$6969>=Budget!S$1)*('Export (QBO)'!$G$2:$G$6969<=((EOMONTH(Budget!S$1,0))))*('Export (QBO)'!$J$2:$J$6969=$A53)*('Export (QBO)'!$I$2:$I$6969)) )} -> 0 | T53: {=( SUM(('Export (QBO)'!$G$2:$G$6969>=Budget!T$1)*('Export (QBO)'!$G$2:$G$6969<=((EOMONTH(Budget!T$1,0))))*('Export (QBO)'!$J$2:$J$6969=$A53)*('Export (QBO)'!$I$2:$I$6969)) )} -> 0 | U53: {=( SUM(('Export (QBO)'!$G$2:$G$6969>=Budget!U$1)*('Export (QBO)'!$G$2:$G$6969<=((EOMONTH(Budget!U$1,0))))*('Export (QBO)'!$J$2:$J$6969=$A53)*('Export (QBO)'!$I$2:$I$6969)) )} -> 0 | V53: {=( SUM(('Export (QBO)'!$G$2:$G$6969>=Budget!V$1)*('Export (QBO)'!$G$2:$G$6969<=((EOMONTH(Budget!V$1,0))))*('Export (QBO)'!$J$2:$J$6969=$A53)*('Export (QBO)'!$I$2:$I$6969)) )} -> 0 | W53: {=( SUM(('Export (QBO)'!$G$2:$G$6969>=Budget!W$1)*('Export (QBO)'!$G$2:$G$6969<=((EOMONTH(Budget!W$1,0))))*('Export (QBO)'!$J$2:$J$6969=$A53)*('Export (QBO)'!$I$2:$I$6969)) )} -> 0 | X53: {=( SUM(('Export (QBO)'!$G$2:$G$6969>=Budget!X$1)*('Export (QBO)'!$G$2:$G$6969<=((EOMONTH(Budget!X$1,0))))*('Export (QBO)'!$J$2:$J$6969=$A53)*('Export (QBO)'!$I$2:$I$6969)) )} -> 0 | ... AB53: {=( SUM(('Export (QBO)'!$G$2:$G$6969>=Budget!AB$1)*('Export (QBO)'!$G$2:$G$6969<=((EOMONTH(Budget!AB$1,0))))*('Export (QBO)'!$J$2:$J$6969=$A53)*('Export (QBO)'!$I$2:$I$6969)) )} -> 0 | AC53: =SUM(Q53:AB53) -> 0 | AE53: 1200 | AJ53: Scott & Auzzie to Review the receipts for Rentals
B54: =IFERROR((VLOOKUP(A54,'GL Review'!E:G,3,FALSE)),"")
A55: Total Rentals Expenses | B55: =IFERROR((VLOOKUP(A55,'GL Review'!E:G,3,FALSE)),"") | D55: =SUM(D48:D54) -> 0 | E55: =SUM(E48:E54) -> 0 | F55: =SUM(F48:F54) -> 0 | G55: =SUM(G48:G54) -> 0 | H55: =SUM(H48:H54) -> 0 | I55: =SUM(I48:I54) -> 0 | J55: =SUM(J48:J54) -> 0 | K55: =SUM(K48:K54) -> 0 | ... O55: =SUM(O48:O54) -> 0 | P55: =SUM(D55:O55) -> 0 | Q55: =SUM(Q48:Q54) -> 420.79 | R55: =SUM(R48:R54) -> 391.26 | S55: =SUM(S48:S54) -> 391.27 | T55: =SUM(T48:T54) -> 1669.49 | U55: =SUM(U48:U54) -> 79.16 | V55: =SUM(V48:V54) -> 1204.32 | W55: =SUM(W48:W54) -> 553.71 | X55: =SUM(X48:X54) -> 26.08 | ... AB55: =SUM(AB48:AB54) -> 271 | AC55: =SUM(Q55:AB55) -> 14875.73 | AE55: 30000 | AI55: Scott's Butt Number
B57: =IFERROR((VLOOKUP(A57,'GL Review'!E:G,3,FALSE)),"")
A58: Payroll Expense | B58: =IFERROR((VLOOKUP(A58,'GL Review'!E:G,3,FALSE)),"")
A59: Payroll - Salary | B59: =IFERROR((VLOOKUP(A59,'GL Review'!E:G,3,FALSE)),"") -> 52510 | D59: {=( SUM(('Export (QBO)'!$G$2:$G$2483>=Budget!D$1)*('Export (QBO)'!$G$2:$G$2483<=((EOMONTH(Budget!D$1,0))))*('Export (QBO)'!$J$2:$J$2483=$A59)*('Export (QBO)'!$I$2:$I$2483)) )} -> 0 | E59: {=( SUM(('Export (QBO)'!$G$2:$G$2483>=Budget!E$1)*('Export (QBO)'!$G$2:$G$2483<=((EOMONTH(Budget!E$1,0))))*('Export (QBO)'!$J$2:$J$2483=$A59)*('Export (QBO)'!$I$2:$I$2483)) )} -> 0 | F59: {=( SUM(('Export (QBO)'!$G$2:$G$2483>=Budget!F$1)*('Export (QBO)'!$G$2:$G$2483<=((EOMONTH(Budget!F$1,0))))*('Export (QBO)'!$J$2:$J$2483=$A59)*('Export (QBO)'!$I$2:$I$2483)) )} -> 0 | G59: {=( SUM(('Export (QBO)'!$G$2:$G$2483>=Budget!G$1)*('Export (QBO)'!$G$2:$G$2483<=((EOMONTH(Budget!G$1,0))))*('Export (QBO)'!$J$2:$J$2483=$A59)*('Export (QBO)'!$I$2:$I$2483)) )} -> 0 | H59: {=( SUM(('Export (QBO)'!$G$2:$G$2483>=Budget!H$1)*('Export (QBO)'!$G$2:$G$2483<=((EOMONTH(Budget!H$1,0))))*('Export (QBO)'!$J$2:$J$2483=$A59)*('Export (QBO)'!$I$2:$I$2483)) )} -> 0 | I59: {=( SUM(('Export (QBO)'!$G$2:$G$2483>=Budget!I$1)*('Export (QBO)'!$G$2:$G$2483<=((EOMONTH(Budget!I$1,0))))*('Export (QBO)'!$J$2:$J$2483=$A59)*('Export (QBO)'!$I$2:$I$2483)) )} -> 0 | J59: {=( SUM(('Export (QBO)'!$G$2:$G$2483>=Budget!J$1)*('Export (QBO)'!$G$2:$G$2483<=((EOMONTH(Budget!J$1,0))))*('Export (QBO)'!$J$2:$J$2483=$A59)*('Export (QBO)'!$I$2:$I$2483)) )} -> 0 | K59: {=( SUM(('Export (QBO)'!$G$2:$G$2483>=Budget!K$1)*('Export (QBO)'!$G$2:$G$2483<=((EOMONTH(Budget!K$1,0))))*('Export (QBO)'!$J$2:$J$2483=$A59)*('Export (QBO)'!$I$2:$I$2483)) )} -> 0 | ... O59: {=( SUM(('Export (QBO)'!$G$2:$G$2483>=Budget!O$1)*('Export (QBO)'!$G$2:$G$2483<=((EOMONTH(Budget!O$1,0))))*('Export (QBO)'!$J$2:$J$2483=$A59)*('Export (QBO)'!$I$2:$I$2483)) )} -> 0 | P59: =SUM(D59:O59) -> 0 | Q59: {=( SUM(('Export (QBO)'!$G$2:$G$6969>=Budget!Q$1)*('Export (QBO)'!$G$2:$G$6969<=((EOMONTH(Budget!Q$1,0))))*('Export (QBO)'!$J$2:$J$6969=$A59)*('Export (QBO)'!$I$2:$I$6969)) )} -> 40711.41 | R59: {=( SUM(('Export (QBO)'!$G$2:$G$6969>=Budget!R$1)*('Export (QBO)'!$G$2:$G$6969<=((EOMONTH(Budget!R$1,0))))*('Export (QBO)'!$J$2:$J$6969=$A59)*('Export (QBO)'!$I$2:$I$6969)) )} -> 34226.42 | S59: {=( SUM(('Export (QBO)'!$G$2:$G$6969>=Budget!S$1)*('Export (QBO)'!$G$2:$G$6969<=((EOMONTH(Budget!S$1,0))))*('Export (QBO)'!$J$2:$J$6969=$A59)*('Export (QBO)'!$I$2:$I$6969)) )} -> 10592.2 | T59: {=( SUM(('Export (QBO)'!$G$2:$G$6969>=Budget!T$1)*('Export (QBO)'!$G$2:$G$6969<=((EOMONTH(Budget!T$1,0))))*('Export (QBO)'!$J$2:$J$6969=$A59)*('Export (QBO)'!$I$2:$I$6969)) )} -> 21714.28 | U59: {=( SUM(('Export (QBO)'!$G$2:$G$6969>=Budget!U$1)*('Export (QBO)'!$G$2:$G$6969<=((EOMONTH(Budget!U$1,0))))*('Export (QBO)'!$J$2:$J$6969=$A59)*('Export (QBO)'!$I$2:$I$6969)) )} -> 26135.53 | V59: {=( SUM(('Export (QBO)'!$G$2:$G$6969>=Budget!V$1)*('Export (QBO)'!$G$2:$G$6969<=((EOMONTH(Budget!V$1,0))))*('Export (QBO)'!$J$2:$J$6969=$A59)*('Export (QBO)'!$I$2:$I$6969)) )} -> 25669.79 | W59: {=( SUM(('Export (QBO)'!$G$2:$G$6969>=Budget!W$1)*('Export (QBO)'!$G$2:$G$6969<=((EOMONTH(Budget!W$1,0))))*('Export (QBO)'!$J$2:$J$6969=$A59)*('Export (QBO)'!$I$2:$I$6969)) )} -> 16625.26 | X59: {=( SUM(('Export (QBO)'!$G$2:$G$6969>=Budget!X$1)*('Export (QBO)'!$G$2:$G$6969<=((EOMONTH(Budget!X$1,0))))*('Export (QBO)'!$J$2:$J$6969=$A59)*('Export (QBO)'!$I$2:$I$6969)) )} -> 16259.7 | ... AB59: {=( SUM(('Export (QBO)'!$G$2:$G$6969>=Budget!AB$1)*('Export (QBO)'!$G$2:$G$6969<=((EOMONTH(Budget!AB$1,0))))*('Export (QBO)'!$J$2:$J$6969=$A59)*('Export (QBO)'!$I$2:$I$6969)) )} -> 25195.55 | AC59: =SUM(Q59:AB59) -> 267208.2
A60: Payroll - Hourly | B60: =IFERROR((VLOOKUP(A60,'GL Review'!E:G,3,FALSE)),"") -> 52505 | D60: {=( SUM(('Export (QBO)'!$G$2:$G$2483>=Budget!D$1)*('Export (QBO)'!$G$2:$G$2483<=((EOMONTH(Budget!D$1,0))))*('Export (QBO)'!$J$2:$J$2483=$A60)*('Export (QBO)'!$I$2:$I$2483)) )} -> 0 | E60: {=( SUM(('Export (QBO)'!$G$2:$G$2483>=Budget!E$1)*('Export (QBO)'!$G$2:$G$2483<=((EOMONTH(Budget!E$1,0))))*('Export (QBO)'!$J$2:$J$2483=$A60)*('Export (QBO)'!$I$2:$I$2483)) )} -> 0 | F60: {=( SUM(('Export (QBO)'!$G$2:$G$2483>=Budget!F$1)*('Export (QBO)'!$G$2:$G$2483<=((EOMONTH(Budget!F$1,0))))*('Export (QBO)'!$J$2:$J$2483=$A60)*('Export (QBO)'!$I$2:$I$2483)) )} -> 0 | G60: {=( SUM(('Export (QBO)'!$G$2:$G$2483>=Budget!G$1)*('Export (QBO)'!$G$2:$G$2483<=((EOMONTH(Budget!G$1,0))))*('Export (QBO)'!$J$2:$J$2483=$A60)*('Export (QBO)'!$I$2:$I$2483)) )} -> 0 | H60: {=( SUM(('Export (QBO)'!$G$2:$G$2483>=Budget!H$1)*('Export (QBO)'!$G$2:$G$2483<=((EOMONTH(Budget!H$1,0))))*('Export (QBO)'!$J$2:$J$2483=$A60)*('Export (QBO)'!$I$2:$I$2483)) )} -> 0 | I60: {=( SUM(('Export (QBO)'!$G$2:$G$2483>=Budget!I$1)*('Export (QBO)'!$G$2:$G$2483<=((EOMONTH(Budget!I$1,0))))*('Export (QBO)'!$J$2:$J$2483=$A60)*('Export (QBO)'!$I$2:$I$2483)) )} -> 0 | J60: {=( SUM(('Export (QBO)'!$G$2:$G$2483>=Budget!J$1)*('Export (QBO)'!$G$2:$G$2483<=((EOMONTH(Budget!J$1,0))))*('Export (QBO)'!$J$2:$J$2483=$A60)*('Export (QBO)'!$I$2:$I$2483)) )} -> 0 | K60: {=( SUM(('Export (QBO)'!$G$2:$G$2483>=Budget!K$1)*('Export (QBO)'!$G$2:$G$2483<=((EOMONTH(Budget!K$1,0))))*('Export (QBO)'!$J$2:$J$2483=$A60)*('Export (QBO)'!$I$2:$I$2483)) )} -> 0 | ... O60: {=( SUM(('Export (QBO)'!$G$2:$G$2483>=Budget!O$1)*('Export (QBO)'!$G$2:$G$2483<=((EOMONTH(Budget!O$1,0))))*('Export (QBO)'!$J$2:$J$2483=$A60)*('Export (QBO)'!$I$2:$I$2483)) )} -> 0 | P60: =SUM(D60:O60) -> 0 | Q60: {=( SUM(('Export (QBO)'!$G$2:$G$6969>=Budget!Q$1)*('Export (QBO)'!$G$2:$G$6969<=((EOMONTH(Budget!Q$1,0))))*('Export (QBO)'!$J$2:$J$6969=$A60)*('Export (QBO)'!$I$2:$I$6969)) )} -> 53208.9 | R60: {=( SUM(('Export (QBO)'!$G$2:$G$6969>=Budget!R$1)*('Export (QBO)'!$G$2:$G$6969<=((EOMONTH(Budget!R$1,0))))*('Export (QBO)'!$J$2:$J$6969=$A60)*('Export (QBO)'!$I$2:$I$6969)) )} -> 33904.79 | S60: {=( SUM(('Export (QBO)'!$G$2:$G$6969>=Budget!S$1)*('Export (QBO)'!$G$2:$G$6969<=((EOMONTH(Budget!S$1,0))))*('Export (QBO)'!$J$2:$J$6969=$A60)*('Export (QBO)'!$I$2:$I$6969)) )} -> 0 | T60: {=( SUM(('Export (QBO)'!$G$2:$G$6969>=Budget!T$1)*('Export (QBO)'!$G$2:$G$6969<=((EOMONTH(Budget!T$1,0))))*('Export (QBO)'!$J$2:$J$6969=$A60)*('Export (QBO)'!$I$2:$I$6969)) )} -> 0 | U60: {=( SUM(('Export (QBO)'!$G$2:$G$6969>=Budget!U$1)*('Export (QBO)'!$G$2:$G$6969<=((EOMONTH(Budget!U$1,0))))*('Export (QBO)'!$J$2:$J$6969=$A60)*('Export (QBO)'!$I$2:$I$6969)) )} -> 0 | V60: {=( SUM(('Export (QBO)'!$G$2:$G$6969>=Budget!V$1)*('Export (QBO)'!$G$2:$G$6969<=((EOMONTH(Budget!V$1,0))))*('Export (QBO)'!$J$2:$J$6969=$A60)*('Export (QBO)'!$I$2:$I$6969)) )} -> 0 | W60: {=( SUM(('Export (QBO)'!$G$2:$G$6969>=Budget!W$1)*('Export (QBO)'!$G$2:$G$6969<=((EOMONTH(Budget!W$1,0))))*('Export (QBO)'!$J$2:$J$6969=$A60)*('Export (QBO)'!$I$2:$I$6969)) )} -> 0 | X60: {=( SUM(('Export (QBO)'!$G$2:$G$6969>=Budget!X$1)*('Export (QBO)'!$G$2:$G$6969<=((EOMONTH(Budget!X$1,0))))*('Export (QBO)'!$J$2:$J$6969=$A60)*('Export (QBO)'!$I$2:$I$6969)) )} -> 0 | ... AB60: {=( SUM(('Export (QBO)'!$G$2:$G$6969>=Budget!AB$1)*('Export (QBO)'!$G$2:$G$6969<=((EOMONTH(Budget!AB$1,0))))*('Export (QBO)'!$J$2:$J$6969=$A60)*('Export (QBO)'!$I$2:$I$6969)) )} -> 0 | AC60: =SUM(Q60:AB60) -> 87113.69
A61: Payroll - Employee Benefits (Paid) | B61: =IFERROR((VLOOKUP(A61,'GL Review'!E:G,3,FALSE)),"") -> 52545 | D61: {=( SUM(('Export (QBO)'!$G$2:$G$2483>=Budget!D$1)*('Export (QBO)'!$G$2:$G$2483<=((EOMONTH(Budget!D$1,0))))*('Export (QBO)'!$J$2:$J$2483=$A61)*('Export (QBO)'!$I$2:$I$2483)) )} -> 0 | E61: {=( SUM(('Export (QBO)'!$G$2:$G$2483>=Budget!E$1)*('Export (QBO)'!$G$2:$G$2483<=((EOMONTH(Budget!E$1,0))))*('Export (QBO)'!$J$2:$J$2483=$A61)*('Export (QBO)'!$I$2:$I$2483)) )} -> 0 | F61: {=( SUM(('Export (QBO)'!$G$2:$G$2483>=Budget!F$1)*('Export (QBO)'!$G$2:$G$2483<=((EOMONTH(Budget!F$1,0))))*('Export (QBO)'!$J$2:$J$2483=$A61)*('Export (QBO)'!$I$2:$I$2483)) )} -> 0 | G61: {=( SUM(('Export (QBO)'!$G$2:$G$2483>=Budget!G$1)*('Export (QBO)'!$G$2:$G$2483<=((EOMONTH(Budget!G$1,0))))*('Export (QBO)'!$J$2:$J$2483=$A61)*('Export (QBO)'!$I$2:$I$2483)) )} -> 0 | H61: {=( SUM(('Export (QBO)'!$G$2:$G$2483>=Budget!H$1)*('Export (QBO)'!$G$2:$G$2483<=((EOMONTH(Budget!H$1,0))))*('Export (QBO)'!$J$2:$J$2483=$A61)*('Export (QBO)'!$I$2:$I$2483)) )} -> 0 | I61: {=( SUM(('Export (QBO)'!$G$2:$G$2483>=Budget!I$1)*('Export (QBO)'!$G$2:$G$2483<=((EOMONTH(Budget!I$1,0))))*('Export (QBO)'!$J$2:$J$2483=$A61)*('Export (QBO)'!$I$2:$I$2483)) )} -> 0 | J61: {=( SUM(('Export (QBO)'!$G$2:$G$2483>=Budget!J$1)*('Export (QBO)'!$G$2:$G$2483<=((EOMONTH(Budget!J$1,0))))*('Export (QBO)'!$J$2:$J$2483=$A61)*('Export (QBO)'!$I$2:$I$2483)) )} -> 0 | K61: {=( SUM(('Export (QBO)'!$G$2:$G$2483>=Budget!K$1)*('Export (QBO)'!$G$2:$G$2483<=((EOMONTH(Budget!K$1,0))))*('Export (QBO)'!$J$2:$J$2483=$A61)*('Export (QBO)'!$I$2:$I$2483)) )} -> 0 | ... O61: {=( SUM(('Export (QBO)'!$G$2:$G$2483>=Budget!O$1)*('Export (QBO)'!$G$2:$G$2483<=((EOMONTH(Budget!O$1,0))))*('Export (QBO)'!$J$2:$J$2483=$A61)*('Export (QBO)'!$I$2:$I$2483)) )} -> 0 | P61: =SUM(D61:O61) -> 0 | Q61: {=( SUM(('Export (QBO)'!$G$2:$G$6969>=Budget!Q$1)*('Export (QBO)'!$G$2:$G$6969<=((EOMONTH(Budget!Q$1,0))))*('Export (QBO)'!$J$2:$J$6969=$A61)*('Export (QBO)'!$I$2:$I$6969)) )} -> 3607.79 | R61: {=( SUM(('Export (QBO)'!$G$2:$G$6969>=Budget!R$1)*('Export (QBO)'!$G$2:$G$6969<=((EOMONTH(Budget!R$1,0))))*('Export (QBO)'!$J$2:$J$6969=$A61)*('Export (QBO)'!$I$2:$I$6969)) )} -> 2194.93 | S61: {=( SUM(('Export (QBO)'!$G$2:$G$6969>=Budget!S$1)*('Export (QBO)'!$G$2:$G$6969<=((EOMONTH(Budget!S$1,0))))*('Export (QBO)'!$J$2:$J$6969=$A61)*('Export (QBO)'!$I$2:$I$6969)) )} -> 1489.98 | T61: {=( SUM(('Export (QBO)'!$G$2:$G$6969>=Budget!T$1)*('Export (QBO)'!$G$2:$G$6969<=((EOMONTH(Budget!T$1,0))))*('Export (QBO)'!$J$2:$J$6969=$A61)*('Export (QBO)'!$I$2:$I$6969)) )} -> -1108.3 | U61: {=( SUM(('Export (QBO)'!$G$2:$G$6969>=Budget!U$1)*('Export (QBO)'!$G$2:$G$6969<=((EOMONTH(Budget!U$1,0))))*('Export (QBO)'!$J$2:$J$6969=$A61)*('Export (QBO)'!$I$2:$I$6969)) )} -> 0 | V61: {=( SUM(('Export (QBO)'!$G$2:$G$6969>=Budget!V$1)*('Export (QBO)'!$G$2:$G$6969<=((EOMONTH(Budget!V$1,0))))*('Export (QBO)'!$J$2:$J$6969=$A61)*('Export (QBO)'!$I$2:$I$6969)) )} -> 0 | W61: {=( SUM(('Export (QBO)'!$G$2:$G$6969>=Budget!W$1)*('Export (QBO)'!$G$2:$G$6969<=((EOMONTH(Budget!W$1,0))))*('Export (QBO)'!$J$2:$J$6969=$A61)*('Export (QBO)'!$I$2:$I$6969)) )} -> 0 | X61: {=( SUM(('Export (QBO)'!$G$2:$G$6969>=Budget!X$1)*('Export (QBO)'!$G$2:$G$6969<=((EOMONTH(Budget!X$1,0))))*('Export (QBO)'!$J$2:$J$6969=$A61)*('Export (QBO)'!$I$2:$I$6969)) )} -> 0 | ... AB61: {=( SUM(('Export (QBO)'!$G$2:$G$6969>=Budget!AB$1)*('Export (QBO)'!$G$2:$G$6969<=((EOMONTH(Budget!AB$1,0))))*('Export (QBO)'!$J$2:$J$6969=$A61)*('Export (QBO)'!$I$2:$I$6969)) )} -> 0 | AC61: =SUM(Q61:AB61) -> 6184.4 | AI61: Canceled by around April.
A62: Payroll - Employee Benefits (Collected) | B62: =IFERROR((VLOOKUP(A62,'GL Review'!E:G,3,FALSE)),"") -> 21001 | D62: {=( SUM(('Export (QBO)'!$G$2:$G$2483>=Budget!D$1)*('Export (QBO)'!$G$2:$G$2483<=((EOMONTH(Budget!D$1,0))))*('Export (QBO)'!$J$2:$J$2483=$A62)*('Export (QBO)'!$I$2:$I$2483)) )} -> 0 | E62: {=( SUM(('Export (QBO)'!$G$2:$G$2483>=Budget!E$1)*('Export (QBO)'!$G$2:$G$2483<=((EOMONTH(Budget!E$1,0))))*('Export (QBO)'!$J$2:$J$2483=$A62)*('Export (QBO)'!$I$2:$I$2483)) )} -> 0 | F62: {=( SUM(('Export (QBO)'!$G$2:$G$2483>=Budget!F$1)*('Export (QBO)'!$G$2:$G$2483<=((EOMONTH(Budget!F$1,0))))*('Export (QBO)'!$J$2:$J$2483=$A62)*('Export (QBO)'!$I$2:$I$2483)) )} -> 0 | G62: {=( SUM(('Export (QBO)'!$G$2:$G$2483>=Budget!G$1)*('Export (QBO)'!$G$2:$G$2483<=((EOMONTH(Budget!G$1,0))))*('Export (QBO)'!$J$2:$J$2483=$A62)*('Export (QBO)'!$I$2:$I$2483)) )} -> 0 | H62: {=( SUM(('Export (QBO)'!$G$2:$G$2483>=Budget!H$1)*('Export (QBO)'!$G$2:$G$2483<=((EOMONTH(Budget!H$1,0))))*('Export (QBO)'!$J$2:$J$2483=$A62)*('Export (QBO)'!$I$2:$I$2483)) )} -> 0 | I62: {=( SUM(('Export (QBO)'!$G$2:$G$2483>=Budget!I$1)*('Export (QBO)'!$G$2:$G$2483<=((EOMONTH(Budget!I$1,0))))*('Export (QBO)'!$J$2:$J$2483=$A62)*('Export (QBO)'!$I$2:$I$2483)) )} -> 0 | J62: {=( SUM(('Export (QBO)'!$G$2:$G$2483>=Budget!J$1)*('Export (QBO)'!$G$2:$G$2483<=((EOMONTH(Budget!J$1,0))))*('Export (QBO)'!$J$2:$J$2483=$A62)*('Export (QBO)'!$I$2:$I$2483)) )} -> 0 | K62: {=( SUM(('Export (QBO)'!$G$2:$G$2483>=Budget!K$1)*('Export (QBO)'!$G$2:$G$2483<=((EOMONTH(Budget!K$1,0))))*('Export (QBO)'!$J$2:$J$2483=$A62)*('Export (QBO)'!$I$2:$I$2483)) )} -> 0 | ... O62: {=( SUM(('Export (QBO)'!$G$2:$G$2483>=Budget!O$1)*('Export (QBO)'!$G$2:$G$2483<=((EOMONTH(Budget!O$1,0))))*('Export (QBO)'!$J$2:$J$2483=$A62)*('Export (QBO)'!$I$2:$I$2483)) )} -> 0 | P62: =SUM(D62:O62) -> 0 | Q62: {=-( SUM(('Export (QBO)'!$G$2:$G$6969>=Budget!Q$1)*('Export (QBO)'!$G$2:$G$6969<=((EOMONTH(Budget!Q$1,0))))*('Export (QBO)'!$J$2:$J$6969=$A62)*('Export (QBO)'!$I$2:$I$6969)) )} -> -3617.07 | R62: {=-( SUM(('Export (QBO)'!$G$2:$G$6969>=Budget!R$1)*('Export (QBO)'!$G$2:$G$6969<=((EOMONTH(Budget!R$1,0))))*('Export (QBO)'!$J$2:$J$6969=$A62)*('Export (QBO)'!$I$2:$I$6969)) )} -> -1312.88 | S62: {=-( SUM(('Export (QBO)'!$G$2:$G$6969>=Budget!S$1)*('Export (QBO)'!$G$2:$G$6969<=((EOMONTH(Budget!S$1,0))))*('Export (QBO)'!$J$2:$J$6969=$A62)*('Export (QBO)'!$I$2:$I$6969)) )} -> -163.25 | T62: {=-( SUM(('Export (QBO)'!$G$2:$G$6969>=Budget!T$1)*('Export (QBO)'!$G$2:$G$6969<=((EOMONTH(Budget!T$1,0))))*('Export (QBO)'!$J$2:$J$6969=$A62)*('Export (QBO)'!$I$2:$I$6969)) )} -> 0 | U62: {=-( SUM(('Export (QBO)'!$G$2:$G$6969>=Budget!U$1)*('Export (QBO)'!$G$2:$G$6969<=((EOMONTH(Budget!U$1,0))))*('Export (QBO)'!$J$2:$J$6969=$A62)*('Export (QBO)'!$I$2:$I$6969)) )} -> 0 | V62: {=-( SUM(('Export (QBO)'!$G$2:$G$6969>=Budget!V$1)*('Export (QBO)'!$G$2:$G$6969<=((EOMONTH(Budget!V$1,0))))*('Export (QBO)'!$J$2:$J$6969=$A62)*('Export (QBO)'!$I$2:$I$6969)) )} -> 0 | W62: {=-( SUM(('Export (QBO)'!$G$2:$G$6969>=Budget!W$1)*('Export (QBO)'!$G$2:$G$6969<=((EOMONTH(Budget!W$1,0))))*('Export (QBO)'!$J$2:$J$6969=$A62)*('Export (QBO)'!$I$2:$I$6969)) )} -> 0 | X62: {=( SUM(('Export (QBO)'!$G$2:$G$6969>=Budget!X$1)*('Export (QBO)'!$G$2:$G$6969<=((EOMONTH(Budget!X$1,0))))*('Export (QBO)'!$J$2:$J$6969=$A62)*('Export (QBO)'!$I$2:$I$6969)) )} -> 0 | Y62: {=( SUM(('Export (QBO)'!$G$2:$G$6969>=Budget!Y$1)*('Export (QBO)'!$G$2:$G$6969<=((EOMONTH(Budget!Y$1,0))))*('Export (QBO)'!$J$2:$J$6969=$A62)*('Export (QBO)'!$I$2:$I$6969)) )} -> 0 | Z62: {=( SUM(('Export (QBO)'!$G$2:$G$6969>=Budget!Z$1)*('Export (QBO)'!$G$2:$G$6969<=((EOMONTH(Budget!Z$1,0))))*('Export (QBO)'!$J$2:$J$6969=$A62)*('Export (QBO)'!$I$2:$I$6969)) )} -> 0 | AA62: {=( SUM(('Export (QBO)'!$G$2:$G$6969>=Budget!AA$1)*('Export (QBO)'!$G$2:$G$6969<=((EOMONTH(Budget!AA$1,0))))*('Export (QBO)'!$J$2:$J$6969=$A62)*('Export (QBO)'!$I$2:$I$6969)) )} -> 0 | AB62: {=( SUM(('Export (QBO)'!$G$2:$G$6969>=Budget!AB$1)*('Export (QBO)'!$G$2:$G$6969<=((EOMONTH(Budget!AB$1,0))))*('Export (QBO)'!$J$2:$J$6969=$A62)*('Export (QBO)'!$I$2:$I$6969)) )} -> 0 | AC62: =SUM(Q62:AB62) -> -5093.2
A63: Payroll - WCB | B63: =IFERROR((VLOOKUP(A63,'GL Review'!E:G,3,FALSE)),"") -> 52535 | D63: {=( SUM(('Export (QBO)'!$G$2:$G$2483>=Budget!D$1)*('Export (QBO)'!$G$2:$G$2483<=((EOMONTH(Budget!D$1,0))))*('Export (QBO)'!$J$2:$J$2483=$A63)*('Export (QBO)'!$I$2:$I$2483)) )} -> 0 | E63: {=( SUM(('Export (QBO)'!$G$2:$G$2483>=Budget!E$1)*('Export (QBO)'!$G$2:$G$2483<=((EOMONTH(Budget!E$1,0))))*('Export (QBO)'!$J$2:$J$2483=$A63)*('Export (QBO)'!$I$2:$I$2483)) )} -> 0 | F63: {=( SUM(('Export (QBO)'!$G$2:$G$2483>=Budget!F$1)*('Export (QBO)'!$G$2:$G$2483<=((EOMONTH(Budget!F$1,0))))*('Export (QBO)'!$J$2:$J$2483=$A63)*('Export (QBO)'!$I$2:$I$2483)) )} -> 0 | G63: {=( SUM(('Export (QBO)'!$G$2:$G$2483>=Budget!G$1)*('Export (QBO)'!$G$2:$G$2483<=((EOMONTH(Budget!G$1,0))))*('Export (QBO)'!$J$2:$J$2483=$A63)*('Export (QBO)'!$I$2:$I$2483)) )} -> 0 | H63: {=( SUM(('Export (QBO)'!$G$2:$G$2483>=Budget!H$1)*('Export (QBO)'!$G$2:$G$2483<=((EOMONTH(Budget!H$1,0))))*('Export (QBO)'!$J$2:$J$2483=$A63)*('Export (QBO)'!$I$2:$I$2483)) )} -> 0 | I63: {=( SUM(('Export (QBO)'!$G$2:$G$2483>=Budget!I$1)*('Export (QBO)'!$G$2:$G$2483<=((EOMONTH(Budget!I$1,0))))*('Export (QBO)'!$J$2:$J$2483=$A63)*('Export (QBO)'!$I$2:$I$2483)) )} -> 0 | J63: {=( SUM(('Export (QBO)'!$G$2:$G$2483>=Budget!J$1)*('Export (QBO)'!$G$2:$G$2483<=((EOMONTH(Budget!J$1,0))))*('Export (QBO)'!$J$2:$J$2483=$A63)*('Export (QBO)'!$I$2:$I$2483)) )} -> 0 | K63: {=( SUM(('Export (QBO)'!$G$2:$G$2483>=Budget!K$1)*('Export (QBO)'!$G$2:$G$2483<=((EOMONTH(Budget!K$1,0))))*('Export (QBO)'!$J$2:$J$2483=$A63)*('Export (QBO)'!$I$2:$I$2483)) )} -> 0 | ... O63: {=( SUM(('Export (QBO)'!$G$2:$G$2483>=Budget!O$1)*('Export (QBO)'!$G$2:$G$2483<=((EOMONTH(Budget!O$1,0))))*('Export (QBO)'!$J$2:$J$2483=$A63)*('Export (QBO)'!$I$2:$I$2483)) )} -> 0 | P63: =SUM(D63:O63) -> 0 | Q63: {=( SUM(('Export (QBO)'!$G$2:$G$6969>=Budget!Q$1)*('Export (QBO)'!$G$2:$G$6969<=((EOMONTH(Budget!Q$1,0))))*('Export (QBO)'!$J$2:$J$6969=$A63)*('Export (QBO)'!$I$2:$I$6969)) )} -> 2319.82 | R63: {=( SUM(('Export (QBO)'!$G$2:$G$6969>=Budget!R$1)*('Export (QBO)'!$G$2:$G$6969<=((EOMONTH(Budget!R$1,0))))*('Export (QBO)'!$J$2:$J$6969=$A63)*('Export (QBO)'!$I$2:$I$6969)) )} -> 891.87 | S63: {=( SUM(('Export (QBO)'!$G$2:$G$6969>=Budget!S$1)*('Export (QBO)'!$G$2:$G$6969<=((EOMONTH(Budget!S$1,0))))*('Export (QBO)'!$J$2:$J$6969=$A63)*('Export (QBO)'!$I$2:$I$6969)) )} -> 261.63 | T63: {=( SUM(('Export (QBO)'!$G$2:$G$6969>=Budget!T$1)*('Export (QBO)'!$G$2:$G$6969<=((EOMONTH(Budget!T$1,0))))*('Export (QBO)'!$J$2:$J$6969=$A63)*('Export (QBO)'!$I$2:$I$6969)) )} -> 406.96 | U63: {=( SUM(('Export (QBO)'!$G$2:$G$6969>=Budget!U$1)*('Export (QBO)'!$G$2:$G$6969<=((EOMONTH(Budget!U$1,0))))*('Export (QBO)'!$J$2:$J$6969=$A63)*('Export (QBO)'!$I$2:$I$6969)) )} -> 527.42 | V63: {=( SUM(('Export (QBO)'!$G$2:$G$6969>=Budget!V$1)*('Export (QBO)'!$G$2:$G$6969<=((EOMONTH(Budget!V$1,0))))*('Export (QBO)'!$J$2:$J$6969=$A63)*('Export (QBO)'!$I$2:$I$6969)) )} -> 603.26 | W63: {=( SUM(('Export (QBO)'!$G$2:$G$6969>=Budget!W$1)*('Export (QBO)'!$G$2:$G$6969<=((EOMONTH(Budget!W$1,0))))*('Export (QBO)'!$J$2:$J$6969=$A63)*('Export (QBO)'!$I$2:$I$6969)) )} -> 390.71 | X63: {=( SUM(('Export (QBO)'!$G$2:$G$6969>=Budget!X$1)*('Export (QBO)'!$G$2:$G$6969<=((EOMONTH(Budget!X$1,0))))*('Export (QBO)'!$J$2:$J$6969=$A63)*('Export (QBO)'!$I$2:$I$6969)) )} -> 382.11 | ... AB63: {=( SUM(('Export (QBO)'!$G$2:$G$6969>=Budget!AB$1)*('Export (QBO)'!$G$2:$G$6969<=((EOMONTH(Budget!AB$1,0))))*('Export (QBO)'!$J$2:$J$6969=$A63)*('Export (QBO)'!$I$2:$I$6969)) )} -> 302.87 | AC63: =SUM(Q63:AB63) -> 6503.34
A64: Payroll - CPP + EI | B64: =IFERROR((VLOOKUP(A64,'GL Review'!E:G,3,FALSE)),"") -> 52520 | D64: {=( SUM(('Export (QBO)'!$G$2:$G$2483>=Budget!D$1)*('Export (QBO)'!$G$2:$G$2483<=((EOMONTH(Budget!D$1,0))))*('Export (QBO)'!$J$2:$J$2483=$A64)*('Export (QBO)'!$I$2:$I$2483)) )} -> 0 | E64: {=( SUM(('Export (QBO)'!$G$2:$G$2483>=Budget!E$1)*('Export (QBO)'!$G$2:$G$2483<=((EOMONTH(Budget!E$1,0))))*('Export (QBO)'!$J$2:$J$2483=$A64)*('Export (QBO)'!$I$2:$I$2483)) )} -> 0 | F64: {=( SUM(('Export (QBO)'!$G$2:$G$2483>=Budget!F$1)*('Export (QBO)'!$G$2:$G$2483<=((EOMONTH(Budget!F$1,0))))*('Export (QBO)'!$J$2:$J$2483=$A64)*('Export (QBO)'!$I$2:$I$2483)) )} -> 0 | G64: {=( SUM(('Export (QBO)'!$G$2:$G$2483>=Budget!G$1)*('Export (QBO)'!$G$2:$G$2483<=((EOMONTH(Budget!G$1,0))))*('Export (QBO)'!$J$2:$J$2483=$A64)*('Export (QBO)'!$I$2:$I$2483)) )} -> 0 | H64: {=( SUM(('Export (QBO)'!$G$2:$G$2483>=Budget!H$1)*('Export (QBO)'!$G$2:$G$2483<=((EOMONTH(Budget!H$1,0))))*('Export (QBO)'!$J$2:$J$2483=$A64)*('Export (QBO)'!$I$2:$I$2483)) )} -> 0 | I64: {=( SUM(('Export (QBO)'!$G$2:$G$2483>=Budget!I$1)*('Export (QBO)'!$G$2:$G$2483<=((EOMONTH(Budget!I$1,0))))*('Export (QBO)'!$J$2:$J$2483=$A64)*('Export (QBO)'!$I$2:$I$2483)) )} -> 0 | J64: {=( SUM(('Export (QBO)'!$G$2:$G$2483>=Budget!J$1)*('Export (QBO)'!$G$2:$G$2483<=((EOMONTH(Budget!J$1,0))))*('Export (QBO)'!$J$2:$J$2483=$A64)*('Export (QBO)'!$I$2:$I$2483)) )} -> 0 | K64: {=( SUM(('Export (QBO)'!$G$2:$G$2483>=Budget!K$1)*('Export (QBO)'!$G$2:$G$2483<=((EOMONTH(Budget!K$1,0))))*('Export (QBO)'!$J$2:$J$2483=$A64)*('Export (QBO)'!$I$2:$I$2483)) )} -> 0 | ... O64: {=( SUM(('Export (QBO)'!$G$2:$G$2483>=Budget!O$1)*('Export (QBO)'!$G$2:$G$2483<=((EOMONTH(Budget!O$1,0))))*('Export (QBO)'!$J$2:$J$2483=$A64)*('Export (QBO)'!$I$2:$I$2483)) )} -> 0 | P64: =SUM(D64:O64) -> 0 | Q64: {=( SUM(('Export (QBO)'!$G$2:$G$6969>=Budget!Q$1)*('Export (QBO)'!$G$2:$G$6969<=((EOMONTH(Budget!Q$1,0))))*('Export (QBO)'!$J$2:$J$6969=$A64)*('Export (QBO)'!$I$2:$I$6969)) )} -> 7025.38 | R64: {=( SUM(('Export (QBO)'!$G$2:$G$6969>=Budget!R$1)*('Export (QBO)'!$G$2:$G$6969<=((EOMONTH(Budget!R$1,0))))*('Export (QBO)'!$J$2:$J$6969=$A64)*('Export (QBO)'!$I$2:$I$6969)) )} -> 2572.58 | S64: {=( SUM(('Export (QBO)'!$G$2:$G$6969>=Budget!S$1)*('Export (QBO)'!$G$2:$G$6969<=((EOMONTH(Budget!S$1,0))))*('Export (QBO)'!$J$2:$J$6969=$A64)*('Export (QBO)'!$I$2:$I$6969)) )} -> 700.37 | T64: {=( SUM(('Export (QBO)'!$G$2:$G$6969>=Budget!T$1)*('Export (QBO)'!$G$2:$G$6969<=((EOMONTH(Budget!T$1,0))))*('Export (QBO)'!$J$2:$J$6969=$A64)*('Export (QBO)'!$I$2:$I$6969)) )} -> 1443.89 | U64: {=( SUM(('Export (QBO)'!$G$2:$G$6969>=Budget!U$1)*('Export (QBO)'!$G$2:$G$6969<=((EOMONTH(Budget!U$1,0))))*('Export (QBO)'!$J$2:$J$6969=$A64)*('Export (QBO)'!$I$2:$I$6969)) )} -> -2270.82 | V64: {=( SUM(('Export (QBO)'!$G$2:$G$6969>=Budget!V$1)*('Export (QBO)'!$G$2:$G$6969<=((EOMONTH(Budget!V$1,0))))*('Export (QBO)'!$J$2:$J$6969=$A64)*('Export (QBO)'!$I$2:$I$6969)) )} -> 840.09 | W64: {=( SUM(('Export (QBO)'!$G$2:$G$6969>=Budget!W$1)*('Export (QBO)'!$G$2:$G$6969<=((EOMONTH(Budget!W$1,0))))*('Export (QBO)'!$J$2:$J$6969=$A64)*('Export (QBO)'!$I$2:$I$6969)) )} -> 323.97 | X64: {=( SUM(('Export (QBO)'!$G$2:$G$6969>=Budget!X$1)*('Export (QBO)'!$G$2:$G$6969<=((EOMONTH(Budget!X$1,0))))*('Export (QBO)'!$J$2:$J$6969=$A64)*('Export (QBO)'!$I$2:$I$6969)) )} -> 293.84 | ... AB64: {=( SUM(('Export (QBO)'!$G$2:$G$6969>=Budget!AB$1)*('Export (QBO)'!$G$2:$G$6969<=((EOMONTH(Budget!AB$1,0))))*('Export (QBO)'!$J$2:$J$6969=$A64)*('Export (QBO)'!$I$2:$I$6969)) )} -> 865.95 | AC64: =SUM(Q64:AB64) -> 12783.88
A65: Payroll - Fees | B65: =IFERROR((VLOOKUP(A65,'GL Review'!E:G,3,FALSE)),"") -> 52515 | D65: {=( SUM(('Export (QBO)'!$G$2:$G$2483>=Budget!D$1)*('Export (QBO)'!$G$2:$G$2483<=((EOMONTH(Budget!D$1,0))))*('Export (QBO)'!$J$2:$J$2483=$A65)*('Export (QBO)'!$I$2:$I$2483)) )} -> 0 | E65: {=( SUM(('Export (QBO)'!$G$2:$G$2483>=Budget!E$1)*('Export (QBO)'!$G$2:$G$2483<=((EOMONTH(Budget!E$1,0))))*('Export (QBO)'!$J$2:$J$2483=$A65)*('Export (QBO)'!$I$2:$I$2483)) )} -> 0 | F65: {=( SUM(('Export (QBO)'!$G$2:$G$2483>=Budget!F$1)*('Export (QBO)'!$G$2:$G$2483<=((EOMONTH(Budget!F$1,0))))*('Export (QBO)'!$J$2:$J$2483=$A65)*('Export (QBO)'!$I$2:$I$2483)) )} -> 0 | G65: {=( SUM(('Export (QBO)'!$G$2:$G$2483>=Budget!G$1)*('Export (QBO)'!$G$2:$G$2483<=((EOMONTH(Budget!G$1,0))))*('Export (QBO)'!$J$2:$J$2483=$A65)*('Export (QBO)'!$I$2:$I$2483)) )} -> 0 | H65: {=( SUM(('Export (QBO)'!$G$2:$G$2483>=Budget!H$1)*('Export (QBO)'!$G$2:$G$2483<=((EOMONTH(Budget!H$1,0))))*('Export (QBO)'!$J$2:$J$2483=$A65)*('Export (QBO)'!$I$2:$I$2483)) )} -> 0 | I65: {=( SUM(('Export (QBO)'!$G$2:$G$2483>=Budget!I$1)*('Export (QBO)'!$G$2:$G$2483<=((EOMONTH(Budget!I$1,0))))*('Export (QBO)'!$J$2:$J$2483=$A65)*('Export (QBO)'!$I$2:$I$2483)) )} -> 0 | J65: {=( SUM(('Export (QBO)'!$G$2:$G$2483>=Budget!J$1)*('Export (QBO)'!$G$2:$G$2483<=((EOMONTH(Budget!J$1,0))))*('Export (QBO)'!$J$2:$J$2483=$A65)*('Export (QBO)'!$I$2:$I$2483)) )} -> 0 | K65: {=( SUM(('Export (QBO)'!$G$2:$G$2483>=Budget!K$1)*('Export (QBO)'!$G$2:$G$2483<=((EOMONTH(Budget!K$1,0))))*('Export (QBO)'!$J$2:$J$2483=$A65)*('Export (QBO)'!$I$2:$I$2483)) )} -> 0 | ... O65: {=( SUM(('Export (QBO)'!$G$2:$G$2483>=Budget!O$1)*('Export (QBO)'!$G$2:$G$2483<=((EOMONTH(Budget!O$1,0))))*('Export (QBO)'!$J$2:$J$2483=$A65)*('Export (QBO)'!$I$2:$I$2483)) )} -> 0 | P65: =SUM(D65:O65) -> 0 | Q65: {=( SUM(('Export (QBO)'!$G$2:$G$6969>=Budget!Q$1)*('Export (QBO)'!$G$2:$G$6969<=((EOMONTH(Budget!Q$1,0))))*('Export (QBO)'!$J$2:$J$6969=$A65)*('Export (QBO)'!$I$2:$I$6969)) )} -> 1107.9 | R65: {=( SUM(('Export (QBO)'!$G$2:$G$6969>=Budget!R$1)*('Export (QBO)'!$G$2:$G$6969<=((EOMONTH(Budget!R$1,0))))*('Export (QBO)'!$J$2:$J$6969=$A65)*('Export (QBO)'!$I$2:$I$6969)) )} -> 195.41 | S65: {=( SUM(('Export (QBO)'!$G$2:$G$6969>=Budget!S$1)*('Export (QBO)'!$G$2:$G$6969<=((EOMONTH(Budget!S$1,0))))*('Export (QBO)'!$J$2:$J$6969=$A65)*('Export (QBO)'!$I$2:$I$6969)) )} -> 104.14 | T65: {=( SUM(('Export (QBO)'!$G$2:$G$6969>=Budget!T$1)*('Export (QBO)'!$G$2:$G$6969<=((EOMONTH(Budget!T$1,0))))*('Export (QBO)'!$J$2:$J$6969=$A65)*('Export (QBO)'!$I$2:$I$6969)) )} -> 208.28 | U65: {=( SUM(('Export (QBO)'!$G$2:$G$6969>=Budget!U$1)*('Export (QBO)'!$G$2:$G$6969<=((EOMONTH(Budget!U$1,0))))*('Export (QBO)'!$J$2:$J$6969=$A65)*('Export (QBO)'!$I$2:$I$6969)) )} -> 215.28 | V65: {=( SUM(('Export (QBO)'!$G$2:$G$6969>=Budget!V$1)*('Export (QBO)'!$G$2:$G$6969<=((EOMONTH(Budget!V$1,0))))*('Export (QBO)'!$J$2:$J$6969=$A65)*('Export (QBO)'!$I$2:$I$6969)) )} -> 309.19 | W65: {=( SUM(('Export (QBO)'!$G$2:$G$6969>=Budget!W$1)*('Export (QBO)'!$G$2:$G$6969<=((EOMONTH(Budget!W$1,0))))*('Export (QBO)'!$J$2:$J$6969=$A65)*('Export (QBO)'!$I$2:$I$6969)) )} -> 200.96 | X65: {=( SUM(('Export (QBO)'!$G$2:$G$6969>=Budget!X$1)*('Export (QBO)'!$G$2:$G$6969<=((EOMONTH(Budget!X$1,0))))*('Export (QBO)'!$J$2:$J$6969=$A65)*('Export (QBO)'!$I$2:$I$6969)) )} -> 200.96 | ... AB65: {=( SUM(('Export (QBO)'!$G$2:$G$6969>=Budget!AB$1)*('Export (QBO)'!$G$2:$G$6969<=((EOMONTH(Budget!AB$1,0))))*('Export (QBO)'!$J$2:$J$6969=$A65)*('Export (QBO)'!$I$2:$I$6969)) )} -> 301.44 | AC65: =SUM(Q65:AB65) -> 3447.04 | AJ65: Nav to reclass from Bank Fees
A66: Payroll - Interest & Penalties | B66: =IFERROR((VLOOKUP(A66,'GL Review'!E:G,3,FALSE)),"") -> 52530 | D66: {=( SUM(('Export (QBO)'!$G$2:$G$2483>=Budget!D$1)*('Export (QBO)'!$G$2:$G$2483<=((EOMONTH(Budget!D$1,0))))*('Export (QBO)'!$J$2:$J$2483=$A66)*('Export (QBO)'!$I$2:$I$2483)) )} -> 0 | E66: {=( SUM(('Export (QBO)'!$G$2:$G$2483>=Budget!E$1)*('Export (QBO)'!$G$2:$G$2483<=((EOMONTH(Budget!E$1,0))))*('Export (QBO)'!$J$2:$J$2483=$A66)*('Export (QBO)'!$I$2:$I$2483)) )} -> 0 | F66: {=( SUM(('Export (QBO)'!$G$2:$G$2483>=Budget!F$1)*('Export (QBO)'!$G$2:$G$2483<=((EOMONTH(Budget!F$1,0))))*('Export (QBO)'!$J$2:$J$2483=$A66)*('Export (QBO)'!$I$2:$I$2483)) )} -> 0 | G66: {=( SUM(('Export (QBO)'!$G$2:$G$2483>=Budget!G$1)*('Export (QBO)'!$G$2:$G$2483<=((EOMONTH(Budget!G$1,0))))*('Export (QBO)'!$J$2:$J$2483=$A66)*('Export (QBO)'!$I$2:$I$2483)) )} -> 0 | H66: {=( SUM(('Export (QBO)'!$G$2:$G$2483>=Budget!H$1)*('Export (QBO)'!$G$2:$G$2483<=((EOMONTH(Budget!H$1,0))))*('Export (QBO)'!$J$2:$J$2483=$A66)*('Export (QBO)'!$I$2:$I$2483)) )} -> 0 | I66: {=( SUM(('Export (QBO)'!$G$2:$G$2483>=Budget!I$1)*('Export (QBO)'!$G$2:$G$2483<=((EOMONTH(Budget!I$1,0))))*('Export (QBO)'!$J$2:$J$2483=$A66)*('Export (QBO)'!$I$2:$I$2483)) )} -> 0 | J66: {=( SUM(('Export (QBO)'!$G$2:$G$2483>=Budget!J$1)*('Export (QBO)'!$G$2:$G$2483<=((EOMONTH(Budget!J$1,0))))*('Export (QBO)'!$J$2:$J$2483=$A66)*('Export (QBO)'!$I$2:$I$2483)) )} -> 0 | K66: {=( SUM(('Export (QBO)'!$G$2:$G$2483>=Budget!K$1)*('Export (QBO)'!$G$2:$G$2483<=((EOMONTH(Budget!K$1,0))))*('Export (QBO)'!$J$2:$J$2483=$A66)*('Export (QBO)'!$I$2:$I$2483)) )} -> 0 | ... O66: {=( SUM(('Export (QBO)'!$G$2:$G$2483>=Budget!O$1)*('Export (QBO)'!$G$2:$G$2483<=((EOMONTH(Budget!O$1,0))))*('Export (QBO)'!$J$2:$J$2483=$A66)*('Export (QBO)'!$I$2:$I$2483)) )} -> 0 | P66: =SUM(D66:O66) -> 0 | Q66: {=( SUM(('Export (QBO)'!$G$2:$G$6969>=Budget!Q$1)*('Export (QBO)'!$G$2:$G$6969<=((EOMONTH(Budget!Q$1,0))))*('Export (QBO)'!$J$2:$J$6969=$A66)*('Export (QBO)'!$I$2:$I$6969)) )} -> 0 | R66: {=( SUM(('Export (QBO)'!$G$2:$G$6969>=Budget!R$1)*('Export (QBO)'!$G$2:$G$6969<=((EOMONTH(Budget!R$1,0))))*('Export (QBO)'!$J$2:$J$6969=$A66)*('Export (QBO)'!$I$2:$I$6969)) )} -> 0 | S66: {=( SUM(('Export (QBO)'!$G$2:$G$6969>=Budget!S$1)*('Export (QBO)'!$G$2:$G$6969<=((EOMONTH(Budget!S$1,0))))*('Export (QBO)'!$J$2:$J$6969=$A66)*('Export (QBO)'!$I$2:$I$6969)) )} -> 0 | T66: {=( SUM(('Export (QBO)'!$G$2:$G$6969>=Budget!T$1)*('Export (QBO)'!$G$2:$G$6969<=((EOMONTH(Budget!T$1,0))))*('Export (QBO)'!$J$2:$J$6969=$A66)*('Export (QBO)'!$I$2:$I$6969)) )} -> 0 | U66: {=( SUM(('Export (QBO)'!$G$2:$G$6969>=Budget!U$1)*('Export (QBO)'!$G$2:$G$6969<=((EOMONTH(Budget!U$1,0))))*('Export (QBO)'!$J$2:$J$6969=$A66)*('Export (QBO)'!$I$2:$I$6969)) )} -> 0 | V66: {=( SUM(('Export (QBO)'!$G$2:$G$6969>=Budget!V$1)*('Export (QBO)'!$G$2:$G$6969<=((EOMONTH(Budget!V$1,0))))*('Export (QBO)'!$J$2:$J$6969=$A66)*('Export (QBO)'!$I$2:$I$6969)) )} -> 0 | W66: {=( SUM(('Export (QBO)'!$G$2:$G$6969>=Budget!W$1)*('Export (QBO)'!$G$2:$G$6969<=((EOMONTH(Budget!W$1,0))))*('Export (QBO)'!$J$2:$J$6969=$A66)*('Export (QBO)'!$I$2:$I$6969)) )} -> 0 | X66: {=( SUM(('Export (QBO)'!$G$2:$G$6969>=Budget!X$1)*('Export (QBO)'!$G$2:$G$6969<=((EOMONTH(Budget!X$1,0))))*('Export (QBO)'!$J$2:$J$6969=$A66)*('Export (QBO)'!$I$2:$I$6969)) )} -> 0 | ... AB66: {=( SUM(('Export (QBO)'!$G$2:$G$6969>=Budget!AB$1)*('Export (QBO)'!$G$2:$G$6969<=((EOMONTH(Budget!AB$1,0))))*('Export (QBO)'!$J$2:$J$6969=$A66)*('Export (QBO)'!$I$2:$I$6969)) )} -> 0 | AC66: =SUM(Q66:AB66) -> 0
A67: Health Spending - Scott | B67: =IFERROR((VLOOKUP(A67,'GL Review'!E:G,3,FALSE)),"") -> 52173 | D67: {=( SUM(('Export (QBO)'!$G$2:$G$2483>=Budget!D$1)*('Export (QBO)'!$G$2:$G$2483<=((EOMONTH(Budget!D$1,0))))*('Export (QBO)'!$J$2:$J$2483=$A67)*('Export (QBO)'!$I$2:$I$2483)) )} -> 0 | E67: {=( SUM(('Export (QBO)'!$G$2:$G$2483>=Budget!E$1)*('Export (QBO)'!$G$2:$G$2483<=((EOMONTH(Budget!E$1,0))))*('Export (QBO)'!$J$2:$J$2483=$A67)*('Export (QBO)'!$I$2:$I$2483)) )} -> 0 | F67: {=( SUM(('Export (QBO)'!$G$2:$G$2483>=Budget!F$1)*('Export (QBO)'!$G$2:$G$2483<=((EOMONTH(Budget!F$1,0))))*('Export (QBO)'!$J$2:$J$2483=$A67)*('Export (QBO)'!$I$2:$I$2483)) )} -> 0 | G67: {=( SUM(('Export (QBO)'!$G$2:$G$2483>=Budget!G$1)*('Export (QBO)'!$G$2:$G$2483<=((EOMONTH(Budget!G$1,0))))*('Export (QBO)'!$J$2:$J$2483=$A67)*('Export (QBO)'!$I$2:$I$2483)) )} -> 0 | H67: {=( SUM(('Export (QBO)'!$G$2:$G$2483>=Budget!H$1)*('Export (QBO)'!$G$2:$G$2483<=((EOMONTH(Budget!H$1,0))))*('Export (QBO)'!$J$2:$J$2483=$A67)*('Export (QBO)'!$I$2:$I$2483)) )} -> 0 | I67: {=( SUM(('Export (QBO)'!$G$2:$G$2483>=Budget!I$1)*('Export (QBO)'!$G$2:$G$2483<=((EOMONTH(Budget!I$1,0))))*('Export (QBO)'!$J$2:$J$2483=$A67)*('Export (QBO)'!$I$2:$I$2483)) )} -> 0 | J67: {=( SUM(('Export (QBO)'!$G$2:$G$2483>=Budget!J$1)*('Export (QBO)'!$G$2:$G$2483<=((EOMONTH(Budget!J$1,0))))*('Export (QBO)'!$J$2:$J$2483=$A67)*('Export (QBO)'!$I$2:$I$2483)) )} -> 0 | K67: {=( SUM(('Export (QBO)'!$G$2:$G$2483>=Budget!K$1)*('Export (QBO)'!$G$2:$G$2483<=((EOMONTH(Budget!K$1,0))))*('Export (QBO)'!$J$2:$J$2483=$A67)*('Export (QBO)'!$I$2:$I$2483)) )} -> 0 | ... O67: {=( SUM(('Export (QBO)'!$G$2:$G$2483>=Budget!O$1)*('Export (QBO)'!$G$2:$G$2483<=((EOMONTH(Budget!O$1,0))))*('Export (QBO)'!$J$2:$J$2483=$A67)*('Export (QBO)'!$I$2:$I$2483)) )} -> 0 | P67: =SUM(D67:O67) -> 0 | Q67: {=( SUM(('Export (QBO)'!$G$2:$G$6969>=Budget!Q$1)*('Export (QBO)'!$G$2:$G$6969<=((EOMONTH(Budget!Q$1,0))))*('Export (QBO)'!$J$2:$J$6969=$A67)*('Export (QBO)'!$I$2:$I$6969)) )} -> 0 | R67: {=( SUM(('Export (QBO)'!$G$2:$G$6969>=Budget!R$1)*('Export (QBO)'!$G$2:$G$6969<=((EOMONTH(Budget!R$1,0))))*('Export (QBO)'!$J$2:$J$6969=$A67)*('Export (QBO)'!$I$2:$I$6969)) )} -> 247 | S67: {=( SUM(('Export (QBO)'!$G$2:$G$6969>=Budget!S$1)*('Export (QBO)'!$G$2:$G$6969<=((EOMONTH(Budget!S$1,0))))*('Export (QBO)'!$J$2:$J$6969=$A67)*('Export (QBO)'!$I$2:$I$6969)) )} -> 0 | T67: {=( SUM(('Export (QBO)'!$G$2:$G$6969>=Budget!T$1)*('Export (QBO)'!$G$2:$G$6969<=((EOMONTH(Budget!T$1,0))))*('Export (QBO)'!$J$2:$J$6969=$A67)*('Export (QBO)'!$I$2:$I$6969)) )} -> 0 | U67: {=( SUM(('Export (QBO)'!$G$2:$G$6969>=Budget!U$1)*('Export (QBO)'!$G$2:$G$6969<=((EOMONTH(Budget!U$1,0))))*('Export (QBO)'!$J$2:$J$6969=$A67)*('Export (QBO)'!$I$2:$I$6969)) )} -> 0 | V67: {=( SUM(('Export (QBO)'!$G$2:$G$6969>=Budget!V$1)*('Export (QBO)'!$G$2:$G$6969<=((EOMONTH(Budget!V$1,0))))*('Export (QBO)'!$J$2:$J$6969=$A67)*('Export (QBO)'!$I$2:$I$6969)) )} -> 0 | W67: {=( SUM(('Export (QBO)'!$G$2:$G$6969>=Budget!W$1)*('Export (QBO)'!$G$2:$G$6969<=((EOMONTH(Budget!W$1,0))))*('Export (QBO)'!$J$2:$J$6969=$A67)*('Export (QBO)'!$I$2:$I$6969)) )} -> 0 | X67: {=( SUM(('Export (QBO)'!$G$2:$G$6969>=Budget!X$1)*('Export (QBO)'!$G$2:$G$6969<=((EOMONTH(Budget!X$1,0))))*('Export (QBO)'!$J$2:$J$6969=$A67)*('Export (QBO)'!$I$2:$I$6969)) )} -> 0 | ... AB67: {=( SUM(('Export (QBO)'!$G$2:$G$6969>=Budget!AB$1)*('Export (QBO)'!$G$2:$G$6969<=((EOMONTH(Budget!AB$1,0))))*('Export (QBO)'!$J$2:$J$6969=$A67)*('Export (QBO)'!$I$2:$I$6969)) )} -> 0 | AC67: =SUM(Q67:AB67) -> 247
B68: =IFERROR((VLOOKUP(A68,'GL Review'!E:G,3,FALSE)),"")
A69: Total Payroll Expense | B69: =IFERROR((VLOOKUP(A69,'GL Review'!E:G,3,FALSE)),"") | D69: =SUM(D58:D68) -> 0 | E69: =SUM(E58:E68) -> 0 | F69: =SUM(F58:F68) -> 0 | G69: =SUM(G58:G68) -> 0 | H69: =SUM(H58:H68) -> 0 | I69: =SUM(I58:I68) -> 0 | J69: =SUM(J58:J68) -> 0 | K69: =SUM(K58:K68) -> 0 | ... O69: =SUM(O58:O68) -> 0 | P69: =SUM(D69:O69) -> 0 | Q69: =SUM(Q58:Q68) -> 104364.13 | R69: =SUM(R58:R68) -> 72920.12 | S69: =SUM(S58:S68) -> 12985.07 | T69: =SUM(T58:T68) -> 22665.11 | U69: =SUM(U58:U68) -> 24607.41 | V69: =SUM(V58:V68) -> 27422.33 | W69: =SUM(W58:W68) -> 17540.9 | X69: =SUM(X58:X68) -> 17136.61 | ... AB69: =SUM(AB58:AB68) -> 26665.81 | AC69: =SUM(Q69:AB69) -> 378394.35
B70: =IFERROR((VLOOKUP(A70,'GL Review'!E:G,3,FALSE)),"")
B71: =IFERROR((VLOOKUP(A71,'GL Review'!E:G,3,FALSE)),"")
A72: Shareholder Loans | B72: =IFERROR((VLOOKUP(A72,'GL Review'!E:G,3,FALSE)),"")
A73: Shareholder Loan | B73: =IFERROR((VLOOKUP(A73,'GL Review'!E:G,3,FALSE)),"") -> 21040 | D73: {=( SUM(('Export (QBO)'!$G$2:$G$2483>=Budget!D$1)*('Export (QBO)'!$G$2:$G$2483<=((EOMONTH(Budget!D$1,0))))*('Export (QBO)'!$J$2:$J$2483=$A73)*('Export (QBO)'!$I$2:$I$2483)) )} -> 0 | E73: {=( SUM(('Export (QBO)'!$G$2:$G$2483>=Budget!E$1)*('Export (QBO)'!$G$2:$G$2483<=((EOMONTH(Budget!E$1,0))))*('Export (QBO)'!$J$2:$J$2483=$A73)*('Export (QBO)'!$I$2:$I$2483)) )} -> 0 | F73: {=( SUM(('Export (QBO)'!$G$2:$G$2483>=Budget!F$1)*('Export (QBO)'!$G$2:$G$2483<=((EOMONTH(Budget!F$1,0))))*('Export (QBO)'!$J$2:$J$2483=$A73)*('Export (QBO)'!$I$2:$I$2483)) )} -> 0 | G73: {=( SUM(('Export (QBO)'!$G$2:$G$2483>=Budget!G$1)*('Export (QBO)'!$G$2:$G$2483<=((EOMONTH(Budget!G$1,0))))*('Export (QBO)'!$J$2:$J$2483=$A73)*('Export (QBO)'!$I$2:$I$2483)) )} -> 0 | H73: {=( SUM(('Export (QBO)'!$G$2:$G$2483>=Budget!H$1)*('Export (QBO)'!$G$2:$G$2483<=((EOMONTH(Budget!H$1,0))))*('Export (QBO)'!$J$2:$J$2483=$A73)*('Export (QBO)'!$I$2:$I$2483)) )} -> 0 | I73: {=( SUM(('Export (QBO)'!$G$2:$G$2483>=Budget!I$1)*('Export (QBO)'!$G$2:$G$2483<=((EOMONTH(Budget!I$1,0))))*('Export (QBO)'!$J$2:$J$2483=$A73)*('Export (QBO)'!$I$2:$I$2483)) )} -> 0 | J73: {=( SUM(('Export (QBO)'!$G$2:$G$2483>=Budget!J$1)*('Export (QBO)'!$G$2:$G$2483<=((EOMONTH(Budget!J$1,0))))*('Export (QBO)'!$J$2:$J$2483=$A73)*('Export (QBO)'!$I$2:$I$2483)) )} -> 0 | K73: {=( SUM(('Export (QBO)'!$G$2:$G$2483>=Budget!K$1)*('Export (QBO)'!$G$2:$G$2483<=((EOMONTH(Budget!K$1,0))))*('Export (QBO)'!$J$2:$J$2483=$A73)*('Export (QBO)'!$I$2:$I$2483)) )} -> 0 | ... O73: {=( SUM(('Export (QBO)'!$G$2:$G$2483>=Budget!O$1)*('Export (QBO)'!$G$2:$G$2483<=((EOMONTH(Budget!O$1,0))))*('Export (QBO)'!$J$2:$J$2483=$A73)*('Export (QBO)'!$I$2:$I$2483)) )} -> 0 | P73: =SUM(D73:O73) -> 0 | Q73: {=( SUM(('Export (QBO)'!$G$2:$G$6969>=Budget!Q$1)*('Export (QBO)'!$G$2:$G$6969<=((EOMONTH(Budget!Q$1,0))))*('Export (QBO)'!$J$2:$J$6969=$A73)*('Export (QBO)'!$I$2:$I$6969)) )} -> 0 | R73: {=( SUM(('Export (QBO)'!$G$2:$G$6969>=Budget!R$1)*('Export (QBO)'!$G$2:$G$6969<=((EOMONTH(Budget!R$1,0))))*('Export (QBO)'!$J$2:$J$6969=$A73)*('Export (QBO)'!$I$2:$I$6969)) )} -> 0 | S73: {=( SUM(('Export (QBO)'!$G$2:$G$6969>=Budget!S$1)*('Export (QBO)'!$G$2:$G$6969<=((EOMONTH(Budget!S$1,0))))*('Export (QBO)'!$J$2:$J$6969=$A73)*('Export (QBO)'!$I$2:$I$6969)) )} -> 0 | T73: {=( SUM(('Export (QBO)'!$G$2:$G$6969>=Budget!T$1)*('Export (QBO)'!$G$2:$G$6969<=((EOMONTH(Budget!T$1,0))))*('Export (QBO)'!$J$2:$J$6969=$A73)*('Export (QBO)'!$I$2:$I$6969)) )} -> 0 | U73: {=( SUM(('Export (QBO)'!$G$2:$G$6969>=Budget!U$1)*('Export (QBO)'!$G$2:$G$6969<=((EOMONTH(Budget!U$1,0))))*('Export (QBO)'!$J$2:$J$6969=$A73)*('Export (QBO)'!$I$2:$I$6969)) )} -> 0 | V73: {=( SUM(('Export (QBO)'!$G$2:$G$6969>=Budget!V$1)*('Export (QBO)'!$G$2:$G$6969<=((EOMONTH(Budget!V$1,0))))*('Export (QBO)'!$J$2:$J$6969=$A73)*('Export (QBO)'!$I$2:$I$6969)) )} -> 0 | W73: {=( SUM(('Export (QBO)'!$G$2:$G$6969>=Budget!W$1)*('Export (QBO)'!$G$2:$G$6969<=((EOMONTH(Budget!W$1,0))))*('Export (QBO)'!$J$2:$J$6969=$A73)*('Export (QBO)'!$I$2:$I$6969)) )} -> 0 | X73: {=( SUM(('Export (QBO)'!$G$2:$G$6969>=Budget!X$1)*('Export (QBO)'!$G$2:$G$6969<=((EOMONTH(Budget!X$1,0))))*('Export (QBO)'!$J$2:$J$6969=$A73)*('Export (QBO)'!$I$2:$I$6969)) )} -> 0 | ... AB73: {=( SUM(('Export (QBO)'!$G$2:$G$6969>=Budget!AB$1)*('Export (QBO)'!$G$2:$G$6969<=((EOMONTH(Budget!AB$1,0))))*('Export (QBO)'!$J$2:$J$6969=$A73)*('Export (QBO)'!$I$2:$I$6969)) )} -> 0 | AC73: =SUM(Q73:AB73) -> 0
B74: =IFERROR((VLOOKUP(A74,'GL Review'!E:G,3,FALSE)),"")
A75: Total Shareholder Loans | B75: =IFERROR((VLOOKUP(A75,'GL Review'!E:G,3,FALSE)),"") | D75: =SUM(D72:D74) -> 0 | E75: =SUM(E72:E74) -> 0 | F75: =SUM(F72:F74) -> 0 | G75: =SUM(G72:G74) -> 0 | H75: =SUM(H72:H74) -> 0 | I75: =SUM(I72:I74) -> 0 | J75: =SUM(J72:J74) -> 0 | K75: =SUM(K72:K74) -> 0 | ... O75: =SUM(O72:O74) -> 0 | P75: =SUM(D75:O75) -> 0 | Q75: =SUM(Q72:Q74) -> 0 | R75: =SUM(R72:R74) -> 0 | S75: =SUM(S72:S74) -> 0 | T75: =SUM(T72:T74) -> 0 | U75: =SUM(U72:U74) -> 0 | V75: =SUM(V72:V74) -> 0 | W75: =SUM(W72:W74) -> 0 | X75: =SUM(X72:X74) -> 0 | ... AB75: =SUM(AB72:AB74) -> 0 | AC75: =SUM(Q75:AB75) -> 0
A79: Operational Expenses | B79: =IFERROR((VLOOKUP(A79,'GL Review'!E:G,3,FALSE)),"")
A80: Accounting | B80: =IFERROR((VLOOKUP(A80,'GL Review'!E:G,3,FALSE)),"") -> 52110 | D80: {=( SUM(('Export (QBO)'!$G$2:$G$2483>=Budget!D$1)*('Export (QBO)'!$G$2:$G$2483<=((EOMONTH(Budget!D$1,0))))*('Export (QBO)'!$J$2:$J$2483=$A80)*('Export (QBO)'!$I$2:$I$2483)) )} -> 0 | E80: {=( SUM(('Export (QBO)'!$G$2:$G$2483>=Budget!E$1)*('Export (QBO)'!$G$2:$G$2483<=((EOMONTH(Budget!E$1,0))))*('Export (QBO)'!$J$2:$J$2483=$A80)*('Export (QBO)'!$I$2:$I$2483)) )} -> 0 | F80: {=( SUM(('Export (QBO)'!$G$2:$G$2483>=Budget!F$1)*('Export (QBO)'!$G$2:$G$2483<=((EOMONTH(Budget!F$1,0))))*('Export (QBO)'!$J$2:$J$2483=$A80)*('Export (QBO)'!$I$2:$I$2483)) )} -> 0 | G80: {=( SUM(('Export (QBO)'!$G$2:$G$2483>=Budget!G$1)*('Export (QBO)'!$G$2:$G$2483<=((EOMONTH(Budget!G$1,0))))*('Export (QBO)'!$J$2:$J$2483=$A80)*('Export (QBO)'!$I$2:$I$2483)) )} -> 0 | H80: {=( SUM(('Export (QBO)'!$G$2:$G$2483>=Budget!H$1)*('Export (QBO)'!$G$2:$G$2483<=((EOMONTH(Budget!H$1,0))))*('Export (QBO)'!$J$2:$J$2483=$A80)*('Export (QBO)'!$I$2:$I$2483)) )} -> 0 | I80: {=( SUM(('Export (QBO)'!$G$2:$G$2483>=Budget!I$1)*('Export (QBO)'!$G$2:$G$2483<=((EOMONTH(Budget!I$1,0))))*('Export (QBO)'!$J$2:$J$2483=$A80)*('Export (QBO)'!$I$2:$I$2483)) )} -> 0 | J80: {=( SUM(('Export (QBO)'!$G$2:$G$2483>=Budget!J$1)*('Export (QBO)'!$G$2:$G$2483<=((EOMONTH(Budget!J$1,0))))*('Export (QBO)'!$J$2:$J$2483=$A80)*('Export (QBO)'!$I$2:$I$2483)) )} -> 0 | K80: {=( SUM(('Export (QBO)'!$G$2:$G$2483>=Budget!K$1)*('Export (QBO)'!$G$2:$G$2483<=((EOMONTH(Budget!K$1,0))))*('Export (QBO)'!$J$2:$J$2483=$A80)*('Export (QBO)'!$I$2:$I$2483)) )} -> 0 | ... O80: {=( SUM(('Export (QBO)'!$G$2:$G$2483>=Budget!O$1)*('Export (QBO)'!$G$2:$G$2483<=((EOMONTH(Budget!O$1,0))))*('Export (QBO)'!$J$2:$J$2483=$A80)*('Export (QBO)'!$I$2:$I$2483)) )} -> 0 | P80: =SUM(D80:O80) -> 0 | Q80: {=( SUM(('Export (QBO)'!$G$2:$G$6969>=Budget!Q$1)*('Export (QBO)'!$G$2:$G$6969<=((EOMONTH(Budget!Q$1,0))))*('Export (QBO)'!$J$2:$J$6969=$A80)*('Export (QBO)'!$I$2:$I$6969)) )} -> 89.6 | R80: {=( SUM(('Export (QBO)'!$G$2:$G$6969>=Budget!R$1)*('Export (QBO)'!$G$2:$G$6969<=((EOMONTH(Budget!R$1,0))))*('Export (QBO)'!$J$2:$J$6969=$A80)*('Export (QBO)'!$I$2:$I$6969)) )} -> 302.93 | S80: {=( SUM(('Export (QBO)'!$G$2:$G$6969>=Budget!S$1)*('Export (QBO)'!$G$2:$G$6969<=((EOMONTH(Budget!S$1,0))))*('Export (QBO)'!$J$2:$J$6969=$A80)*('Export (QBO)'!$I$2:$I$6969)) )} -> 5967.93 | T80: {=( SUM(('Export (QBO)'!$G$2:$G$6969>=Budget!T$1)*('Export (QBO)'!$G$2:$G$6969<=((EOMONTH(Budget!T$1,0))))*('Export (QBO)'!$J$2:$J$6969=$A80)*('Export (QBO)'!$I$2:$I$6969)) )} -> 5444.46 | U80: {=( SUM(('Export (QBO)'!$G$2:$G$6969>=Budget!U$1)*('Export (QBO)'!$G$2:$G$6969<=((EOMONTH(Budget!U$1,0))))*('Export (QBO)'!$J$2:$J$6969=$A80)*('Export (QBO)'!$I$2:$I$6969)) )} -> 1765.29 | V80: {=( SUM(('Export (QBO)'!$G$2:$G$6969>=Budget!V$1)*('Export (QBO)'!$G$2:$G$6969<=((EOMONTH(Budget!V$1,0))))*('Export (QBO)'!$J$2:$J$6969=$A80)*('Export (QBO)'!$I$2:$I$6969)) )} -> 122.66 | W80: {=( SUM(('Export (QBO)'!$G$2:$G$6969>=Budget!W$1)*('Export (QBO)'!$G$2:$G$6969<=((EOMONTH(Budget!W$1,0))))*('Export (QBO)'!$J$2:$J$6969=$A80)*('Export (QBO)'!$I$2:$I$6969)) )} -> 101.33 | X80: {=( SUM(('Export (QBO)'!$G$2:$G$6969>=Budget!X$1)*('Export (QBO)'!$G$2:$G$6969<=((EOMONTH(Budget!X$1,0))))*('Export (QBO)'!$J$2:$J$6969=$A80)*('Export (QBO)'!$I$2:$I$6969)) )} -> 101.33 | ... AB80: {=( SUM(('Export (QBO)'!$G$2:$G$6969>=Budget!AB$1)*('Export (QBO)'!$G$2:$G$6969<=((EOMONTH(Budget!AB$1,0))))*('Export (QBO)'!$J$2:$J$6969=$A80)*('Export (QBO)'!$I$2:$I$6969)) )} -> 2500 | AC80: =SUM(Q80:AB80) -> 30214.52 | AE80: =15000+12000+10000+6000 -> 43000 | AG80: =AC80/AE80 -> 0.70266326
A81: Insurance | B81: =IFERROR((VLOOKUP(A81,'GL Review'!E:G,3,FALSE)),"") -> 52175 | D81: {=( SUM(('Export (QBO)'!$G$2:$G$2483>=Budget!D$1)*('Export (QBO)'!$G$2:$G$2483<=((EOMONTH(Budget!D$1,0))))*('Export (QBO)'!$J$2:$J$2483=$A81)*('Export (QBO)'!$I$2:$I$2483)) )} -> 0 | E81: {=( SUM(('Export (QBO)'!$G$2:$G$2483>=Budget!E$1)*('Export (QBO)'!$G$2:$G$2483<=((EOMONTH(Budget!E$1,0))))*('Export (QBO)'!$J$2:$J$2483=$A81)*('Export (QBO)'!$I$2:$I$2483)) )} -> 0 | F81: {=( SUM(('Export (QBO)'!$G$2:$G$2483>=Budget!F$1)*('Export (QBO)'!$G$2:$G$2483<=((EOMONTH(Budget!F$1,0))))*('Export (QBO)'!$J$2:$J$2483=$A81)*('Export (QBO)'!$I$2:$I$2483)) )} -> 0 | G81: {=( SUM(('Export (QBO)'!$G$2:$G$2483>=Budget!G$1)*('Export (QBO)'!$G$2:$G$2483<=((EOMONTH(Budget!G$1,0))))*('Export (QBO)'!$J$2:$J$2483=$A81)*('Export (QBO)'!$I$2:$I$2483)) )} -> 0 | H81: {=( SUM(('Export (QBO)'!$G$2:$G$2483>=Budget!H$1)*('Export (QBO)'!$G$2:$G$2483<=((EOMONTH(Budget!H$1,0))))*('Export (QBO)'!$J$2:$J$2483=$A81)*('Export (QBO)'!$I$2:$I$2483)) )} -> 0 | I81: {=( SUM(('Export (QBO)'!$G$2:$G$2483>=Budget!I$1)*('Export (QBO)'!$G$2:$G$2483<=((EOMONTH(Budget!I$1,0))))*('Export (QBO)'!$J$2:$J$2483=$A81)*('Export (QBO)'!$I$2:$I$2483)) )} -> 0 | J81: {=( SUM(('Export (QBO)'!$G$2:$G$2483>=Budget!J$1)*('Export (QBO)'!$G$2:$G$2483<=((EOMONTH(Budget!J$1,0))))*('Export (QBO)'!$J$2:$J$2483=$A81)*('Export (QBO)'!$I$2:$I$2483)) )} -> 0 | K81: {=( SUM(('Export (QBO)'!$G$2:$G$2483>=Budget!K$1)*('Export (QBO)'!$G$2:$G$2483<=((EOMONTH(Budget!K$1,0))))*('Export (QBO)'!$J$2:$J$2483=$A81)*('Export (QBO)'!$I$2:$I$2483)) )} -> 0 | ... O81: {=( SUM(('Export (QBO)'!$G$2:$G$2483>=Budget!O$1)*('Export (QBO)'!$G$2:$G$2483<=((EOMONTH(Budget!O$1,0))))*('Export (QBO)'!$J$2:$J$2483=$A81)*('Export (QBO)'!$I$2:$I$2483)) )} -> 0 | P81: =SUM(D81:O81) -> 0 | Q81: {=( SUM(('Export (QBO)'!$G$2:$G$6969>=Budget!Q$1)*('Export (QBO)'!$G$2:$G$6969<=((EOMONTH(Budget!Q$1,0))))*('Export (QBO)'!$J$2:$J$6969=$A81)*('Export (QBO)'!$I$2:$I$6969)) )} -> 1252.44 | R81: {=( SUM(('Export (QBO)'!$G$2:$G$6969>=Budget!R$1)*('Export (QBO)'!$G$2:$G$6969<=((EOMONTH(Budget!R$1,0))))*('Export (QBO)'!$J$2:$J$6969=$A81)*('Export (QBO)'!$I$2:$I$6969)) )} -> 1252.44 | S81: {=( SUM(('Export (QBO)'!$G$2:$G$6969>=Budget!S$1)*('Export (QBO)'!$G$2:$G$6969<=((EOMONTH(Budget!S$1,0))))*('Export (QBO)'!$J$2:$J$6969=$A81)*('Export (QBO)'!$I$2:$I$6969)) )} -> 1252.44 | T81: {=( SUM(('Export (QBO)'!$G$2:$G$6969>=Budget!T$1)*('Export (QBO)'!$G$2:$G$6969<=((EOMONTH(Budget!T$1,0))))*('Export (QBO)'!$J$2:$J$6969=$A81)*('Export (QBO)'!$I$2:$I$6969)) )} -> 1252.44 | U81: {=( SUM(('Export (QBO)'!$G$2:$G$6969>=Budget!U$1)*('Export (QBO)'!$G$2:$G$6969<=((EOMONTH(Budget!U$1,0))))*('Export (QBO)'!$J$2:$J$6969=$A81)*('Export (QBO)'!$I$2:$I$6969)) )} -> 1252.44 | V81: {=( SUM(('Export (QBO)'!$G$2:$G$6969>=Budget!V$1)*('Export (QBO)'!$G$2:$G$6969<=((EOMONTH(Budget!V$1,0))))*('Export (QBO)'!$J$2:$J$6969=$A81)*('Export (QBO)'!$I$2:$I$6969)) )} -> 1252.44 | W81: {=( SUM(('Export (QBO)'!$G$2:$G$6969>=Budget!W$1)*('Export (QBO)'!$G$2:$G$6969<=((EOMONTH(Budget!W$1,0))))*('Export (QBO)'!$J$2:$J$6969=$A81)*('Export (QBO)'!$I$2:$I$6969)) )} -> 1252.44 | X81: {=( SUM(('Export (QBO)'!$G$2:$G$6969>=Budget!X$1)*('Export (QBO)'!$G$2:$G$6969<=((EOMONTH(Budget!X$1,0))))*('Export (QBO)'!$J$2:$J$6969=$A81)*('Export (QBO)'!$I$2:$I$6969)) )} -> 1252.44 | ... AB81: {=( SUM(('Export (QBO)'!$G$2:$G$6969>=Budget!AB$1)*('Export (QBO)'!$G$2:$G$6969<=((EOMONTH(Budget!AB$1,0))))*('Export (QBO)'!$J$2:$J$6969=$A81)*('Export (QBO)'!$I$2:$I$6969)) )} -> 991.37 | AC81: =SUM(Q81:AB81) -> 12993.69 | AE81: =1260*12 -> 15120 | AG81: =AC81/AE81 -> 0.85937103 | AI81: Adjustment needed…
A82: Technology & Website | B82: =IFERROR((VLOOKUP(A82,'GL Review'!E:G,3,FALSE)),"") -> 52152 | D82: {=( SUM(('Export (QBO)'!$G$2:$G$2483>=Budget!D$1)*('Export (QBO)'!$G$2:$G$2483<=((EOMONTH(Budget!D$1,0))))*('Export (QBO)'!$J$2:$J$2483=$A82)*('Export (QBO)'!$I$2:$I$2483)) )} -> 0 | E82: {=( SUM(('Export (QBO)'!$G$2:$G$2483>=Budget!E$1)*('Export (QBO)'!$G$2:$G$2483<=((EOMONTH(Budget!E$1,0))))*('Export (QBO)'!$J$2:$J$2483=$A82)*('Export (QBO)'!$I$2:$I$2483)) )} -> 0 | F82: {=( SUM(('Export (QBO)'!$G$2:$G$2483>=Budget!F$1)*('Export (QBO)'!$G$2:$G$2483<=((EOMONTH(Budget!F$1,0))))*('Export (QBO)'!$J$2:$J$2483=$A82)*('Export (QBO)'!$I$2:$I$2483)) )} -> 0 | G82: {=( SUM(('Export (QBO)'!$G$2:$G$2483>=Budget!G$1)*('Export (QBO)'!$G$2:$G$2483<=((EOMONTH(Budget!G$1,0))))*('Export (QBO)'!$J$2:$J$2483=$A82)*('Export (QBO)'!$I$2:$I$2483)) )} -> 0 | H82: {=( SUM(('Export (QBO)'!$G$2:$G$2483>=Budget!H$1)*('Export (QBO)'!$G$2:$G$2483<=((EOMONTH(Budget!H$1,0))))*('Export (QBO)'!$J$2:$J$2483=$A82)*('Export (QBO)'!$I$2:$I$2483)) )} -> 0 | I82: {=( SUM(('Export (QBO)'!$G$2:$G$2483>=Budget!I$1)*('Export (QBO)'!$G$2:$G$2483<=((EOMONTH(Budget!I$1,0))))*('Export (QBO)'!$J$2:$J$2483=$A82)*('Export (QBO)'!$I$2:$I$2483)) )} -> 0 | J82: {=( SUM(('Export (QBO)'!$G$2:$G$2483>=Budget!J$1)*('Export (QBO)'!$G$2:$G$2483<=((EOMONTH(Budget!J$1,0))))*('Export (QBO)'!$J$2:$J$2483=$A82)*('Export (QBO)'!$I$2:$I$2483)) )} -> 0 | K82: {=( SUM(('Export (QBO)'!$G$2:$G$2483>=Budget!K$1)*('Export (QBO)'!$G$2:$G$2483<=((EOMONTH(Budget!K$1,0))))*('Export (QBO)'!$J$2:$J$2483=$A82)*('Export (QBO)'!$I$2:$I$2483)) )} -> 0 | ... O82: {=( SUM(('Export (QBO)'!$G$2:$G$2483>=Budget!O$1)*('Export (QBO)'!$G$2:$G$2483<=((EOMONTH(Budget!O$1,0))))*('Export (QBO)'!$J$2:$J$2483=$A82)*('Export (QBO)'!$I$2:$I$2483)) )} -> 0 | P82: =SUM(D82:O82) -> 0 | Q82: {=( SUM(('Export (QBO)'!$G$2:$G$6969>=Budget!Q$1)*('Export (QBO)'!$G$2:$G$6969<=((EOMONTH(Budget!Q$1,0))))*('Export (QBO)'!$J$2:$J$6969=$A82)*('Export (QBO)'!$I$2:$I$6969)) )} -> 70.62 | R82: {=( SUM(('Export (QBO)'!$G$2:$G$6969>=Budget!R$1)*('Export (QBO)'!$G$2:$G$6969<=((EOMONTH(Budget!R$1,0))))*('Export (QBO)'!$J$2:$J$6969=$A82)*('Export (QBO)'!$I$2:$I$6969)) )} -> 1751.01 | S82: {=( SUM(('Export (QBO)'!$G$2:$G$6969>=Budget!S$1)*('Export (QBO)'!$G$2:$G$6969<=((EOMONTH(Budget!S$1,0))))*('Export (QBO)'!$J$2:$J$6969=$A82)*('Export (QBO)'!$I$2:$I$6969)) )} -> 1987.2 | T82: {=( SUM(('Export (QBO)'!$G$2:$G$6969>=Budget!T$1)*('Export (QBO)'!$G$2:$G$6969<=((EOMONTH(Budget!T$1,0))))*('Export (QBO)'!$J$2:$J$6969=$A82)*('Export (QBO)'!$I$2:$I$6969)) )} -> 1991.09 | U82: {=( SUM(('Export (QBO)'!$G$2:$G$6969>=Budget!U$1)*('Export (QBO)'!$G$2:$G$6969<=((EOMONTH(Budget!U$1,0))))*('Export (QBO)'!$J$2:$J$6969=$A82)*('Export (QBO)'!$I$2:$I$6969)) )} -> 37.78 | V82: {=( SUM(('Export (QBO)'!$G$2:$G$6969>=Budget!V$1)*('Export (QBO)'!$G$2:$G$6969<=((EOMONTH(Budget!V$1,0))))*('Export (QBO)'!$J$2:$J$6969=$A82)*('Export (QBO)'!$I$2:$I$6969)) )} -> 37.72 | W82: {=( SUM(('Export (QBO)'!$G$2:$G$6969>=Budget!W$1)*('Export (QBO)'!$G$2:$G$6969<=((EOMONTH(Budget!W$1,0))))*('Export (QBO)'!$J$2:$J$6969=$A82)*('Export (QBO)'!$I$2:$I$6969)) )} -> 453.25 | X82: {=( SUM(('Export (QBO)'!$G$2:$G$6969>=Budget!X$1)*('Export (QBO)'!$G$2:$G$6969<=((EOMONTH(Budget!X$1,0))))*('Export (QBO)'!$J$2:$J$6969=$A82)*('Export (QBO)'!$I$2:$I$6969)) )} -> 37.79 | ... AB82: {=( SUM(('Export (QBO)'!$G$2:$G$6969>=Budget!AB$1)*('Export (QBO)'!$G$2:$G$6969<=((EOMONTH(Budget!AB$1,0))))*('Export (QBO)'!$J$2:$J$6969=$A82)*('Export (QBO)'!$I$2:$I$6969)) )} -> 47.43 | AC82: =SUM(Q82:AB82) -> 6536.15 | AE82: 2000 | AG82: =AC82/AE82 -> 3.268075 | AI82: Manjot invoice. Wix to be canceled by Manjot.
A83: Licenses & Permits | B83: =IFERROR((VLOOKUP(A83,'GL Review'!E:G,3,FALSE)),"") -> 52140 | D83: {=( SUM(('Export (QBO)'!$G$2:$G$2483>=Budget!D$1)*('Export (QBO)'!$G$2:$G$2483<=((EOMONTH(Budget!D$1,0))))*('Export (QBO)'!$J$2:$J$2483=$A83)*('Export (QBO)'!$I$2:$I$2483)) )} -> 0 | E83: {=( SUM(('Export (QBO)'!$G$2:$G$2483>=Budget!E$1)*('Export (QBO)'!$G$2:$G$2483<=((EOMONTH(Budget!E$1,0))))*('Export (QBO)'!$J$2:$J$2483=$A83)*('Export (QBO)'!$I$2:$I$2483)) )} -> 0 | F83: {=( SUM(('Export (QBO)'!$G$2:$G$2483>=Budget!F$1)*('Export (QBO)'!$G$2:$G$2483<=((EOMONTH(Budget!F$1,0))))*('Export (QBO)'!$J$2:$J$2483=$A83)*('Export (QBO)'!$I$2:$I$2483)) )} -> 0 | G83: {=( SUM(('Export (QBO)'!$G$2:$G$2483>=Budget!G$1)*('Export (QBO)'!$G$2:$G$2483<=((EOMONTH(Budget!G$1,0))))*('Export (QBO)'!$J$2:$J$2483=$A83)*('Export (QBO)'!$I$2:$I$2483)) )} -> 0 | H83: {=( SUM(('Export (QBO)'!$G$2:$G$2483>=Budget!H$1)*('Export (QBO)'!$G$2:$G$2483<=((EOMONTH(Budget!H$1,0))))*('Export (QBO)'!$J$2:$J$2483=$A83)*('Export (QBO)'!$I$2:$I$2483)) )} -> 0 | I83: {=( SUM(('Export (QBO)'!$G$2:$G$2483>=Budget!I$1)*('Export (QBO)'!$G$2:$G$2483<=((EOMONTH(Budget!I$1,0))))*('Export (QBO)'!$J$2:$J$2483=$A83)*('Export (QBO)'!$I$2:$I$2483)) )} -> 0 | J83: {=( SUM(('Export (QBO)'!$G$2:$G$2483>=Budget!J$1)*('Export (QBO)'!$G$2:$G$2483<=((EOMONTH(Budget!J$1,0))))*('Export (QBO)'!$J$2:$J$2483=$A83)*('Export (QBO)'!$I$2:$I$2483)) )} -> 0 | K83: {=( SUM(('Export (QBO)'!$G$2:$G$2483>=Budget!K$1)*('Export (QBO)'!$G$2:$G$2483<=((EOMONTH(Budget!K$1,0))))*('Export (QBO)'!$J$2:$J$2483=$A83)*('Export (QBO)'!$I$2:$I$2483)) )} -> 0 | ... O83: {=( SUM(('Export (QBO)'!$G$2:$G$2483>=Budget!O$1)*('Export (QBO)'!$G$2:$G$2483<=((EOMONTH(Budget!O$1,0))))*('Export (QBO)'!$J$2:$J$2483=$A83)*('Export (QBO)'!$I$2:$I$2483)) )} -> 0 | P83: =SUM(D83:O83) -> 0 | Q83: {=( SUM(('Export (QBO)'!$G$2:$G$6969>=Budget!Q$1)*('Export (QBO)'!$G$2:$G$6969<=((EOMONTH(Budget!Q$1,0))))*('Export (QBO)'!$J$2:$J$6969=$A83)*('Export (QBO)'!$I$2:$I$6969)) )} -> 0 | R83: {=( SUM(('Export (QBO)'!$G$2:$G$6969>=Budget!R$1)*('Export (QBO)'!$G$2:$G$6969<=((EOMONTH(Budget!R$1,0))))*('Export (QBO)'!$J$2:$J$6969=$A83)*('Export (QBO)'!$I$2:$I$6969)) )} -> 0 | S83: {=( SUM(('Export (QBO)'!$G$2:$G$6969>=Budget!S$1)*('Export (QBO)'!$G$2:$G$6969<=((EOMONTH(Budget!S$1,0))))*('Export (QBO)'!$J$2:$J$6969=$A83)*('Export (QBO)'!$I$2:$I$6969)) )} -> 0 | T83: {=( SUM(('Export (QBO)'!$G$2:$G$6969>=Budget!T$1)*('Export (QBO)'!$G$2:$G$6969<=((EOMONTH(Budget!T$1,0))))*('Export (QBO)'!$J$2:$J$6969=$A83)*('Export (QBO)'!$I$2:$I$6969)) )} -> 4355 | U83: {=( SUM(('Export (QBO)'!$G$2:$G$6969>=Budget!U$1)*('Export (QBO)'!$G$2:$G$6969<=((EOMONTH(Budget!U$1,0))))*('Export (QBO)'!$J$2:$J$6969=$A83)*('Export (QBO)'!$I$2:$I$6969)) )} -> 470 | V83: {=( SUM(('Export (QBO)'!$G$2:$G$6969>=Budget!V$1)*('Export (QBO)'!$G$2:$G$6969<=((EOMONTH(Budget!V$1,0))))*('Export (QBO)'!$J$2:$J$6969=$A83)*('Export (QBO)'!$I$2:$I$6969)) )} -> 0 | W83: {=( SUM(('Export (QBO)'!$G$2:$G$6969>=Budget!W$1)*('Export (QBO)'!$G$2:$G$6969<=((EOMONTH(Budget!W$1,0))))*('Export (QBO)'!$J$2:$J$6969=$A83)*('Export (QBO)'!$I$2:$I$6969)) )} -> 0 | X83: {=( SUM(('Export (QBO)'!$G$2:$G$6969>=Budget!X$1)*('Export (QBO)'!$G$2:$G$6969<=((EOMONTH(Budget!X$1,0))))*('Export (QBO)'!$J$2:$J$6969=$A83)*('Export (QBO)'!$I$2:$I$6969)) )} -> 0 | ... AB83: {=( SUM(('Export (QBO)'!$G$2:$G$6969>=Budget!AB$1)*('Export (QBO)'!$G$2:$G$6969<=((EOMONTH(Budget!AB$1,0))))*('Export (QBO)'!$J$2:$J$6969=$A83)*('Export (QBO)'!$I$2:$I$6969)) )} -> 0 | AC83: =SUM(Q83:AB83) -> 5185 | AE83: 1300 | AG83: =AC83/AE83 -> 3.9884615 | AI83: Scott's Butt Money… but calculated.
A84: Marketing | B84: =IFERROR((VLOOKUP(A84,'GL Review'!E:G,3,FALSE)),"") -> 52145 | D84: {=( SUM(('Export (QBO)'!$G$2:$G$2483>=Budget!D$1)*('Export (QBO)'!$G$2:$G$2483<=((EOMONTH(Budget!D$1,0))))*('Export (QBO)'!$J$2:$J$2483=$A84)*('Export (QBO)'!$I$2:$I$2483)) )} -> 0 | E84: {=( SUM(('Export (QBO)'!$G$2:$G$2483>=Budget!E$1)*('Export (QBO)'!$G$2:$G$2483<=((EOMONTH(Budget!E$1,0))))*('Export (QBO)'!$J$2:$J$2483=$A84)*('Export (QBO)'!$I$2:$I$2483)) )} -> 0 | F84: {=( SUM(('Export (QBO)'!$G$2:$G$2483>=Budget!F$1)*('Export (QBO)'!$G$2:$G$2483<=((EOMONTH(Budget!F$1,0))))*('Export (QBO)'!$J$2:$J$2483=$A84)*('Export (QBO)'!$I$2:$I$2483)) )} -> 0 | G84: {=( SUM(('Export (QBO)'!$G$2:$G$2483>=Budget!G$1)*('Export (QBO)'!$G$2:$G$2483<=((EOMONTH(Budget!G$1,0))))*('Export (QBO)'!$J$2:$J$2483=$A84)*('Export (QBO)'!$I$2:$I$2483)) )} -> 0 | H84: {=( SUM(('Export (QBO)'!$G$2:$G$2483>=Budget!H$1)*('Export (QBO)'!$G$2:$G$2483<=((EOMONTH(Budget!H$1,0))))*('Export (QBO)'!$J$2:$J$2483=$A84)*('Export (QBO)'!$I$2:$I$2483)) )} -> 0 | I84: {=( SUM(('Export (QBO)'!$G$2:$G$2483>=Budget!I$1)*('Export (QBO)'!$G$2:$G$2483<=((EOMONTH(Budget!I$1,0))))*('Export (QBO)'!$J$2:$J$2483=$A84)*('Export (QBO)'!$I$2:$I$2483)) )} -> 0 | J84: {=( SUM(('Export (QBO)'!$G$2:$G$2483>=Budget!J$1)*('Export (QBO)'!$G$2:$G$2483<=((EOMONTH(Budget!J$1,0))))*('Export (QBO)'!$J$2:$J$2483=$A84)*('Export (QBO)'!$I$2:$I$2483)) )} -> 0 | K84: {=( SUM(('Export (QBO)'!$G$2:$G$2483>=Budget!K$1)*('Export (QBO)'!$G$2:$G$2483<=((EOMONTH(Budget!K$1,0))))*('Export (QBO)'!$J$2:$J$2483=$A84)*('Export (QBO)'!$I$2:$I$2483)) )} -> 0 | ... O84: {=( SUM(('Export (QBO)'!$G$2:$G$2483>=Budget!O$1)*('Export (QBO)'!$G$2:$G$2483<=((EOMONTH(Budget!O$1,0))))*('Export (QBO)'!$J$2:$J$2483=$A84)*('Export (QBO)'!$I$2:$I$2483)) )} -> 0 | P84: =SUM(D84:O84) -> 0 | Q84: {=( SUM(('Export (QBO)'!$G$2:$G$6969>=Budget!Q$1)*('Export (QBO)'!$G$2:$G$6969<=((EOMONTH(Budget!Q$1,0))))*('Export (QBO)'!$J$2:$J$6969=$A84)*('Export (QBO)'!$I$2:$I$6969)) )} -> 0 | R84: {=( SUM(('Export (QBO)'!$G$2:$G$6969>=Budget!R$1)*('Export (QBO)'!$G$2:$G$6969<=((EOMONTH(Budget!R$1,0))))*('Export (QBO)'!$J$2:$J$6969=$A84)*('Export (QBO)'!$I$2:$I$6969)) )} -> 4050.25 | S84: {=( SUM(('Export (QBO)'!$G$2:$G$6969>=Budget!S$1)*('Export (QBO)'!$G$2:$G$6969<=((EOMONTH(Budget!S$1,0))))*('Export (QBO)'!$J$2:$J$6969=$A84)*('Export (QBO)'!$I$2:$I$6969)) )} -> 0 | T84: {=( SUM(('Export (QBO)'!$G$2:$G$6969>=Budget!T$1)*('Export (QBO)'!$G$2:$G$6969<=((EOMONTH(Budget!T$1,0))))*('Export (QBO)'!$J$2:$J$6969=$A84)*('Export (QBO)'!$I$2:$I$6969)) )} -> 522.26 | U84: {=( SUM(('Export (QBO)'!$G$2:$G$6969>=Budget!U$1)*('Export (QBO)'!$G$2:$G$6969<=((EOMONTH(Budget!U$1,0))))*('Export (QBO)'!$J$2:$J$6969=$A84)*('Export (QBO)'!$I$2:$I$6969)) )} -> 0 | V84: {=( SUM(('Export (QBO)'!$G$2:$G$6969>=Budget!V$1)*('Export (QBO)'!$G$2:$G$6969<=((EOMONTH(Budget!V$1,0))))*('Export (QBO)'!$J$2:$J$6969=$A84)*('Export (QBO)'!$I$2:$I$6969)) )} -> 0 | W84: {=( SUM(('Export (QBO)'!$G$2:$G$6969>=Budget!W$1)*('Export (QBO)'!$G$2:$G$6969<=((EOMONTH(Budget!W$1,0))))*('Export (QBO)'!$J$2:$J$6969=$A84)*('Export (QBO)'!$I$2:$I$6969)) )} -> 0 | X84: {=( SUM(('Export (QBO)'!$G$2:$G$6969>=Budget!X$1)*('Export (QBO)'!$G$2:$G$6969<=((EOMONTH(Budget!X$1,0))))*('Export (QBO)'!$J$2:$J$6969=$A84)*('Export (QBO)'!$I$2:$I$6969)) )} -> 0 | ... AB84: {=( SUM(('Export (QBO)'!$G$2:$G$6969>=Budget!AB$1)*('Export (QBO)'!$G$2:$G$6969<=((EOMONTH(Budget!AB$1,0))))*('Export (QBO)'!$J$2:$J$6969=$A84)*('Export (QBO)'!$I$2:$I$6969)) )} -> 0 | AC84: =SUM(Q84:AB84) -> 4572.51 | AE84: 2000 | AG84: =AC84/AE84 -> 2.286255 | AI84: Em invoice.
A85: Legal | B85: =IFERROR((VLOOKUP(A85,'GL Review'!E:G,3,FALSE)),"") -> 52135 | D85: {=( SUM(('Export (QBO)'!$G$2:$G$2483>=Budget!D$1)*('Export (QBO)'!$G$2:$G$2483<=((EOMONTH(Budget!D$1,0))))*('Export (QBO)'!$J$2:$J$2483=$A85)*('Export (QBO)'!$I$2:$I$2483)) )} -> 0 | E85: {=( SUM(('Export (QBO)'!$G$2:$G$2483>=Budget!E$1)*('Export (QBO)'!$G$2:$G$2483<=((EOMONTH(Budget!E$1,0))))*('Export (QBO)'!$J$2:$J$2483=$A85)*('Export (QBO)'!$I$2:$I$2483)) )} -> 0 | F85: {=( SUM(('Export (QBO)'!$G$2:$G$2483>=Budget!F$1)*('Export (QBO)'!$G$2:$G$2483<=((EOMONTH(Budget!F$1,0))))*('Export (QBO)'!$J$2:$J$2483=$A85)*('Export (QBO)'!$I$2:$I$2483)) )} -> 0 | G85: {=( SUM(('Export (QBO)'!$G$2:$G$2483>=Budget!G$1)*('Export (QBO)'!$G$2:$G$2483<=((EOMONTH(Budget!G$1,0))))*('Export (QBO)'!$J$2:$J$2483=$A85)*('Export (QBO)'!$I$2:$I$2483)) )} -> 0 | H85: {=( SUM(('Export (QBO)'!$G$2:$G$2483>=Budget!H$1)*('Export (QBO)'!$G$2:$G$2483<=((EOMONTH(Budget!H$1,0))))*('Export (QBO)'!$J$2:$J$2483=$A85)*('Export (QBO)'!$I$2:$I$2483)) )} -> 0 | I85: {=( SUM(('Export (QBO)'!$G$2:$G$2483>=Budget!I$1)*('Export (QBO)'!$G$2:$G$2483<=((EOMONTH(Budget!I$1,0))))*('Export (QBO)'!$J$2:$J$2483=$A85)*('Export (QBO)'!$I$2:$I$2483)) )} -> 0 | J85: {=( SUM(('Export (QBO)'!$G$2:$G$2483>=Budget!J$1)*('Export (QBO)'!$G$2:$G$2483<=((EOMONTH(Budget!J$1,0))))*('Export (QBO)'!$J$2:$J$2483=$A85)*('Export (QBO)'!$I$2:$I$2483)) )} -> 0 | K85: {=( SUM(('Export (QBO)'!$G$2:$G$2483>=Budget!K$1)*('Export (QBO)'!$G$2:$G$2483<=((EOMONTH(Budget!K$1,0))))*('Export (QBO)'!$J$2:$J$2483=$A85)*('Export (QBO)'!$I$2:$I$2483)) )} -> 0 | ... O85: {=( SUM(('Export (QBO)'!$G$2:$G$2483>=Budget!O$1)*('Export (QBO)'!$G$2:$G$2483<=((EOMONTH(Budget!O$1,0))))*('Export (QBO)'!$J$2:$J$2483=$A85)*('Export (QBO)'!$I$2:$I$2483)) )} -> 0 | P85: =SUM(D85:O85) -> 0 | Q85: {=( SUM(('Export (QBO)'!$G$2:$G$6969>=Budget!Q$1)*('Export (QBO)'!$G$2:$G$6969<=((EOMONTH(Budget!Q$1,0))))*('Export (QBO)'!$J$2:$J$6969=$A85)*('Export (QBO)'!$I$2:$I$6969)) )} -> 0 | R85: {=( SUM(('Export (QBO)'!$G$2:$G$6969>=Budget!R$1)*('Export (QBO)'!$G$2:$G$6969<=((EOMONTH(Budget!R$1,0))))*('Export (QBO)'!$J$2:$J$6969=$A85)*('Export (QBO)'!$I$2:$I$6969)) )} -> 0 | S85: {=( SUM(('Export (QBO)'!$G$2:$G$6969>=Budget!S$1)*('Export (QBO)'!$G$2:$G$6969<=((EOMONTH(Budget!S$1,0))))*('Export (QBO)'!$J$2:$J$6969=$A85)*('Export (QBO)'!$I$2:$I$6969)) )} -> 1797.6 | T85: {=( SUM(('Export (QBO)'!$G$2:$G$6969>=Budget!T$1)*('Export (QBO)'!$G$2:$G$6969<=((EOMONTH(Budget!T$1,0))))*('Export (QBO)'!$J$2:$J$6969=$A85)*('Export (QBO)'!$I$2:$I$6969)) )} -> 556.4 | U85: {=( SUM(('Export (QBO)'!$G$2:$G$6969>=Budget!U$1)*('Export (QBO)'!$G$2:$G$6969<=((EOMONTH(Budget!U$1,0))))*('Export (QBO)'!$J$2:$J$6969=$A85)*('Export (QBO)'!$I$2:$I$6969)) )} -> 2570 | V85: {=( SUM(('Export (QBO)'!$G$2:$G$6969>=Budget!V$1)*('Export (QBO)'!$G$2:$G$6969<=((EOMONTH(Budget!V$1,0))))*('Export (QBO)'!$J$2:$J$6969=$A85)*('Export (QBO)'!$I$2:$I$6969)) )} -> 365.89 | W85: {=( SUM(('Export (QBO)'!$G$2:$G$6969>=Budget!W$1)*('Export (QBO)'!$G$2:$G$6969<=((EOMONTH(Budget!W$1,0))))*('Export (QBO)'!$J$2:$J$6969=$A85)*('Export (QBO)'!$I$2:$I$6969)) )} -> 403.34 | X85: {=( SUM(('Export (QBO)'!$G$2:$G$6969>=Budget!X$1)*('Export (QBO)'!$G$2:$G$6969<=((EOMONTH(Budget!X$1,0))))*('Export (QBO)'!$J$2:$J$6969=$A85)*('Export (QBO)'!$I$2:$I$6969)) )} -> 1337.2 | ... AB85: {=( SUM(('Export (QBO)'!$G$2:$G$6969>=Budget!AB$1)*('Export (QBO)'!$G$2:$G$6969<=((EOMONTH(Budget!AB$1,0))))*('Export (QBO)'!$J$2:$J$6969=$A85)*('Export (QBO)'!$I$2:$I$6969)) )} -> 5581.23 | AC85: =SUM(Q85:AB85) -> 21962.79 | AE85: =5000+2000 -> 7000 | AG85: =AC85/AE85 -> 3.1375414
A86: Fuel | B86: =IFERROR((VLOOKUP(A86,'GL Review'!E:G,3,FALSE)),"") -> 52225 | D86: {=( SUM(('Export (QBO)'!$G$2:$G$2483>=Budget!D$1)*('Export (QBO)'!$G$2:$G$2483<=((EOMONTH(Budget!D$1,0))))*('Export (QBO)'!$J$2:$J$2483=$A86)*('Export (QBO)'!$I$2:$I$2483)) )} -> 0 | E86: {=( SUM(('Export (QBO)'!$G$2:$G$2483>=Budget!E$1)*('Export (QBO)'!$G$2:$G$2483<=((EOMONTH(Budget!E$1,0))))*('Export (QBO)'!$J$2:$J$2483=$A86)*('Export (QBO)'!$I$2:$I$2483)) )} -> 0 | F86: {=( SUM(('Export (QBO)'!$G$2:$G$2483>=Budget!F$1)*('Export (QBO)'!$G$2:$G$2483<=((EOMONTH(Budget!F$1,0))))*('Export (QBO)'!$J$2:$J$2483=$A86)*('Export (QBO)'!$I$2:$I$2483)) )} -> 0 | G86: {=( SUM(('Export (QBO)'!$G$2:$G$2483>=Budget!G$1)*('Export (QBO)'!$G$2:$G$2483<=((EOMONTH(Budget!G$1,0))))*('Export (QBO)'!$J$2:$J$2483=$A86)*('Export (QBO)'!$I$2:$I$2483)) )} -> 0 | H86: {=( SUM(('Export (QBO)'!$G$2:$G$2483>=Budget!H$1)*('Export (QBO)'!$G$2:$G$2483<=((EOMONTH(Budget!H$1,0))))*('Export (QBO)'!$J$2:$J$2483=$A86)*('Export (QBO)'!$I$2:$I$2483)) )} -> 0 | I86: {=( SUM(('Export (QBO)'!$G$2:$G$2483>=Budget!I$1)*('Export (QBO)'!$G$2:$G$2483<=((EOMONTH(Budget!I$1,0))))*('Export (QBO)'!$J$2:$J$2483=$A86)*('Export (QBO)'!$I$2:$I$2483)) )} -> 0 | J86: {=( SUM(('Export (QBO)'!$G$2:$G$2483>=Budget!J$1)*('Export (QBO)'!$G$2:$G$2483<=((EOMONTH(Budget!J$1,0))))*('Export (QBO)'!$J$2:$J$2483=$A86)*('Export (QBO)'!$I$2:$I$2483)) )} -> 0 | K86: {=( SUM(('Export (QBO)'!$G$2:$G$2483>=Budget!K$1)*('Export (QBO)'!$G$2:$G$2483<=((EOMONTH(Budget!K$1,0))))*('Export (QBO)'!$J$2:$J$2483=$A86)*('Export (QBO)'!$I$2:$I$2483)) )} -> 0 | ... O86: {=( SUM(('Export (QBO)'!$G$2:$G$2483>=Budget!O$1)*('Export (QBO)'!$G$2:$G$2483<=((EOMONTH(Budget!O$1,0))))*('Export (QBO)'!$J$2:$J$2483=$A86)*('Export (QBO)'!$I$2:$I$2483)) )} -> 0 | P86: =SUM(D86:O86) -> 0 | Q86: {=( SUM(('Export (QBO)'!$G$2:$G$6969>=Budget!Q$1)*('Export (QBO)'!$G$2:$G$6969<=((EOMONTH(Budget!Q$1,0))))*('Export (QBO)'!$J$2:$J$6969=$A86)*('Export (QBO)'!$I$2:$I$6969)) )} -> 1720 | R86: {=( SUM(('Export (QBO)'!$G$2:$G$6969>=Budget!R$1)*('Export (QBO)'!$G$2:$G$6969<=((EOMONTH(Budget!R$1,0))))*('Export (QBO)'!$J$2:$J$6969=$A86)*('Export (QBO)'!$I$2:$I$6969)) )} -> 600.96 | S86: {=( SUM(('Export (QBO)'!$G$2:$G$6969>=Budget!S$1)*('Export (QBO)'!$G$2:$G$6969<=((EOMONTH(Budget!S$1,0))))*('Export (QBO)'!$J$2:$J$6969=$A86)*('Export (QBO)'!$I$2:$I$6969)) )} -> 616.9 | T86: {=( SUM(('Export (QBO)'!$G$2:$G$6969>=Budget!T$1)*('Export (QBO)'!$G$2:$G$6969<=((EOMONTH(Budget!T$1,0))))*('Export (QBO)'!$J$2:$J$6969=$A86)*('Export (QBO)'!$I$2:$I$6969)) )} -> 460.51 | U86: {=( SUM(('Export (QBO)'!$G$2:$G$6969>=Budget!U$1)*('Export (QBO)'!$G$2:$G$6969<=((EOMONTH(Budget!U$1,0))))*('Export (QBO)'!$J$2:$J$6969=$A86)*('Export (QBO)'!$I$2:$I$6969)) )} -> 302.67 | V86: {=( SUM(('Export (QBO)'!$G$2:$G$6969>=Budget!V$1)*('Export (QBO)'!$G$2:$G$6969<=((EOMONTH(Budget!V$1,0))))*('Export (QBO)'!$J$2:$J$6969=$A86)*('Export (QBO)'!$I$2:$I$6969)) )} -> 730.8 | W86: {=( SUM(('Export (QBO)'!$G$2:$G$6969>=Budget!W$1)*('Export (QBO)'!$G$2:$G$6969<=((EOMONTH(Budget!W$1,0))))*('Export (QBO)'!$J$2:$J$6969=$A86)*('Export (QBO)'!$I$2:$I$6969)) )} -> 741.75 | X86: {=( SUM(('Export (QBO)'!$G$2:$G$6969>=Budget!X$1)*('Export (QBO)'!$G$2:$G$6969<=((EOMONTH(Budget!X$1,0))))*('Export (QBO)'!$J$2:$J$6969=$A86)*('Export (QBO)'!$I$2:$I$6969)) )} -> 790.94 | ... AB86: {=( SUM(('Export (QBO)'!$G$2:$G$6969>=Budget!AB$1)*('Export (QBO)'!$G$2:$G$6969<=((EOMONTH(Budget!AB$1,0))))*('Export (QBO)'!$J$2:$J$6969=$A86)*('Export (QBO)'!$I$2:$I$6969)) )} -> 267.6 | AC86: =SUM(Q86:AB86) -> 7602.58 | AE86: 3000 | AG86: =AC86/AE86 -> 2.5341933
A87: Bank Fees | B87: =IFERROR((VLOOKUP(A87,'GL Review'!E:G,3,FALSE)),"") -> 52115 | D87: {=( SUM(('Export (QBO)'!$G$2:$G$2483>=Budget!D$1)*('Export (QBO)'!$G$2:$G$2483<=((EOMONTH(Budget!D$1,0))))*('Export (QBO)'!$J$2:$J$2483=$A87)*('Export (QBO)'!$I$2:$I$2483)) )} -> 0 | E87: {=( SUM(('Export (QBO)'!$G$2:$G$2483>=Budget!E$1)*('Export (QBO)'!$G$2:$G$2483<=((EOMONTH(Budget!E$1,0))))*('Export (QBO)'!$J$2:$J$2483=$A87)*('Export (QBO)'!$I$2:$I$2483)) )} -> 0 | F87: {=( SUM(('Export (QBO)'!$G$2:$G$2483>=Budget!F$1)*('Export (QBO)'!$G$2:$G$2483<=((EOMONTH(Budget!F$1,0))))*('Export (QBO)'!$J$2:$J$2483=$A87)*('Export (QBO)'!$I$2:$I$2483)) )} -> 0 | G87: {=( SUM(('Export (QBO)'!$G$2:$G$2483>=Budget!G$1)*('Export (QBO)'!$G$2:$G$2483<=((EOMONTH(Budget!G$1,0))))*('Export (QBO)'!$J$2:$J$2483=$A87)*('Export (QBO)'!$I$2:$I$2483)) )} -> 0 | H87: {=( SUM(('Export (QBO)'!$G$2:$G$2483>=Budget!H$1)*('Export (QBO)'!$G$2:$G$2483<=((EOMONTH(Budget!H$1,0))))*('Export (QBO)'!$J$2:$J$2483=$A87)*('Export (QBO)'!$I$2:$I$2483)) )} -> 0 | I87: {=( SUM(('Export (QBO)'!$G$2:$G$2483>=Budget!I$1)*('Export (QBO)'!$G$2:$G$2483<=((EOMONTH(Budget!I$1,0))))*('Export (QBO)'!$J$2:$J$2483=$A87)*('Export (QBO)'!$I$2:$I$2483)) )} -> 0 | J87: {=( SUM(('Export (QBO)'!$G$2:$G$2483>=Budget!J$1)*('Export (QBO)'!$G$2:$G$2483<=((EOMONTH(Budget!J$1,0))))*('Export (QBO)'!$J$2:$J$2483=$A87)*('Export (QBO)'!$I$2:$I$2483)) )} -> 0 | K87: {=( SUM(('Export (QBO)'!$G$2:$G$2483>=Budget!K$1)*('Export (QBO)'!$G$2:$G$2483<=((EOMONTH(Budget!K$1,0))))*('Export (QBO)'!$J$2:$J$2483=$A87)*('Export (QBO)'!$I$2:$I$2483)) )} -> 0 | ... O87: {=( SUM(('Export (QBO)'!$G$2:$G$2483>=Budget!O$1)*('Export (QBO)'!$G$2:$G$2483<=((EOMONTH(Budget!O$1,0))))*('Export (QBO)'!$J$2:$J$2483=$A87)*('Export (QBO)'!$I$2:$I$2483)) )} -> 0 | P87: =SUM(D87:O87) -> 0 | Q87: {=( SUM(('Export (QBO)'!$G$2:$G$6969>=Budget!Q$1)*('Export (QBO)'!$G$2:$G$6969<=((EOMONTH(Budget!Q$1,0))))*('Export (QBO)'!$J$2:$J$6969=$A87)*('Export (QBO)'!$I$2:$I$6969)) )} -> 63.79 | R87: {=( SUM(('Export (QBO)'!$G$2:$G$6969>=Budget!R$1)*('Export (QBO)'!$G$2:$G$6969<=((EOMONTH(Budget!R$1,0))))*('Export (QBO)'!$J$2:$J$6969=$A87)*('Export (QBO)'!$I$2:$I$6969)) )} -> 55.5 | S87: {=( SUM(('Export (QBO)'!$G$2:$G$6969>=Budget!S$1)*('Export (QBO)'!$G$2:$G$6969<=((EOMONTH(Budget!S$1,0))))*('Export (QBO)'!$J$2:$J$6969=$A87)*('Export (QBO)'!$I$2:$I$6969)) )} -> 55.5 | T87: {=( SUM(('Export (QBO)'!$G$2:$G$6969>=Budget!T$1)*('Export (QBO)'!$G$2:$G$6969<=((EOMONTH(Budget!T$1,0))))*('Export (QBO)'!$J$2:$J$6969=$A87)*('Export (QBO)'!$I$2:$I$6969)) )} -> 55.5 | U87: {=( SUM(('Export (QBO)'!$G$2:$G$6969>=Budget!U$1)*('Export (QBO)'!$G$2:$G$6969<=((EOMONTH(Budget!U$1,0))))*('Export (QBO)'!$J$2:$J$6969=$A87)*('Export (QBO)'!$I$2:$I$6969)) )} -> 326.5 | V87: {=( SUM(('Export (QBO)'!$G$2:$G$6969>=Budget!V$1)*('Export (QBO)'!$G$2:$G$6969<=((EOMONTH(Budget!V$1,0))))*('Export (QBO)'!$J$2:$J$6969=$A87)*('Export (QBO)'!$I$2:$I$6969)) )} -> 55.5 | W87: {=( SUM(('Export (QBO)'!$G$2:$G$6969>=Budget!W$1)*('Export (QBO)'!$G$2:$G$6969<=((EOMONTH(Budget!W$1,0))))*('Export (QBO)'!$J$2:$J$6969=$A87)*('Export (QBO)'!$I$2:$I$6969)) )} -> 55.5 | X87: {=( SUM(('Export (QBO)'!$G$2:$G$6969>=Budget!X$1)*('Export (QBO)'!$G$2:$G$6969<=((EOMONTH(Budget!X$1,0))))*('Export (QBO)'!$J$2:$J$6969=$A87)*('Export (QBO)'!$I$2:$I$6969)) )} -> 56.5 | ... AB87: {=( SUM(('Export (QBO)'!$G$2:$G$6969>=Budget!AB$1)*('Export (QBO)'!$G$2:$G$6969<=((EOMONTH(Budget!AB$1,0))))*('Export (QBO)'!$J$2:$J$6969=$A87)*('Export (QBO)'!$I$2:$I$6969)) )} -> 86.5 | AC87: =SUM(Q87:AB87) -> 995.3
A88: Meals & Entertainment | B88: =IFERROR((VLOOKUP(A88,'GL Review'!E:G,3,FALSE)),"") -> 52190 | D88: {=( SUM(('Export (QBO)'!$G$2:$G$2483>=Budget!D$1)*('Export (QBO)'!$G$2:$G$2483<=((EOMONTH(Budget!D$1,0))))*('Export (QBO)'!$J$2:$J$2483=$A88)*('Export (QBO)'!$I$2:$I$2483)) )} -> 0 | E88: {=( SUM(('Export (QBO)'!$G$2:$G$2483>=Budget!E$1)*('Export (QBO)'!$G$2:$G$2483<=((EOMONTH(Budget!E$1,0))))*('Export (QBO)'!$J$2:$J$2483=$A88)*('Export (QBO)'!$I$2:$I$2483)) )} -> 0 | F88: {=( SUM(('Export (QBO)'!$G$2:$G$2483>=Budget!F$1)*('Export (QBO)'!$G$2:$G$2483<=((EOMONTH(Budget!F$1,0))))*('Export (QBO)'!$J$2:$J$2483=$A88)*('Export (QBO)'!$I$2:$I$2483)) )} -> 0 | G88: {=( SUM(('Export (QBO)'!$G$2:$G$2483>=Budget!G$1)*('Export (QBO)'!$G$2:$G$2483<=((EOMONTH(Budget!G$1,0))))*('Export (QBO)'!$J$2:$J$2483=$A88)*('Export (QBO)'!$I$2:$I$2483)) )} -> 0 | H88: {=( SUM(('Export (QBO)'!$G$2:$G$2483>=Budget!H$1)*('Export (QBO)'!$G$2:$G$2483<=((EOMONTH(Budget!H$1,0))))*('Export (QBO)'!$J$2:$J$2483=$A88)*('Export (QBO)'!$I$2:$I$2483)) )} -> 0 | I88: {=( SUM(('Export (QBO)'!$G$2:$G$2483>=Budget!I$1)*('Export (QBO)'!$G$2:$G$2483<=((EOMONTH(Budget!I$1,0))))*('Export (QBO)'!$J$2:$J$2483=$A88)*('Export (QBO)'!$I$2:$I$2483)) )} -> 0 | J88: {=( SUM(('Export (QBO)'!$G$2:$G$2483>=Budget!J$1)*('Export (QBO)'!$G$2:$G$2483<=((EOMONTH(Budget!J$1,0))))*('Export (QBO)'!$J$2:$J$2483=$A88)*('Export (QBO)'!$I$2:$I$2483)) )} -> 0 | K88: {=( SUM(('Export (QBO)'!$G$2:$G$2483>=Budget!K$1)*('Export (QBO)'!$G$2:$G$2483<=((EOMONTH(Budget!K$1,0))))*('Export (QBO)'!$J$2:$J$2483=$A88)*('Export (QBO)'!$I$2:$I$2483)) )} -> 0 | ... O88: {=( SUM(('Export (QBO)'!$G$2:$G$2483>=Budget!O$1)*('Export (QBO)'!$G$2:$G$2483<=((EOMONTH(Budget!O$1,0))))*('Export (QBO)'!$J$2:$J$2483=$A88)*('Export (QBO)'!$I$2:$I$2483)) )} -> 0 | P88: =SUM(D88:O88) -> 0 | Q88: {=( SUM(('Export (QBO)'!$G$2:$G$6969>=Budget!Q$1)*('Export (QBO)'!$G$2:$G$6969<=((EOMONTH(Budget!Q$1,0))))*('Export (QBO)'!$J$2:$J$6969=$A88)*('Export (QBO)'!$I$2:$I$6969)) )} -> 489.98 | R88: {=( SUM(('Export (QBO)'!$G$2:$G$6969>=Budget!R$1)*('Export (QBO)'!$G$2:$G$6969<=((EOMONTH(Budget!R$1,0))))*('Export (QBO)'!$J$2:$J$6969=$A88)*('Export (QBO)'!$I$2:$I$6969)) )} -> 30.38 | S88: {=( SUM(('Export (QBO)'!$G$2:$G$6969>=Budget!S$1)*('Export (QBO)'!$G$2:$G$6969<=((EOMONTH(Budget!S$1,0))))*('Export (QBO)'!$J$2:$J$6969=$A88)*('Export (QBO)'!$I$2:$I$6969)) )} -> 126.48 | T88: {=( SUM(('Export (QBO)'!$G$2:$G$6969>=Budget!T$1)*('Export (QBO)'!$G$2:$G$6969<=((EOMONTH(Budget!T$1,0))))*('Export (QBO)'!$J$2:$J$6969=$A88)*('Export (QBO)'!$I$2:$I$6969)) )} -> 240.01 | U88: {=( SUM(('Export (QBO)'!$G$2:$G$6969>=Budget!U$1)*('Export (QBO)'!$G$2:$G$6969<=((EOMONTH(Budget!U$1,0))))*('Export (QBO)'!$J$2:$J$6969=$A88)*('Export (QBO)'!$I$2:$I$6969)) )} -> 249.23 | V88: {=( SUM(('Export (QBO)'!$G$2:$G$6969>=Budget!V$1)*('Export (QBO)'!$G$2:$G$6969<=((EOMONTH(Budget!V$1,0))))*('Export (QBO)'!$J$2:$J$6969=$A88)*('Export (QBO)'!$I$2:$I$6969)) )} -> 1676.02 | W88: {=( SUM(('Export (QBO)'!$G$2:$G$6969>=Budget!W$1)*('Export (QBO)'!$G$2:$G$6969<=((EOMONTH(Budget!W$1,0))))*('Export (QBO)'!$J$2:$J$6969=$A88)*('Export (QBO)'!$I$2:$I$6969)) )} -> 1047.12 | X88: {=( SUM(('Export (QBO)'!$G$2:$G$6969>=Budget!X$1)*('Export (QBO)'!$G$2:$G$6969<=((EOMONTH(Budget!X$1,0))))*('Export (QBO)'!$J$2:$J$6969=$A88)*('Export (QBO)'!$I$2:$I$6969)) )} -> 197.76 | ... AB88: {=( SUM(('Export (QBO)'!$G$2:$G$6969>=Budget!AB$1)*('Export (QBO)'!$G$2:$G$6969<=((EOMONTH(Budget!AB$1,0))))*('Export (QBO)'!$J$2:$J$6969=$A88)*('Export (QBO)'!$I$2:$I$6969)) )} -> 452.74 | AC88: =SUM(Q88:AB88) -> 5487.24 | AE88: 600 | AG88: =AC88/AE88 -> 9.1454
A89: Subscriptions (Annual) | B89: =IFERROR((VLOOKUP(A89,'GL Review'!E:G,3,FALSE)),"") -> 52165 | D89: {=( SUM(('Export (QBO)'!$G$2:$G$2483>=Budget!D$1)*('Export (QBO)'!$G$2:$G$2483<=((EOMONTH(Budget!D$1,0))))*('Export (QBO)'!$J$2:$J$2483=$A89)*('Export (QBO)'!$I$2:$I$2483)) )} -> 0 | E89: {=( SUM(('Export (QBO)'!$G$2:$G$2483>=Budget!E$1)*('Export (QBO)'!$G$2:$G$2483<=((EOMONTH(Budget!E$1,0))))*('Export (QBO)'!$J$2:$J$2483=$A89)*('Export (QBO)'!$I$2:$I$2483)) )} -> 0 | F89: {=( SUM(('Export (QBO)'!$G$2:$G$2483>=Budget!F$1)*('Export (QBO)'!$G$2:$G$2483<=((EOMONTH(Budget!F$1,0))))*('Export (QBO)'!$J$2:$J$2483=$A89)*('Export (QBO)'!$I$2:$I$2483)) )} -> 0 | G89: {=( SUM(('Export (QBO)'!$G$2:$G$2483>=Budget!G$1)*('Export (QBO)'!$G$2:$G$2483<=((EOMONTH(Budget!G$1,0))))*('Export (QBO)'!$J$2:$J$2483=$A89)*('Export (QBO)'!$I$2:$I$2483)) )} -> 0 | H89: {=( SUM(('Export (QBO)'!$G$2:$G$2483>=Budget!H$1)*('Export (QBO)'!$G$2:$G$2483<=((EOMONTH(Budget!H$1,0))))*('Export (QBO)'!$J$2:$J$2483=$A89)*('Export (QBO)'!$I$2:$I$2483)) )} -> 0 | I89: {=( SUM(('Export (QBO)'!$G$2:$G$2483>=Budget!I$1)*('Export (QBO)'!$G$2:$G$2483<=((EOMONTH(Budget!I$1,0))))*('Export (QBO)'!$J$2:$J$2483=$A89)*('Export (QBO)'!$I$2:$I$2483)) )} -> 0 | J89: {=( SUM(('Export (QBO)'!$G$2:$G$2483>=Budget!J$1)*('Export (QBO)'!$G$2:$G$2483<=((EOMONTH(Budget!J$1,0))))*('Export (QBO)'!$J$2:$J$2483=$A89)*('Export (QBO)'!$I$2:$I$2483)) )} -> 0 | K89: {=( SUM(('Export (QBO)'!$G$2:$G$2483>=Budget!K$1)*('Export (QBO)'!$G$2:$G$2483<=((EOMONTH(Budget!K$1,0))))*('Export (QBO)'!$J$2:$J$2483=$A89)*('Export (QBO)'!$I$2:$I$2483)) )} -> 0 | ... O89: {=( SUM(('Export (QBO)'!$G$2:$G$2483>=Budget!O$1)*('Export (QBO)'!$G$2:$G$2483<=((EOMONTH(Budget!O$1,0))))*('Export (QBO)'!$J$2:$J$2483=$A89)*('Export (QBO)'!$I$2:$I$2483)) )} -> 0 | P89: =SUM(D89:O89) -> 0 | Q89: {=( SUM(('Export (QBO)'!$G$2:$G$6969>=Budget!Q$1)*('Export (QBO)'!$G$2:$G$6969<=((EOMONTH(Budget!Q$1,0))))*('Export (QBO)'!$J$2:$J$6969=$A89)*('Export (QBO)'!$I$2:$I$6969)) )} -> 314.79 | R89: {=( SUM(('Export (QBO)'!$G$2:$G$6969>=Budget!R$1)*('Export (QBO)'!$G$2:$G$6969<=((EOMONTH(Budget!R$1,0))))*('Export (QBO)'!$J$2:$J$6969=$A89)*('Export (QBO)'!$I$2:$I$6969)) )} -> 169.29 | S89: {=( SUM(('Export (QBO)'!$G$2:$G$6969>=Budget!S$1)*('Export (QBO)'!$G$2:$G$6969<=((EOMONTH(Budget!S$1,0))))*('Export (QBO)'!$J$2:$J$6969=$A89)*('Export (QBO)'!$I$2:$I$6969)) )} -> 1139.24 | T89: {=( SUM(('Export (QBO)'!$G$2:$G$6969>=Budget!T$1)*('Export (QBO)'!$G$2:$G$6969<=((EOMONTH(Budget!T$1,0))))*('Export (QBO)'!$J$2:$J$6969=$A89)*('Export (QBO)'!$I$2:$I$6969)) )} -> 202.29 | U89: {=( SUM(('Export (QBO)'!$G$2:$G$6969>=Budget!U$1)*('Export (QBO)'!$G$2:$G$6969<=((EOMONTH(Budget!U$1,0))))*('Export (QBO)'!$J$2:$J$6969=$A89)*('Export (QBO)'!$I$2:$I$6969)) )} -> 222.53 | V89: {=( SUM(('Export (QBO)'!$G$2:$G$6969>=Budget!V$1)*('Export (QBO)'!$G$2:$G$6969<=((EOMONTH(Budget!V$1,0))))*('Export (QBO)'!$J$2:$J$6969=$A89)*('Export (QBO)'!$I$2:$I$6969)) )} -> 223.44 | W89: {=( SUM(('Export (QBO)'!$G$2:$G$6969>=Budget!W$1)*('Export (QBO)'!$G$2:$G$6969<=((EOMONTH(Budget!W$1,0))))*('Export (QBO)'!$J$2:$J$6969=$A89)*('Export (QBO)'!$I$2:$I$6969)) )} -> 235.91 | X89: {=( SUM(('Export (QBO)'!$G$2:$G$6969>=Budget!X$1)*('Export (QBO)'!$G$2:$G$6969<=((EOMONTH(Budget!X$1,0))))*('Export (QBO)'!$J$2:$J$6969=$A89)*('Export (QBO)'!$I$2:$I$6969)) )} -> 256.84 | ... AB89: {=( SUM(('Export (QBO)'!$G$2:$G$6969>=Budget!AB$1)*('Export (QBO)'!$G$2:$G$6969<=((EOMONTH(Budget!AB$1,0))))*('Export (QBO)'!$J$2:$J$6969=$A89)*('Export (QBO)'!$I$2:$I$6969)) )} -> 364.07 | AC89: =SUM(Q89:AB89) -> 3820.07
A90: Communications | B90: =IFERROR((VLOOKUP(A90,'GL Review'!E:G,3,FALSE)),"") -> 52155 | D90: {=( SUM(('Export (QBO)'!$G$2:$G$2483>=Budget!D$1)*('Export (QBO)'!$G$2:$G$2483<=((EOMONTH(Budget!D$1,0))))*('Export (QBO)'!$J$2:$J$2483=$A90)*('Export (QBO)'!$I$2:$I$2483)) )} -> 0 | E90: {=( SUM(('Export (QBO)'!$G$2:$G$2483>=Budget!E$1)*('Export (QBO)'!$G$2:$G$2483<=((EOMONTH(Budget!E$1,0))))*('Export (QBO)'!$J$2:$J$2483=$A90)*('Export (QBO)'!$I$2:$I$2483)) )} -> 0 | F90: {=( SUM(('Export (QBO)'!$G$2:$G$2483>=Budget!F$1)*('Export (QBO)'!$G$2:$G$2483<=((EOMONTH(Budget!F$1,0))))*('Export (QBO)'!$J$2:$J$2483=$A90)*('Export (QBO)'!$I$2:$I$2483)) )} -> 0 | G90: {=( SUM(('Export (QBO)'!$G$2:$G$2483>=Budget!G$1)*('Export (QBO)'!$G$2:$G$2483<=((EOMONTH(Budget!G$1,0))))*('Export (QBO)'!$J$2:$J$2483=$A90)*('Export (QBO)'!$I$2:$I$2483)) )} -> 0 | H90: {=( SUM(('Export (QBO)'!$G$2:$G$2483>=Budget!H$1)*('Export (QBO)'!$G$2:$G$2483<=((EOMONTH(Budget!H$1,0))))*('Export (QBO)'!$J$2:$J$2483=$A90)*('Export (QBO)'!$I$2:$I$2483)) )} -> 0 | I90: {=( SUM(('Export (QBO)'!$G$2:$G$2483>=Budget!I$1)*('Export (QBO)'!$G$2:$G$2483<=((EOMONTH(Budget!I$1,0))))*('Export (QBO)'!$J$2:$J$2483=$A90)*('Export (QBO)'!$I$2:$I$2483)) )} -> 0 | J90: {=( SUM(('Export (QBO)'!$G$2:$G$2483>=Budget!J$1)*('Export (QBO)'!$G$2:$G$2483<=((EOMONTH(Budget!J$1,0))))*('Export (QBO)'!$J$2:$J$2483=$A90)*('Export (QBO)'!$I$2:$I$2483)) )} -> 0 | K90: {=( SUM(('Export (QBO)'!$G$2:$G$2483>=Budget!K$1)*('Export (QBO)'!$G$2:$G$2483<=((EOMONTH(Budget!K$1,0))))*('Export (QBO)'!$J$2:$J$2483=$A90)*('Export (QBO)'!$I$2:$I$2483)) )} -> 0 | ... O90: {=( SUM(('Export (QBO)'!$G$2:$G$2483>=Budget!O$1)*('Export (QBO)'!$G$2:$G$2483<=((EOMONTH(Budget!O$1,0))))*('Export (QBO)'!$J$2:$J$2483=$A90)*('Export (QBO)'!$I$2:$I$2483)) )} -> 0 | P90: =SUM(D90:O90) -> 0 | Q90: {=( SUM(('Export (QBO)'!$G$2:$G$6969>=Budget!Q$1)*('Export (QBO)'!$G$2:$G$6969<=((EOMONTH(Budget!Q$1,0))))*('Export (QBO)'!$J$2:$J$6969=$A90)*('Export (QBO)'!$I$2:$I$6969)) )} -> 455.61 | R90: {=( SUM(('Export (QBO)'!$G$2:$G$6969>=Budget!R$1)*('Export (QBO)'!$G$2:$G$6969<=((EOMONTH(Budget!R$1,0))))*('Export (QBO)'!$J$2:$J$6969=$A90)*('Export (QBO)'!$I$2:$I$6969)) )} -> 425.45 | S90: {=( SUM(('Export (QBO)'!$G$2:$G$6969>=Budget!S$1)*('Export (QBO)'!$G$2:$G$6969<=((EOMONTH(Budget!S$1,0))))*('Export (QBO)'!$J$2:$J$6969=$A90)*('Export (QBO)'!$I$2:$I$6969)) )} -> 395.42 | T90: {=( SUM(('Export (QBO)'!$G$2:$G$6969>=Budget!T$1)*('Export (QBO)'!$G$2:$G$6969<=((EOMONTH(Budget!T$1,0))))*('Export (QBO)'!$J$2:$J$6969=$A90)*('Export (QBO)'!$I$2:$I$6969)) )} -> 532.17 | U90: {=( SUM(('Export (QBO)'!$G$2:$G$6969>=Budget!U$1)*('Export (QBO)'!$G$2:$G$6969<=((EOMONTH(Budget!U$1,0))))*('Export (QBO)'!$J$2:$J$6969=$A90)*('Export (QBO)'!$I$2:$I$6969)) )} -> 391.47 | V90: {=( SUM(('Export (QBO)'!$G$2:$G$6969>=Budget!V$1)*('Export (QBO)'!$G$2:$G$6969<=((EOMONTH(Budget!V$1,0))))*('Export (QBO)'!$J$2:$J$6969=$A90)*('Export (QBO)'!$I$2:$I$6969)) )} -> 406.98 | W90: {=( SUM(('Export (QBO)'!$G$2:$G$6969>=Budget!W$1)*('Export (QBO)'!$G$2:$G$6969<=((EOMONTH(Budget!W$1,0))))*('Export (QBO)'!$J$2:$J$6969=$A90)*('Export (QBO)'!$I$2:$I$6969)) )} -> 492.83 | X90: {=( SUM(('Export (QBO)'!$G$2:$G$6969>=Budget!X$1)*('Export (QBO)'!$G$2:$G$6969<=((EOMONTH(Budget!X$1,0))))*('Export (QBO)'!$J$2:$J$6969=$A90)*('Export (QBO)'!$I$2:$I$6969)) )} -> 350.44 | ... AB90: {=( SUM(('Export (QBO)'!$G$2:$G$6969>=Budget!AB$1)*('Export (QBO)'!$G$2:$G$6969<=((EOMONTH(Budget!AB$1,0))))*('Export (QBO)'!$J$2:$J$6969=$A90)*('Export (QBO)'!$I$2:$I$6969)) )} -> 0 | AC90: =SUM(Q90:AB90) -> 4886.14 | AE90: =180*12 -> 2160 | AG90: =AC90/AE90 -> 2.2621019
A91: Bank Interest | B91: =IFERROR((VLOOKUP(A91,'GL Review'!E:G,3,FALSE)),"") -> 52120 | D91: {=( SUM(('Export (QBO)'!$G$2:$G$2483>=Budget!D$1)*('Export (QBO)'!$G$2:$G$2483<=((EOMONTH(Budget!D$1,0))))*('Export (QBO)'!$J$2:$J$2483=$A91)*('Export (QBO)'!$I$2:$I$2483)) )} -> 0 | E91: {=( SUM(('Export (QBO)'!$G$2:$G$2483>=Budget!E$1)*('Export (QBO)'!$G$2:$G$2483<=((EOMONTH(Budget!E$1,0))))*('Export (QBO)'!$J$2:$J$2483=$A91)*('Export (QBO)'!$I$2:$I$2483)) )} -> 0 | F91: {=( SUM(('Export (QBO)'!$G$2:$G$2483>=Budget!F$1)*('Export (QBO)'!$G$2:$G$2483<=((EOMONTH(Budget!F$1,0))))*('Export (QBO)'!$J$2:$J$2483=$A91)*('Export (QBO)'!$I$2:$I$2483)) )} -> 0 | G91: {=( SUM(('Export (QBO)'!$G$2:$G$2483>=Budget!G$1)*('Export (QBO)'!$G$2:$G$2483<=((EOMONTH(Budget!G$1,0))))*('Export (QBO)'!$J$2:$J$2483=$A91)*('Export (QBO)'!$I$2:$I$2483)) )} -> 0 | H91: {=( SUM(('Export (QBO)'!$G$2:$G$2483>=Budget!H$1)*('Export (QBO)'!$G$2:$G$2483<=((EOMONTH(Budget!H$1,0))))*('Export (QBO)'!$J$2:$J$2483=$A91)*('Export (QBO)'!$I$2:$I$2483)) )} -> 0 | I91: {=( SUM(('Export (QBO)'!$G$2:$G$2483>=Budget!I$1)*('Export (QBO)'!$G$2:$G$2483<=((EOMONTH(Budget!I$1,0))))*('Export (QBO)'!$J$2:$J$2483=$A91)*('Export (QBO)'!$I$2:$I$2483)) )} -> 0 | J91: {=( SUM(('Export (QBO)'!$G$2:$G$2483>=Budget!J$1)*('Export (QBO)'!$G$2:$G$2483<=((EOMONTH(Budget!J$1,0))))*('Export (QBO)'!$J$2:$J$2483=$A91)*('Export (QBO)'!$I$2:$I$2483)) )} -> 0 | K91: {=( SUM(('Export (QBO)'!$G$2:$G$2483>=Budget!K$1)*('Export (QBO)'!$G$2:$G$2483<=((EOMONTH(Budget!K$1,0))))*('Export (QBO)'!$J$2:$J$2483=$A91)*('Export (QBO)'!$I$2:$I$2483)) )} -> 0 | ... O91: {=( SUM(('Export (QBO)'!$G$2:$G$2483>=Budget!O$1)*('Export (QBO)'!$G$2:$G$2483<=((EOMONTH(Budget!O$1,0))))*('Export (QBO)'!$J$2:$J$2483=$A91)*('Export (QBO)'!$I$2:$I$2483)) )} -> 0 | P91: =SUM(D91:O91) -> 0 | Q91: {=( SUM(('Export (QBO)'!$G$2:$G$6969>=Budget!Q$1)*('Export (QBO)'!$G$2:$G$6969<=((EOMONTH(Budget!Q$1,0))))*('Export (QBO)'!$J$2:$J$6969=$A91)*('Export (QBO)'!$I$2:$I$6969)) )} -> 0 | R91: {=( SUM(('Export (QBO)'!$G$2:$G$6969>=Budget!R$1)*('Export (QBO)'!$G$2:$G$6969<=((EOMONTH(Budget!R$1,0))))*('Export (QBO)'!$J$2:$J$6969=$A91)*('Export (QBO)'!$I$2:$I$6969)) )} -> 817.52 | S91: {=( SUM(('Export (QBO)'!$G$2:$G$6969>=Budget!S$1)*('Export (QBO)'!$G$2:$G$6969<=((EOMONTH(Budget!S$1,0))))*('Export (QBO)'!$J$2:$J$6969=$A91)*('Export (QBO)'!$I$2:$I$6969)) )} -> 81.14 | T91: {=( SUM(('Export (QBO)'!$G$2:$G$6969>=Budget!T$1)*('Export (QBO)'!$G$2:$G$6969<=((EOMONTH(Budget!T$1,0))))*('Export (QBO)'!$J$2:$J$6969=$A91)*('Export (QBO)'!$I$2:$I$6969)) )} -> 0 | U91: {=( SUM(('Export (QBO)'!$G$2:$G$6969>=Budget!U$1)*('Export (QBO)'!$G$2:$G$6969<=((EOMONTH(Budget!U$1,0))))*('Export (QBO)'!$J$2:$J$6969=$A91)*('Export (QBO)'!$I$2:$I$6969)) )} -> 873.35 | V91: {=( SUM(('Export (QBO)'!$G$2:$G$6969>=Budget!V$1)*('Export (QBO)'!$G$2:$G$6969<=((EOMONTH(Budget!V$1,0))))*('Export (QBO)'!$J$2:$J$6969=$A91)*('Export (QBO)'!$I$2:$I$6969)) )} -> 257.84 | W91: {=( SUM(('Export (QBO)'!$G$2:$G$6969>=Budget!W$1)*('Export (QBO)'!$G$2:$G$6969<=((EOMONTH(Budget!W$1,0))))*('Export (QBO)'!$J$2:$J$6969=$A91)*('Export (QBO)'!$I$2:$I$6969)) )} -> 925.72 | X91: {=( SUM(('Export (QBO)'!$G$2:$G$6969>=Budget!X$1)*('Export (QBO)'!$G$2:$G$6969<=((EOMONTH(Budget!X$1,0))))*('Export (QBO)'!$J$2:$J$6969=$A91)*('Export (QBO)'!$I$2:$I$6969)) )} -> 672.79 | ... AB91: {=( SUM(('Export (QBO)'!$G$2:$G$6969>=Budget!AB$1)*('Export (QBO)'!$G$2:$G$6969<=((EOMONTH(Budget!AB$1,0))))*('Export (QBO)'!$J$2:$J$6969=$A91)*('Export (QBO)'!$I$2:$I$6969)) )} -> 975.09 | AC91: =SUM(Q91:AB91) -> 5616.34
A92: Travel & Parking | B92: =IFERROR((VLOOKUP(A92,'GL Review'!E:G,3,FALSE)),"") -> 52205 | D92: {=( SUM(('Export (QBO)'!$G$2:$G$2483>=Budget!D$1)*('Export (QBO)'!$G$2:$G$2483<=((EOMONTH(Budget!D$1,0))))*('Export (QBO)'!$J$2:$J$2483=$A92)*('Export (QBO)'!$I$2:$I$2483)) )} -> 0 | E92: {=( SUM(('Export (QBO)'!$G$2:$G$2483>=Budget!E$1)*('Export (QBO)'!$G$2:$G$2483<=((EOMONTH(Budget!E$1,0))))*('Export (QBO)'!$J$2:$J$2483=$A92)*('Export (QBO)'!$I$2:$I$2483)) )} -> 0 | F92: {=( SUM(('Export (QBO)'!$G$2:$G$2483>=Budget!F$1)*('Export (QBO)'!$G$2:$G$2483<=((EOMONTH(Budget!F$1,0))))*('Export (QBO)'!$J$2:$J$2483=$A92)*('Export (QBO)'!$I$2:$I$2483)) )} -> 0 | G92: {=( SUM(('Export (QBO)'!$G$2:$G$2483>=Budget!G$1)*('Export (QBO)'!$G$2:$G$2483<=((EOMONTH(Budget!G$1,0))))*('Export (QBO)'!$J$2:$J$2483=$A92)*('Export (QBO)'!$I$2:$I$2483)) )} -> 0 | H92: {=( SUM(('Export (QBO)'!$G$2:$G$2483>=Budget!H$1)*('Export (QBO)'!$G$2:$G$2483<=((EOMONTH(Budget!H$1,0))))*('Export (QBO)'!$J$2:$J$2483=$A92)*('Export (QBO)'!$I$2:$I$2483)) )} -> 0 | I92: {=( SUM(('Export (QBO)'!$G$2:$G$2483>=Budget!I$1)*('Export (QBO)'!$G$2:$G$2483<=((EOMONTH(Budget!I$1,0))))*('Export (QBO)'!$J$2:$J$2483=$A92)*('Export (QBO)'!$I$2:$I$2483)) )} -> 0 | J92: {=( SUM(('Export (QBO)'!$G$2:$G$2483>=Budget!J$1)*('Export (QBO)'!$G$2:$G$2483<=((EOMONTH(Budget!J$1,0))))*('Export (QBO)'!$J$2:$J$2483=$A92)*('Export (QBO)'!$I$2:$I$2483)) )} -> 0 | K92: {=( SUM(('Export (QBO)'!$G$2:$G$2483>=Budget!K$1)*('Export (QBO)'!$G$2:$G$2483<=((EOMONTH(Budget!K$1,0))))*('Export (QBO)'!$J$2:$J$2483=$A92)*('Export (QBO)'!$I$2:$I$2483)) )} -> 0 | ... O92: {=( SUM(('Export (QBO)'!$G$2:$G$2483>=Budget!O$1)*('Export (QBO)'!$G$2:$G$2483<=((EOMONTH(Budget!O$1,0))))*('Export (QBO)'!$J$2:$J$2483=$A92)*('Export (QBO)'!$I$2:$I$2483)) )} -> 0 | P92: =SUM(D92:O92) -> 0 | Q92: {=( SUM(('Export (QBO)'!$G$2:$G$6969>=Budget!Q$1)*('Export (QBO)'!$G$2:$G$6969<=((EOMONTH(Budget!Q$1,0))))*('Export (QBO)'!$J$2:$J$6969=$A92)*('Export (QBO)'!$I$2:$I$6969)) )} -> 38.88 | R92: {=( SUM(('Export (QBO)'!$G$2:$G$6969>=Budget!R$1)*('Export (QBO)'!$G$2:$G$6969<=((EOMONTH(Budget!R$1,0))))*('Export (QBO)'!$J$2:$J$6969=$A92)*('Export (QBO)'!$I$2:$I$6969)) )} -> 45 | S92: {=( SUM(('Export (QBO)'!$G$2:$G$6969>=Budget!S$1)*('Export (QBO)'!$G$2:$G$6969<=((EOMONTH(Budget!S$1,0))))*('Export (QBO)'!$J$2:$J$6969=$A92)*('Export (QBO)'!$I$2:$I$6969)) )} -> 1616.24 | T92: {=( SUM(('Export (QBO)'!$G$2:$G$6969>=Budget!T$1)*('Export (QBO)'!$G$2:$G$6969<=((EOMONTH(Budget!T$1,0))))*('Export (QBO)'!$J$2:$J$6969=$A92)*('Export (QBO)'!$I$2:$I$6969)) )} -> 120.87 | U92: {=( SUM(('Export (QBO)'!$G$2:$G$6969>=Budget!U$1)*('Export (QBO)'!$G$2:$G$6969<=((EOMONTH(Budget!U$1,0))))*('Export (QBO)'!$J$2:$J$6969=$A92)*('Export (QBO)'!$I$2:$I$6969)) )} -> 0 | V92: {=( SUM(('Export (QBO)'!$G$2:$G$6969>=Budget!V$1)*('Export (QBO)'!$G$2:$G$6969<=((EOMONTH(Budget!V$1,0))))*('Export (QBO)'!$J$2:$J$6969=$A92)*('Export (QBO)'!$I$2:$I$6969)) )} -> 168.61 | W92: {=( SUM(('Export (QBO)'!$G$2:$G$6969>=Budget!W$1)*('Export (QBO)'!$G$2:$G$6969<=((EOMONTH(Budget!W$1,0))))*('Export (QBO)'!$J$2:$J$6969=$A92)*('Export (QBO)'!$I$2:$I$6969)) )} -> 8.6 | X92: {=( SUM(('Export (QBO)'!$G$2:$G$6969>=Budget!X$1)*('Export (QBO)'!$G$2:$G$6969<=((EOMONTH(Budget!X$1,0))))*('Export (QBO)'!$J$2:$J$6969=$A92)*('Export (QBO)'!$I$2:$I$6969)) )} -> 142.62 | ... AB92: {=( SUM(('Export (QBO)'!$G$2:$G$6969>=Budget!AB$1)*('Export (QBO)'!$G$2:$G$6969<=((EOMONTH(Budget!AB$1,0))))*('Export (QBO)'!$J$2:$J$6969=$A92)*('Export (QBO)'!$I$2:$I$6969)) )} -> 0 | AC92: =SUM(Q92:AB92) -> 2809.22 | AI92: Technically we should have no parking…
A93: Office Supplies | B93: =IFERROR((VLOOKUP(A93,'GL Review'!E:G,3,FALSE)),"") -> 52195 | D93: {=( SUM(('Export (QBO)'!$G$2:$G$2483>=Budget!D$1)*('Export (QBO)'!$G$2:$G$2483<=((EOMONTH(Budget!D$1,0))))*('Export (QBO)'!$J$2:$J$2483=$A93)*('Export (QBO)'!$I$2:$I$2483)) )} -> 0 | E93: {=( SUM(('Export (QBO)'!$G$2:$G$2483>=Budget!E$1)*('Export (QBO)'!$G$2:$G$2483<=((EOMONTH(Budget!E$1,0))))*('Export (QBO)'!$J$2:$J$2483=$A93)*('Export (QBO)'!$I$2:$I$2483)) )} -> 0 | F93: {=( SUM(('Export (QBO)'!$G$2:$G$2483>=Budget!F$1)*('Export (QBO)'!$G$2:$G$2483<=((EOMONTH(Budget!F$1,0))))*('Export (QBO)'!$J$2:$J$2483=$A93)*('Export (QBO)'!$I$2:$I$2483)) )} -> 0 | G93: {=( SUM(('Export (QBO)'!$G$2:$G$2483>=Budget!G$1)*('Export (QBO)'!$G$2:$G$2483<=((EOMONTH(Budget!G$1,0))))*('Export (QBO)'!$J$2:$J$2483=$A93)*('Export (QBO)'!$I$2:$I$2483)) )} -> 0 | H93: {=( SUM(('Export (QBO)'!$G$2:$G$2483>=Budget!H$1)*('Export (QBO)'!$G$2:$G$2483<=((EOMONTH(Budget!H$1,0))))*('Export (QBO)'!$J$2:$J$2483=$A93)*('Export (QBO)'!$I$2:$I$2483)) )} -> 0 | I93: {=( SUM(('Export (QBO)'!$G$2:$G$2483>=Budget!I$1)*('Export (QBO)'!$G$2:$G$2483<=((EOMONTH(Budget!I$1,0))))*('Export (QBO)'!$J$2:$J$2483=$A93)*('Export (QBO)'!$I$2:$I$2483)) )} -> 0 | J93: {=( SUM(('Export (QBO)'!$G$2:$G$2483>=Budget!J$1)*('Export (QBO)'!$G$2:$G$2483<=((EOMONTH(Budget!J$1,0))))*('Export (QBO)'!$J$2:$J$2483=$A93)*('Export (QBO)'!$I$2:$I$2483)) )} -> 0 | K93: {=( SUM(('Export (QBO)'!$G$2:$G$2483>=Budget!K$1)*('Export (QBO)'!$G$2:$G$2483<=((EOMONTH(Budget!K$1,0))))*('Export (QBO)'!$J$2:$J$2483=$A93)*('Export (QBO)'!$I$2:$I$2483)) )} -> 0 | ... O93: {=( SUM(('Export (QBO)'!$G$2:$G$2483>=Budget!O$1)*('Export (QBO)'!$G$2:$G$2483<=((EOMONTH(Budget!O$1,0))))*('Export (QBO)'!$J$2:$J$2483=$A93)*('Export (QBO)'!$I$2:$I$2483)) )} -> 0 | P93: =SUM(D93:O93) -> 0 | Q93: {=( SUM(('Export (QBO)'!$G$2:$G$6969>=Budget!Q$1)*('Export (QBO)'!$G$2:$G$6969<=((EOMONTH(Budget!Q$1,0))))*('Export (QBO)'!$J$2:$J$6969=$A93)*('Export (QBO)'!$I$2:$I$6969)) )} -> 108.01 | R93: {=( SUM(('Export (QBO)'!$G$2:$G$6969>=Budget!R$1)*('Export (QBO)'!$G$2:$G$6969<=((EOMONTH(Budget!R$1,0))))*('Export (QBO)'!$J$2:$J$6969=$A93)*('Export (QBO)'!$I$2:$I$6969)) )} -> 0 | S93: {=( SUM(('Export (QBO)'!$G$2:$G$6969>=Budget!S$1)*('Export (QBO)'!$G$2:$G$6969<=((EOMONTH(Budget!S$1,0))))*('Export (QBO)'!$J$2:$J$6969=$A93)*('Export (QBO)'!$I$2:$I$6969)) )} -> 236.42 | T93: {=( SUM(('Export (QBO)'!$G$2:$G$6969>=Budget!T$1)*('Export (QBO)'!$G$2:$G$6969<=((EOMONTH(Budget!T$1,0))))*('Export (QBO)'!$J$2:$J$6969=$A93)*('Export (QBO)'!$I$2:$I$6969)) )} -> 0 | U93: {=( SUM(('Export (QBO)'!$G$2:$G$6969>=Budget!U$1)*('Export (QBO)'!$G$2:$G$6969<=((EOMONTH(Budget!U$1,0))))*('Export (QBO)'!$J$2:$J$6969=$A93)*('Export (QBO)'!$I$2:$I$6969)) )} -> 0 | V93: {=( SUM(('Export (QBO)'!$G$2:$G$6969>=Budget!V$1)*('Export (QBO)'!$G$2:$G$6969<=((EOMONTH(Budget!V$1,0))))*('Export (QBO)'!$J$2:$J$6969=$A93)*('Export (QBO)'!$I$2:$I$6969)) )} -> 0 | W93: {=( SUM(('Export (QBO)'!$G$2:$G$6969>=Budget!W$1)*('Export (QBO)'!$G$2:$G$6969<=((EOMONTH(Budget!W$1,0))))*('Export (QBO)'!$J$2:$J$6969=$A93)*('Export (QBO)'!$I$2:$I$6969)) )} -> 33.49 | X93: {=( SUM(('Export (QBO)'!$G$2:$G$6969>=Budget!X$1)*('Export (QBO)'!$G$2:$G$6969<=((EOMONTH(Budget!X$1,0))))*('Export (QBO)'!$J$2:$J$6969=$A93)*('Export (QBO)'!$I$2:$I$6969)) )} -> 0 | ... AB93: {=( SUM(('Export (QBO)'!$G$2:$G$6969>=Budget!AB$1)*('Export (QBO)'!$G$2:$G$6969<=((EOMONTH(Budget!AB$1,0))))*('Export (QBO)'!$J$2:$J$6969=$A93)*('Export (QBO)'!$I$2:$I$6969)) )} -> 0 | AC93: =SUM(Q93:AB93) -> 1338.01 | AE93: 120
A94: Uniforms & Laundry | B94: =IFERROR((VLOOKUP(A94,'GL Review'!E:G,3,FALSE)),"") -> 52210 | D94: {=( SUM(('Export (QBO)'!$G$2:$G$2483>=Budget!D$1)*('Export (QBO)'!$G$2:$G$2483<=((EOMONTH(Budget!D$1,0))))*('Export (QBO)'!$J$2:$J$2483=$A94)*('Export (QBO)'!$I$2:$I$2483)) )} -> 0 | E94: {=( SUM(('Export (QBO)'!$G$2:$G$2483>=Budget!E$1)*('Export (QBO)'!$G$2:$G$2483<=((EOMONTH(Budget!E$1,0))))*('Export (QBO)'!$J$2:$J$2483=$A94)*('Export (QBO)'!$I$2:$I$2483)) )} -> 0 | F94: {=( SUM(('Export (QBO)'!$G$2:$G$2483>=Budget!F$1)*('Export (QBO)'!$G$2:$G$2483<=((EOMONTH(Budget!F$1,0))))*('Export (QBO)'!$J$2:$J$2483=$A94)*('Export (QBO)'!$I$2:$I$2483)) )} -> 0 | G94: {=( SUM(('Export (QBO)'!$G$2:$G$2483>=Budget!G$1)*('Export (QBO)'!$G$2:$G$2483<=((EOMONTH(Budget!G$1,0))))*('Export (QBO)'!$J$2:$J$2483=$A94)*('Export (QBO)'!$I$2:$I$2483)) )} -> 0 | H94: {=( SUM(('Export (QBO)'!$G$2:$G$2483>=Budget!H$1)*('Export (QBO)'!$G$2:$G$2483<=((EOMONTH(Budget!H$1,0))))*('Export (QBO)'!$J$2:$J$2483=$A94)*('Export (QBO)'!$I$2:$I$2483)) )} -> 0 | I94: {=( SUM(('Export (QBO)'!$G$2:$G$2483>=Budget!I$1)*('Export (QBO)'!$G$2:$G$2483<=((EOMONTH(Budget!I$1,0))))*('Export (QBO)'!$J$2:$J$2483=$A94)*('Export (QBO)'!$I$2:$I$2483)) )} -> 0 | J94: {=( SUM(('Export (QBO)'!$G$2:$G$2483>=Budget!J$1)*('Export (QBO)'!$G$2:$G$2483<=((EOMONTH(Budget!J$1,0))))*('Export (QBO)'!$J$2:$J$2483=$A94)*('Export (QBO)'!$I$2:$I$2483)) )} -> 0 | K94: {=( SUM(('Export (QBO)'!$G$2:$G$2483>=Budget!K$1)*('Export (QBO)'!$G$2:$G$2483<=((EOMONTH(Budget!K$1,0))))*('Export (QBO)'!$J$2:$J$2483=$A94)*('Export (QBO)'!$I$2:$I$2483)) )} -> 0 | ... O94: {=( SUM(('Export (QBO)'!$G$2:$G$2483>=Budget!O$1)*('Export (QBO)'!$G$2:$G$2483<=((EOMONTH(Budget!O$1,0))))*('Export (QBO)'!$J$2:$J$2483=$A94)*('Export (QBO)'!$I$2:$I$2483)) )} -> 0 | P94: =SUM(D94:O94) -> 0 | Q94: {=( SUM(('Export (QBO)'!$G$2:$G$6969>=Budget!Q$1)*('Export (QBO)'!$G$2:$G$6969<=((EOMONTH(Budget!Q$1,0))))*('Export (QBO)'!$J$2:$J$6969=$A94)*('Export (QBO)'!$I$2:$I$6969)) )} -> 149.79 | R94: {=( SUM(('Export (QBO)'!$G$2:$G$6969>=Budget!R$1)*('Export (QBO)'!$G$2:$G$6969<=((EOMONTH(Budget!R$1,0))))*('Export (QBO)'!$J$2:$J$6969=$A94)*('Export (QBO)'!$I$2:$I$6969)) )} -> 0 | S94: {=( SUM(('Export (QBO)'!$G$2:$G$6969>=Budget!S$1)*('Export (QBO)'!$G$2:$G$6969<=((EOMONTH(Budget!S$1,0))))*('Export (QBO)'!$J$2:$J$6969=$A94)*('Export (QBO)'!$I$2:$I$6969)) )} -> 0 | T94: {=( SUM(('Export (QBO)'!$G$2:$G$6969>=Budget!T$1)*('Export (QBO)'!$G$2:$G$6969<=((EOMONTH(Budget!T$1,0))))*('Export (QBO)'!$J$2:$J$6969=$A94)*('Export (QBO)'!$I$2:$I$6969)) )} -> 0 | U94: {=( SUM(('Export (QBO)'!$G$2:$G$6969>=Budget!U$1)*('Export (QBO)'!$G$2:$G$6969<=((EOMONTH(Budget!U$1,0))))*('Export (QBO)'!$J$2:$J$6969=$A94)*('Export (QBO)'!$I$2:$I$6969)) )} -> 0 | V94: {=( SUM(('Export (QBO)'!$G$2:$G$6969>=Budget!V$1)*('Export (QBO)'!$G$2:$G$6969<=((EOMONTH(Budget!V$1,0))))*('Export (QBO)'!$J$2:$J$6969=$A94)*('Export (QBO)'!$I$2:$I$6969)) )} -> 0 | W94: {=( SUM(('Export (QBO)'!$G$2:$G$6969>=Budget!W$1)*('Export (QBO)'!$G$2:$G$6969<=((EOMONTH(Budget!W$1,0))))*('Export (QBO)'!$J$2:$J$6969=$A94)*('Export (QBO)'!$I$2:$I$6969)) )} -> 0 | X94: {=( SUM(('Export (QBO)'!$G$2:$G$6969>=Budget!X$1)*('Export (QBO)'!$G$2:$G$6969<=((EOMONTH(Budget!X$1,0))))*('Export (QBO)'!$J$2:$J$6969=$A94)*('Export (QBO)'!$I$2:$I$6969)) )} -> 0 | ... AB94: {=( SUM(('Export (QBO)'!$G$2:$G$6969>=Budget!AB$1)*('Export (QBO)'!$G$2:$G$6969<=((EOMONTH(Budget!AB$1,0))))*('Export (QBO)'!$J$2:$J$6969=$A94)*('Export (QBO)'!$I$2:$I$6969)) )} -> 0 | AC94: =SUM(Q94:AB94) -> 463.22
A95: Gifts & Giveaways | B95: =IFERROR((VLOOKUP(A95,'GL Review'!E:G,3,FALSE)),"") -> 52151 | D95: {=( SUM(('Export (QBO)'!$G$2:$G$2483>=Budget!D$1)*('Export (QBO)'!$G$2:$G$2483<=((EOMONTH(Budget!D$1,0))))*('Export (QBO)'!$J$2:$J$2483=$A95)*('Export (QBO)'!$I$2:$I$2483)) )} -> 0 | E95: {=( SUM(('Export (QBO)'!$G$2:$G$2483>=Budget!E$1)*('Export (QBO)'!$G$2:$G$2483<=((EOMONTH(Budget!E$1,0))))*('Export (QBO)'!$J$2:$J$2483=$A95)*('Export (QBO)'!$I$2:$I$2483)) )} -> 0 | F95: {=( SUM(('Export (QBO)'!$G$2:$G$2483>=Budget!F$1)*('Export (QBO)'!$G$2:$G$2483<=((EOMONTH(Budget!F$1,0))))*('Export (QBO)'!$J$2:$J$2483=$A95)*('Export (QBO)'!$I$2:$I$2483)) )} -> 0 | G95: {=( SUM(('Export (QBO)'!$G$2:$G$2483>=Budget!G$1)*('Export (QBO)'!$G$2:$G$2483<=((EOMONTH(Budget!G$1,0))))*('Export (QBO)'!$J$2:$J$2483=$A95)*('Export (QBO)'!$I$2:$I$2483)) )} -> 0 | H95: {=( SUM(('Export (QBO)'!$G$2:$G$2483>=Budget!H$1)*('Export (QBO)'!$G$2:$G$2483<=((EOMONTH(Budget!H$1,0))))*('Export (QBO)'!$J$2:$J$2483=$A95)*('Export (QBO)'!$I$2:$I$2483)) )} -> 0 | I95: {=( SUM(('Export (QBO)'!$G$2:$G$2483>=Budget!I$1)*('Export (QBO)'!$G$2:$G$2483<=((EOMONTH(Budget!I$1,0))))*('Export (QBO)'!$J$2:$J$2483=$A95)*('Export (QBO)'!$I$2:$I$2483)) )} -> 0 | J95: {=( SUM(('Export (QBO)'!$G$2:$G$2483>=Budget!J$1)*('Export (QBO)'!$G$2:$G$2483<=((EOMONTH(Budget!J$1,0))))*('Export (QBO)'!$J$2:$J$2483=$A95)*('Export (QBO)'!$I$2:$I$2483)) )} -> 0 | K95: {=( SUM(('Export (QBO)'!$G$2:$G$2483>=Budget!K$1)*('Export (QBO)'!$G$2:$G$2483<=((EOMONTH(Budget!K$1,0))))*('Export (QBO)'!$J$2:$J$2483=$A95)*('Export (QBO)'!$I$2:$I$2483)) )} -> 0 | ... O95: {=( SUM(('Export (QBO)'!$G$2:$G$2483>=Budget!O$1)*('Export (QBO)'!$G$2:$G$2483<=((EOMONTH(Budget!O$1,0))))*('Export (QBO)'!$J$2:$J$2483=$A95)*('Export (QBO)'!$I$2:$I$2483)) )} -> 0 | P95: =SUM(D95:O95) -> 0 | Q95: {=( SUM(('Export (QBO)'!$G$2:$G$6969>=Budget!Q$1)*('Export (QBO)'!$G$2:$G$6969<=((EOMONTH(Budget!Q$1,0))))*('Export (QBO)'!$J$2:$J$6969=$A95)*('Export (QBO)'!$I$2:$I$6969)) )} -> 0 | R95: {=( SUM(('Export (QBO)'!$G$2:$G$6969>=Budget!R$1)*('Export (QBO)'!$G$2:$G$6969<=((EOMONTH(Budget!R$1,0))))*('Export (QBO)'!$J$2:$J$6969=$A95)*('Export (QBO)'!$I$2:$I$6969)) )} -> 0 | S95: {=( SUM(('Export (QBO)'!$G$2:$G$6969>=Budget!S$1)*('Export (QBO)'!$G$2:$G$6969<=((EOMONTH(Budget!S$1,0))))*('Export (QBO)'!$J$2:$J$6969=$A95)*('Export (QBO)'!$I$2:$I$6969)) )} -> 0 | T95: {=( SUM(('Export (QBO)'!$G$2:$G$6969>=Budget!T$1)*('Export (QBO)'!$G$2:$G$6969<=((EOMONTH(Budget!T$1,0))))*('Export (QBO)'!$J$2:$J$6969=$A95)*('Export (QBO)'!$I$2:$I$6969)) )} -> 0 | U95: {=( SUM(('Export (QBO)'!$G$2:$G$6969>=Budget!U$1)*('Export (QBO)'!$G$2:$G$6969<=((EOMONTH(Budget!U$1,0))))*('Export (QBO)'!$J$2:$J$6969=$A95)*('Export (QBO)'!$I$2:$I$6969)) )} -> 0 | V95: {=( SUM(('Export (QBO)'!$G$2:$G$6969>=Budget!V$1)*('Export (QBO)'!$G$2:$G$6969<=((EOMONTH(Budget!V$1,0))))*('Export (QBO)'!$J$2:$J$6969=$A95)*('Export (QBO)'!$I$2:$I$6969)) )} -> 552 | W95: {=( SUM(('Export (QBO)'!$G$2:$G$6969>=Budget!W$1)*('Export (QBO)'!$G$2:$G$6969<=((EOMONTH(Budget!W$1,0))))*('Export (QBO)'!$J$2:$J$6969=$A95)*('Export (QBO)'!$I$2:$I$6969)) )} -> 0 | X95: {=( SUM(('Export (QBO)'!$G$2:$G$6969>=Budget!X$1)*('Export (QBO)'!$G$2:$G$6969<=((EOMONTH(Budget!X$1,0))))*('Export (QBO)'!$J$2:$J$6969=$A95)*('Export (QBO)'!$I$2:$I$6969)) )} -> 0 | ... AB95: {=( SUM(('Export (QBO)'!$G$2:$G$6969>=Budget!AB$1)*('Export (QBO)'!$G$2:$G$6969<=((EOMONTH(Budget!AB$1,0))))*('Export (QBO)'!$J$2:$J$6969=$A95)*('Export (QBO)'!$I$2:$I$6969)) )} -> 0 | AC95: =SUM(Q95:AB95) -> 552 | AE95: 2000
A96: Computer - Hardware | B96: =IFERROR((VLOOKUP(A96,'GL Review'!E:G,3,FALSE)),"") -> 52160 | D96: {=( SUM(('Export (QBO)'!$G$2:$G$2483>=Budget!D$1)*('Export (QBO)'!$G$2:$G$2483<=((EOMONTH(Budget!D$1,0))))*('Export (QBO)'!$J$2:$J$2483=$A96)*('Export (QBO)'!$I$2:$I$2483)) )} -> 0 | E96: {=( SUM(('Export (QBO)'!$G$2:$G$2483>=Budget!E$1)*('Export (QBO)'!$G$2:$G$2483<=((EOMONTH(Budget!E$1,0))))*('Export (QBO)'!$J$2:$J$2483=$A96)*('Export (QBO)'!$I$2:$I$2483)) )} -> 0 | F96: {=( SUM(('Export (QBO)'!$G$2:$G$2483>=Budget!F$1)*('Export (QBO)'!$G$2:$G$2483<=((EOMONTH(Budget!F$1,0))))*('Export (QBO)'!$J$2:$J$2483=$A96)*('Export (QBO)'!$I$2:$I$2483)) )} -> 0 | G96: {=( SUM(('Export (QBO)'!$G$2:$G$2483>=Budget!G$1)*('Export (QBO)'!$G$2:$G$2483<=((EOMONTH(Budget!G$1,0))))*('Export (QBO)'!$J$2:$J$2483=$A96)*('Export (QBO)'!$I$2:$I$2483)) )} -> 0 | H96: {=( SUM(('Export (QBO)'!$G$2:$G$2483>=Budget!H$1)*('Export (QBO)'!$G$2:$G$2483<=((EOMONTH(Budget!H$1,0))))*('Export (QBO)'!$J$2:$J$2483=$A96)*('Export (QBO)'!$I$2:$I$2483)) )} -> 0 | I96: {=( SUM(('Export (QBO)'!$G$2:$G$2483>=Budget!I$1)*('Export (QBO)'!$G$2:$G$2483<=((EOMONTH(Budget!I$1,0))))*('Export (QBO)'!$J$2:$J$2483=$A96)*('Export (QBO)'!$I$2:$I$2483)) )} -> 0 | J96: {=( SUM(('Export (QBO)'!$G$2:$G$2483>=Budget!J$1)*('Export (QBO)'!$G$2:$G$2483<=((EOMONTH(Budget!J$1,0))))*('Export (QBO)'!$J$2:$J$2483=$A96)*('Export (QBO)'!$I$2:$I$2483)) )} -> 0 | K96: {=( SUM(('Export (QBO)'!$G$2:$G$2483>=Budget!K$1)*('Export (QBO)'!$G$2:$G$2483<=((EOMONTH(Budget!K$1,0))))*('Export (QBO)'!$J$2:$J$2483=$A96)*('Export (QBO)'!$I$2:$I$2483)) )} -> 0 | ... O96: {=( SUM(('Export (QBO)'!$G$2:$G$2483>=Budget!O$1)*('Export (QBO)'!$G$2:$G$2483<=((EOMONTH(Budget!O$1,0))))*('Export (QBO)'!$J$2:$J$2483=$A96)*('Export (QBO)'!$I$2:$I$2483)) )} -> 0 | P96: =SUM(D96:O96) -> 0 | Q96: {=( SUM(('Export (QBO)'!$G$2:$G$6969>=Budget!Q$1)*('Export (QBO)'!$G$2:$G$6969<=((EOMONTH(Budget!Q$1,0))))*('Export (QBO)'!$J$2:$J$6969=$A96)*('Export (QBO)'!$I$2:$I$6969)) )} -> 0 | R96: {=( SUM(('Export (QBO)'!$G$2:$G$6969>=Budget!R$1)*('Export (QBO)'!$G$2:$G$6969<=((EOMONTH(Budget!R$1,0))))*('Export (QBO)'!$J$2:$J$6969=$A96)*('Export (QBO)'!$I$2:$I$6969)) )} -> 0 | S96: {=( SUM(('Export (QBO)'!$G$2:$G$6969>=Budget!S$1)*('Export (QBO)'!$G$2:$G$6969<=((EOMONTH(Budget!S$1,0))))*('Export (QBO)'!$J$2:$J$6969=$A96)*('Export (QBO)'!$I$2:$I$6969)) )} -> 0 | T96: {=( SUM(('Export (QBO)'!$G$2:$G$6969>=Budget!T$1)*('Export (QBO)'!$G$2:$G$6969<=((EOMONTH(Budget!T$1,0))))*('Export (QBO)'!$J$2:$J$6969=$A96)*('Export (QBO)'!$I$2:$I$6969)) )} -> 0 | U96: {=( SUM(('Export (QBO)'!$G$2:$G$6969>=Budget!U$1)*('Export (QBO)'!$G$2:$G$6969<=((EOMONTH(Budget!U$1,0))))*('Export (QBO)'!$J$2:$J$6969=$A96)*('Export (QBO)'!$I$2:$I$6969)) )} -> 0 | V96: {=( SUM(('Export (QBO)'!$G$2:$G$6969>=Budget!V$1)*('Export (QBO)'!$G$2:$G$6969<=((EOMONTH(Budget!V$1,0))))*('Export (QBO)'!$J$2:$J$6969=$A96)*('Export (QBO)'!$I$2:$I$6969)) )} -> 0 | W96: {=( SUM(('Export (QBO)'!$G$2:$G$6969>=Budget!W$1)*('Export (QBO)'!$G$2:$G$6969<=((EOMONTH(Budget!W$1,0))))*('Export (QBO)'!$J$2:$J$6969=$A96)*('Export (QBO)'!$I$2:$I$6969)) )} -> 0 | X96: {=( SUM(('Export (QBO)'!$G$2:$G$6969>=Budget!X$1)*('Export (QBO)'!$G$2:$G$6969<=((EOMONTH(Budget!X$1,0))))*('Export (QBO)'!$J$2:$J$6969=$A96)*('Export (QBO)'!$I$2:$I$6969)) )} -> 0 | ... AB96: {=( SUM(('Export (QBO)'!$G$2:$G$6969>=Budget!AB$1)*('Export (QBO)'!$G$2:$G$6969<=((EOMONTH(Budget!AB$1,0))))*('Export (QBO)'!$J$2:$J$6969=$A96)*('Export (QBO)'!$I$2:$I$6969)) )} -> 0 | AC96: =SUM(Q96:AB96) -> 937.28
A97: Subscriptions (Monthly) | B97: =IFERROR((VLOOKUP(A97,'GL Review'!E:G,3,FALSE)),"") -> 52164 | D97: {=( SUM(('Export (QBO)'!$G$2:$G$2483>=Budget!D$1)*('Export (QBO)'!$G$2:$G$2483<=((EOMONTH(Budget!D$1,0))))*('Export (QBO)'!$J$2:$J$2483=$A97)*('Export (QBO)'!$I$2:$I$2483)) )} -> 0 | E97: {=( SUM(('Export (QBO)'!$G$2:$G$2483>=Budget!E$1)*('Export (QBO)'!$G$2:$G$2483<=((EOMONTH(Budget!E$1,0))))*('Export (QBO)'!$J$2:$J$2483=$A97)*('Export (QBO)'!$I$2:$I$2483)) )} -> 0 | F97: {=( SUM(('Export (QBO)'!$G$2:$G$2483>=Budget!F$1)*('Export (QBO)'!$G$2:$G$2483<=((EOMONTH(Budget!F$1,0))))*('Export (QBO)'!$J$2:$J$2483=$A97)*('Export (QBO)'!$I$2:$I$2483)) )} -> 0 | G97: {=( SUM(('Export (QBO)'!$G$2:$G$2483>=Budget!G$1)*('Export (QBO)'!$G$2:$G$2483<=((EOMONTH(Budget!G$1,0))))*('Export (QBO)'!$J$2:$J$2483=$A97)*('Export (QBO)'!$I$2:$I$2483)) )} -> 0 | H97: {=( SUM(('Export (QBO)'!$G$2:$G$2483>=Budget!H$1)*('Export (QBO)'!$G$2:$G$2483<=((EOMONTH(Budget!H$1,0))))*('Export (QBO)'!$J$2:$J$2483=$A97)*('Export (QBO)'!$I$2:$I$2483)) )} -> 0 | I97: {=( SUM(('Export (QBO)'!$G$2:$G$2483>=Budget!I$1)*('Export (QBO)'!$G$2:$G$2483<=((EOMONTH(Budget!I$1,0))))*('Export (QBO)'!$J$2:$J$2483=$A97)*('Export (QBO)'!$I$2:$I$2483)) )} -> 0 | J97: {=( SUM(('Export (QBO)'!$G$2:$G$2483>=Budget!J$1)*('Export (QBO)'!$G$2:$G$2483<=((EOMONTH(Budget!J$1,0))))*('Export (QBO)'!$J$2:$J$2483=$A97)*('Export (QBO)'!$I$2:$I$2483)) )} -> 0 | K97: {=( SUM(('Export (QBO)'!$G$2:$G$2483>=Budget!K$1)*('Export (QBO)'!$G$2:$G$2483<=((EOMONTH(Budget!K$1,0))))*('Export (QBO)'!$J$2:$J$2483=$A97)*('Export (QBO)'!$I$2:$I$2483)) )} -> 0 | ... O97: {=( SUM(('Export (QBO)'!$G$2:$G$2483>=Budget!O$1)*('Export (QBO)'!$G$2:$G$2483<=((EOMONTH(Budget!O$1,0))))*('Export (QBO)'!$J$2:$J$2483=$A97)*('Export (QBO)'!$I$2:$I$2483)) )} -> 0 | P97: =SUM(D97:O97) -> 0 | Q97: {=( SUM(('Export (QBO)'!$G$2:$G$6969>=Budget!Q$1)*('Export (QBO)'!$G$2:$G$6969<=((EOMONTH(Budget!Q$1,0))))*('Export (QBO)'!$J$2:$J$6969=$A97)*('Export (QBO)'!$I$2:$I$6969)) )} -> 0 | R97: {=( SUM(('Export (QBO)'!$G$2:$G$6969>=Budget!R$1)*('Export (QBO)'!$G$2:$G$6969<=((EOMONTH(Budget!R$1,0))))*('Export (QBO)'!$J$2:$J$6969=$A97)*('Export (QBO)'!$I$2:$I$6969)) )} -> 0 | S97: {=( SUM(('Export (QBO)'!$G$2:$G$6969>=Budget!S$1)*('Export (QBO)'!$G$2:$G$6969<=((EOMONTH(Budget!S$1,0))))*('Export (QBO)'!$J$2:$J$6969=$A97)*('Export (QBO)'!$I$2:$I$6969)) )} -> 0 | T97: {=( SUM(('Export (QBO)'!$G$2:$G$6969>=Budget!T$1)*('Export (QBO)'!$G$2:$G$6969<=((EOMONTH(Budget!T$1,0))))*('Export (QBO)'!$J$2:$J$6969=$A97)*('Export (QBO)'!$I$2:$I$6969)) )} -> 0 | U97: {=( SUM(('Export (QBO)'!$G$2:$G$6969>=Budget!U$1)*('Export (QBO)'!$G$2:$G$6969<=((EOMONTH(Budget!U$1,0))))*('Export (QBO)'!$J$2:$J$6969=$A97)*('Export (QBO)'!$I$2:$I$6969)) )} -> 0 | V97: {=( SUM(('Export (QBO)'!$G$2:$G$6969>=Budget!V$1)*('Export (QBO)'!$G$2:$G$6969<=((EOMONTH(Budget!V$1,0))))*('Export (QBO)'!$J$2:$J$6969=$A97)*('Export (QBO)'!$I$2:$I$6969)) )} -> 0 | W97: {=( SUM(('Export (QBO)'!$G$2:$G$6969>=Budget!W$1)*('Export (QBO)'!$G$2:$G$6969<=((EOMONTH(Budget!W$1,0))))*('Export (QBO)'!$J$2:$J$6969=$A97)*('Export (QBO)'!$I$2:$I$6969)) )} -> 0 | X97: {=( SUM(('Export (QBO)'!$G$2:$G$6969>=Budget!X$1)*('Export (QBO)'!$G$2:$G$6969<=((EOMONTH(Budget!X$1,0))))*('Export (QBO)'!$J$2:$J$6969=$A97)*('Export (QBO)'!$I$2:$I$6969)) )} -> 0 | ... AB97: {=( SUM(('Export (QBO)'!$G$2:$G$6969>=Budget!AB$1)*('Export (QBO)'!$G$2:$G$6969<=((EOMONTH(Budget!AB$1,0))))*('Export (QBO)'!$J$2:$J$6969=$A97)*('Export (QBO)'!$I$2:$I$6969)) )} -> 0 | AC97: =SUM(Q97:AB97) -> 0 | AE97: =26*12 -> 312 | AG97: =AC97/AE97 -> 0 | AI97: Amazon + iCloud
A98: Donations | B98: =IFERROR((VLOOKUP(A98,'GL Review'!E:G,3,FALSE)),"") -> 52170 | D98: {=( SUM(('Export (QBO)'!$G$2:$G$2483>=Budget!D$1)*('Export (QBO)'!$G$2:$G$2483<=((EOMONTH(Budget!D$1,0))))*('Export (QBO)'!$J$2:$J$2483=$A98)*('Export (QBO)'!$I$2:$I$2483)) )} -> 0 | E98: {=( SUM(('Export (QBO)'!$G$2:$G$2483>=Budget!E$1)*('Export (QBO)'!$G$2:$G$2483<=((EOMONTH(Budget!E$1,0))))*('Export (QBO)'!$J$2:$J$2483=$A98)*('Export (QBO)'!$I$2:$I$2483)) )} -> 0 | F98: {=( SUM(('Export (QBO)'!$G$2:$G$2483>=Budget!F$1)*('Export (QBO)'!$G$2:$G$2483<=((EOMONTH(Budget!F$1,0))))*('Export (QBO)'!$J$2:$J$2483=$A98)*('Export (QBO)'!$I$2:$I$2483)) )} -> 0 | G98: {=( SUM(('Export (QBO)'!$G$2:$G$2483>=Budget!G$1)*('Export (QBO)'!$G$2:$G$2483<=((EOMONTH(Budget!G$1,0))))*('Export (QBO)'!$J$2:$J$2483=$A98)*('Export (QBO)'!$I$2:$I$2483)) )} -> 0 | H98: {=( SUM(('Export (QBO)'!$G$2:$G$2483>=Budget!H$1)*('Export (QBO)'!$G$2:$G$2483<=((EOMONTH(Budget!H$1,0))))*('Export (QBO)'!$J$2:$J$2483=$A98)*('Export (QBO)'!$I$2:$I$2483)) )} -> 0 | I98: {=( SUM(('Export (QBO)'!$G$2:$G$2483>=Budget!I$1)*('Export (QBO)'!$G$2:$G$2483<=((EOMONTH(Budget!I$1,0))))*('Export (QBO)'!$J$2:$J$2483=$A98)*('Export (QBO)'!$I$2:$I$2483)) )} -> 0 | J98: {=( SUM(('Export (QBO)'!$G$2:$G$2483>=Budget!J$1)*('Export (QBO)'!$G$2:$G$2483<=((EOMONTH(Budget!J$1,0))))*('Export (QBO)'!$J$2:$J$2483=$A98)*('Export (QBO)'!$I$2:$I$2483)) )} -> 0 | K98: {=( SUM(('Export (QBO)'!$G$2:$G$2483>=Budget!K$1)*('Export (QBO)'!$G$2:$G$2483<=((EOMONTH(Budget!K$1,0))))*('Export (QBO)'!$J$2:$J$2483=$A98)*('Export (QBO)'!$I$2:$I$2483)) )} -> 0 | ... O98: {=( SUM(('Export (QBO)'!$G$2:$G$2483>=Budget!O$1)*('Export (QBO)'!$G$2:$G$2483<=((EOMONTH(Budget!O$1,0))))*('Export (QBO)'!$J$2:$J$2483=$A98)*('Export (QBO)'!$I$2:$I$2483)) )} -> 0 | P98: =SUM(D98:O98) -> 0 | Q98: {=( SUM(('Export (QBO)'!$G$2:$G$6969>=Budget!Q$1)*('Export (QBO)'!$G$2:$G$6969<=((EOMONTH(Budget!Q$1,0))))*('Export (QBO)'!$J$2:$J$6969=$A98)*('Export (QBO)'!$I$2:$I$6969)) )} -> 0 | R98: {=( SUM(('Export (QBO)'!$G$2:$G$6969>=Budget!R$1)*('Export (QBO)'!$G$2:$G$6969<=((EOMONTH(Budget!R$1,0))))*('Export (QBO)'!$J$2:$J$6969=$A98)*('Export (QBO)'!$I$2:$I$6969)) )} -> 0 | S98: {=( SUM(('Export (QBO)'!$G$2:$G$6969>=Budget!S$1)*('Export (QBO)'!$G$2:$G$6969<=((EOMONTH(Budget!S$1,0))))*('Export (QBO)'!$J$2:$J$6969=$A98)*('Export (QBO)'!$I$2:$I$6969)) )} -> 0 | T98: {=( SUM(('Export (QBO)'!$G$2:$G$6969>=Budget!T$1)*('Export (QBO)'!$G$2:$G$6969<=((EOMONTH(Budget!T$1,0))))*('Export (QBO)'!$J$2:$J$6969=$A98)*('Export (QBO)'!$I$2:$I$6969)) )} -> 0 | U98: {=( SUM(('Export (QBO)'!$G$2:$G$6969>=Budget!U$1)*('Export (QBO)'!$G$2:$G$6969<=((EOMONTH(Budget!U$1,0))))*('Export (QBO)'!$J$2:$J$6969=$A98)*('Export (QBO)'!$I$2:$I$6969)) )} -> 0 | V98: {=( SUM(('Export (QBO)'!$G$2:$G$6969>=Budget!V$1)*('Export (QBO)'!$G$2:$G$6969<=((EOMONTH(Budget!V$1,0))))*('Export (QBO)'!$J$2:$J$6969=$A98)*('Export (QBO)'!$I$2:$I$6969)) )} -> 0 | W98: {=( SUM(('Export (QBO)'!$G$2:$G$6969>=Budget!W$1)*('Export (QBO)'!$G$2:$G$6969<=((EOMONTH(Budget!W$1,0))))*('Export (QBO)'!$J$2:$J$6969=$A98)*('Export (QBO)'!$I$2:$I$6969)) )} -> 0 | X98: {=( SUM(('Export (QBO)'!$G$2:$G$6969>=Budget!X$1)*('Export (QBO)'!$G$2:$G$6969<=((EOMONTH(Budget!X$1,0))))*('Export (QBO)'!$J$2:$J$6969=$A98)*('Export (QBO)'!$I$2:$I$6969)) )} -> 0 | ... AB98: {=( SUM(('Export (QBO)'!$G$2:$G$6969>=Budget!AB$1)*('Export (QBO)'!$G$2:$G$6969<=((EOMONTH(Budget!AB$1,0))))*('Export (QBO)'!$J$2:$J$6969=$A98)*('Export (QBO)'!$I$2:$I$6969)) )} -> 0 | AC98: =SUM(Q98:AB98) -> 0
A99: Tools & Equipment | B99: =IFERROR((VLOOKUP(A99,'GL Review'!E:G,3,FALSE)),"") -> 17015 | D99: {=( SUM(('Export (QBO)'!$G$2:$G$2483>=Budget!D$1)*('Export (QBO)'!$G$2:$G$2483<=((EOMONTH(Budget!D$1,0))))*('Export (QBO)'!$J$2:$J$2483=$A99)*('Export (QBO)'!$I$2:$I$2483)) )} -> 0 | E99: {=( SUM(('Export (QBO)'!$G$2:$G$2483>=Budget!E$1)*('Export (QBO)'!$G$2:$G$2483<=((EOMONTH(Budget!E$1,0))))*('Export (QBO)'!$J$2:$J$2483=$A99)*('Export (QBO)'!$I$2:$I$2483)) )} -> 0 | F99: {=( SUM(('Export (QBO)'!$G$2:$G$2483>=Budget!F$1)*('Export (QBO)'!$G$2:$G$2483<=((EOMONTH(Budget!F$1,0))))*('Export (QBO)'!$J$2:$J$2483=$A99)*('Export (QBO)'!$I$2:$I$2483)) )} -> 0 | G99: {=( SUM(('Export (QBO)'!$G$2:$G$2483>=Budget!G$1)*('Export (QBO)'!$G$2:$G$2483<=((EOMONTH(Budget!G$1,0))))*('Export (QBO)'!$J$2:$J$2483=$A99)*('Export (QBO)'!$I$2:$I$2483)) )} -> 0 | H99: {=( SUM(('Export (QBO)'!$G$2:$G$2483>=Budget!H$1)*('Export (QBO)'!$G$2:$G$2483<=((EOMONTH(Budget!H$1,0))))*('Export (QBO)'!$J$2:$J$2483=$A99)*('Export (QBO)'!$I$2:$I$2483)) )} -> 0 | I99: {=( SUM(('Export (QBO)'!$G$2:$G$2483>=Budget!I$1)*('Export (QBO)'!$G$2:$G$2483<=((EOMONTH(Budget!I$1,0))))*('Export (QBO)'!$J$2:$J$2483=$A99)*('Export (QBO)'!$I$2:$I$2483)) )} -> 0 | J99: {=( SUM(('Export (QBO)'!$G$2:$G$2483>=Budget!J$1)*('Export (QBO)'!$G$2:$G$2483<=((EOMONTH(Budget!J$1,0))))*('Export (QBO)'!$J$2:$J$2483=$A99)*('Export (QBO)'!$I$2:$I$2483)) )} -> 0 | K99: {=( SUM(('Export (QBO)'!$G$2:$G$2483>=Budget!K$1)*('Export (QBO)'!$G$2:$G$2483<=((EOMONTH(Budget!K$1,0))))*('Export (QBO)'!$J$2:$J$2483=$A99)*('Export (QBO)'!$I$2:$I$2483)) )} -> 0 | ... O99: {=( SUM(('Export (QBO)'!$G$2:$G$2483>=Budget!O$1)*('Export (QBO)'!$G$2:$G$2483<=((EOMONTH(Budget!O$1,0))))*('Export (QBO)'!$J$2:$J$2483=$A99)*('Export (QBO)'!$I$2:$I$2483)) )} -> 0 | P99: =SUM(D99:O99) -> 0 | Q99: {=( SUM(('Export (QBO)'!$G$2:$G$6969>=Budget!Q$1)*('Export (QBO)'!$G$2:$G$6969<=((EOMONTH(Budget!Q$1,0))))*('Export (QBO)'!$J$2:$J$6969=$A99)*('Export (QBO)'!$I$2:$I$6969)) )} -> 0 | R99: {=( SUM(('Export (QBO)'!$G$2:$G$6969>=Budget!R$1)*('Export (QBO)'!$G$2:$G$6969<=((EOMONTH(Budget!R$1,0))))*('Export (QBO)'!$J$2:$J$6969=$A99)*('Export (QBO)'!$I$2:$I$6969)) )} -> 0 | S99: {=( SUM(('Export (QBO)'!$G$2:$G$6969>=Budget!S$1)*('Export (QBO)'!$G$2:$G$6969<=((EOMONTH(Budget!S$1,0))))*('Export (QBO)'!$J$2:$J$6969=$A99)*('Export (QBO)'!$I$2:$I$6969)) )} -> 0 | T99: {=( SUM(('Export (QBO)'!$G$2:$G$6969>=Budget!T$1)*('Export (QBO)'!$G$2:$G$6969<=((EOMONTH(Budget!T$1,0))))*('Export (QBO)'!$J$2:$J$6969=$A99)*('Export (QBO)'!$I$2:$I$6969)) )} -> 981.96 | U99: {=( SUM(('Export (QBO)'!$G$2:$G$6969>=Budget!U$1)*('Export (QBO)'!$G$2:$G$6969<=((EOMONTH(Budget!U$1,0))))*('Export (QBO)'!$J$2:$J$6969=$A99)*('Export (QBO)'!$I$2:$I$6969)) )} -> 89.59 | V99: {=( SUM(('Export (QBO)'!$G$2:$G$6969>=Budget!V$1)*('Export (QBO)'!$G$2:$G$6969<=((EOMONTH(Budget!V$1,0))))*('Export (QBO)'!$J$2:$J$6969=$A99)*('Export (QBO)'!$I$2:$I$6969)) )} -> 2300 | W99: {=( SUM(('Export (QBO)'!$G$2:$G$6969>=Budget!W$1)*('Export (QBO)'!$G$2:$G$6969<=((EOMONTH(Budget!W$1,0))))*('Export (QBO)'!$J$2:$J$6969=$A99)*('Export (QBO)'!$I$2:$I$6969)) )} -> -2900 | X99: {=( SUM(('Export (QBO)'!$G$2:$G$6969>=Budget!X$1)*('Export (QBO)'!$G$2:$G$6969<=((EOMONTH(Budget!X$1,0))))*('Export (QBO)'!$J$2:$J$6969=$A99)*('Export (QBO)'!$I$2:$I$6969)) )} -> 0 | ... AB99: {=( SUM(('Export (QBO)'!$G$2:$G$6969>=Budget!AB$1)*('Export (QBO)'!$G$2:$G$6969<=((EOMONTH(Budget!AB$1,0))))*('Export (QBO)'!$J$2:$J$6969=$A99)*('Export (QBO)'!$I$2:$I$6969)) )} -> 0 | AC99: =SUM(Q99:AB99) -> 471.55
B100: =IFERROR((VLOOKUP(A100,'GL Review'!E:G,3,FALSE)),"")
A101: Total Operational Expenses | B101: =IFERROR((VLOOKUP(A101,'GL Review'!E:G,3,FALSE)),"") | D101: =SUM(D79:D100) -> 0 | E101: =SUM(E79:E100) -> 0 | F101: =SUM(F79:F100) -> 0 | G101: =SUM(G79:G100) -> 0 | H101: =SUM(H79:H100) -> 0 | I101: =SUM(I79:I100) -> 0 | J101: =SUM(J79:J100) -> 0 | K101: =SUM(K79:K100) -> 0 | ... O101: =SUM(O79:O100) -> 0 | P101: =SUM(D101:O101) -> 0 | Q101: =SUM(Q79:Q100) -> 4753.51 | R101: =SUM(R79:R100) -> 9500.73 | S101: =SUM(S79:S100) -> 15272.51 | T101: =SUM(T79:T100) -> 16714.96 | U101: =SUM(U79:U100) -> 8550.85 | V101: =SUM(V79:V100) -> 8149.9 | W101: =SUM(W79:W100) -> 2851.28 | X101: =SUM(X79:X100) -> 5196.65 | ... AB101: =SUM(AB79:AB100) -> 11266.03 | AC101: =SUM(Q101:AB101) -> 116443.61 | AE101: =SUM(AE79:AE99) -> 78612
B102: =IFERROR((VLOOKUP(A102,'GL Review'!E:G,3,FALSE)),"")
A105: Total Expenses | Q105: =Q55+Q69+Q75+Q101 -> 109538.43 | R105: =R55+R69+R75+R101 -> 82812.11 | S105: =S55+S69+S75+S101 -> 28648.85 | T105: =T55+T69+T75+T101 -> 41049.56 | U105: =U55+U69+U75+U101 -> 33237.42 | V105: =V55+V69+V75+V101 -> 36776.55 | W105: =W55+W69+W75+W101 -> 20945.89 | X105: =X55+X69+X75+X101 -> 22359.34 | ... AB105: =AB55+AB69+AB75+AB101 -> 38202.84 | AC105: =SUM(Q105:AB105) -> 509713.69
A108: Revenue | P108: =SUM(D108:O108) -> 0 | Q108: =Q29 -> 43942.81 | R108: =R29 -> 110775.63 | S108: =S29 -> 23636.03 | T108: =T29 -> 68337.33 | U108: =U29 -> 35460.5 | V108: =V29 -> 88772.53 | W108: =W29 -> 45026.07 | X108: =X29 -> 22288.54 | ... AB108: =AB29 -> 16507.48 | AC108: =SUM(Q108:AB108) -> 592209.39
A109: Expenses | P109: =SUM(D109:O109) -> 0 | Q109: =-Q105 -> -109538.43 | R109: =-R105 -> -82812.11 | S109: =-S105 -> -28648.85 | T109: =-T105 -> -41049.56 | U109: =-U105 -> -33237.42 | V109: =-V105 -> -36776.55 | W109: =-W105 -> -20945.89 | X109: =-X105 -> -22359.34 | ... AB109: =-AB105 -> -38202.84 | AC109: =SUM(Q109:AB109) -> -509713.69
A111: Income on Paper | P111: =SUM(D111:O111) -> 0 | Q111: =SUM(Q108:Q110) -> -65595.62 | R111: =SUM(R108:R110) -> 27963.52 | S111: =SUM(S108:S110) -> -5012.82 | T111: =SUM(T108:T110) -> 27287.77 | U111: =SUM(U108:U110) -> 2223.08 | V111: =SUM(V108:V110) -> 51995.98 | W111: =SUM(W108:W110) -> 24080.18 | X111: =SUM(X108:X110) -> -70.8 | ... AB111: =SUM(AB108:AB110) -> -21695.36 | AC111: =SUM(Q111:AB111) -> 82495.7
A120: Expected Taxes | Q120: =Q111*11% -> -7215.5182 | R120: =R111*11% -> 3075.9872 | S120: =S111*11% -> -551.4102 | T120: =T111*11% -> 3001.6547 | U120: =U111*11% -> 244.5388 | V120: =V111*11% -> 5719.5578 | W120: =W111*11% -> 2648.8198 | X120: =X111*11% -> -7.788 | ... AB120: =AB111*11% -> -2386.4896 | AC120: =SUM(Q120:AB120) -> 9074.527
A129: Taxes | B129: =IFERROR((VLOOKUP(A129,'GL Review'!E:G,3,FALSE)),"")
A130: Corporate Tax Payable | B130: =IFERROR((VLOOKUP(A130,'GL Review'!E:G,3,FALSE)),"") -> 21035 | D130: {=( SUM(('Export (QBO)'!$G$2:$G$2483>=Budget!D$1)*('Export (QBO)'!$G$2:$G$2483<=((EOMONTH(Budget!D$1,0))))*('Export (QBO)'!$J$2:$J$2483=$A130)*('Export (QBO)'!$I$2:$I$2483)) )} -> 0 | E130: {=( SUM(('Export (QBO)'!$G$2:$G$2483>=Budget!E$1)*('Export (QBO)'!$G$2:$G$2483<=((EOMONTH(Budget!E$1,0))))*('Export (QBO)'!$J$2:$J$2483=$A130)*('Export (QBO)'!$I$2:$I$2483)) )} -> 0 | F130: {=( SUM(('Export (QBO)'!$G$2:$G$2483>=Budget!F$1)*('Export (QBO)'!$G$2:$G$2483<=((EOMONTH(Budget!F$1,0))))*('Export (QBO)'!$J$2:$J$2483=$A130)*('Export (QBO)'!$I$2:$I$2483)) )} -> 0 | G130: {=( SUM(('Export (QBO)'!$G$2:$G$2483>=Budget!G$1)*('Export (QBO)'!$G$2:$G$2483<=((EOMONTH(Budget!G$1,0))))*('Export (QBO)'!$J$2:$J$2483=$A130)*('Export (QBO)'!$I$2:$I$2483)) )} -> 0 | H130: {=( SUM(('Export (QBO)'!$G$2:$G$2483>=Budget!H$1)*('Export (QBO)'!$G$2:$G$2483<=((EOMONTH(Budget!H$1,0))))*('Export (QBO)'!$J$2:$J$2483=$A130)*('Export (QBO)'!$I$2:$I$2483)) )} -> 0 | I130: {=( SUM(('Export (QBO)'!$G$2:$G$2483>=Budget!I$1)*('Export (QBO)'!$G$2:$G$2483<=((EOMONTH(Budget!I$1,0))))*('Export (QBO)'!$J$2:$J$2483=$A130)*('Export (QBO)'!$I$2:$I$2483)) )} -> 0 | J130: {=( SUM(('Export (QBO)'!$G$2:$G$2483>=Budget!J$1)*('Export (QBO)'!$G$2:$G$2483<=((EOMONTH(Budget!J$1,0))))*('Export (QBO)'!$J$2:$J$2483=$A130)*('Export (QBO)'!$I$2:$I$2483)) )} -> 0 | K130: {=( SUM(('Export (QBO)'!$G$2:$G$2483>=Budget!K$1)*('Export (QBO)'!$G$2:$G$2483<=((EOMONTH(Budget!K$1,0))))*('Export (QBO)'!$J$2:$J$2483=$A130)*('Export (QBO)'!$I$2:$I$2483)) )} -> 0 | ... O130: {=( SUM(('Export (QBO)'!$G$2:$G$2483>=Budget!O$1)*('Export (QBO)'!$G$2:$G$2483<=((EOMONTH(Budget!O$1,0))))*('Export (QBO)'!$J$2:$J$2483=$A130)*('Export (QBO)'!$I$2:$I$2483)) )} -> 0 | P130: =SUM(D130:O130) -> 0 | Q130: {=( SUM(('Export (QBO)'!$G$2:$G$6969>=Budget!Q$1)*('Export (QBO)'!$G$2:$G$6969<=((EOMONTH(Budget!Q$1,0))))*('Export (QBO)'!$J$2:$J$6969=$A130)*('Export (QBO)'!$I$2:$I$6969)) )} -> 0 | R130: {=( SUM(('Export (QBO)'!$G$2:$G$6969>=Budget!R$1)*('Export (QBO)'!$G$2:$G$6969<=((EOMONTH(Budget!R$1,0))))*('Export (QBO)'!$J$2:$J$6969=$A130)*('Export (QBO)'!$I$2:$I$6969)) )} -> 0 | S130: {=( SUM(('Export (QBO)'!$G$2:$G$6969>=Budget!S$1)*('Export (QBO)'!$G$2:$G$6969<=((EOMONTH(Budget!S$1,0))))*('Export (QBO)'!$J$2:$J$6969=$A130)*('Export (QBO)'!$I$2:$I$6969)) )} -> 0 | T130: {=( SUM(('Export (QBO)'!$G$2:$G$6969>=Budget!T$1)*('Export (QBO)'!$G$2:$G$6969<=((EOMONTH(Budget!T$1,0))))*('Export (QBO)'!$J$2:$J$6969=$A130)*('Export (QBO)'!$I$2:$I$6969)) )} -> 0 | U130: {=( SUM(('Export (QBO)'!$G$2:$G$6969>=Budget!U$1)*('Export (QBO)'!$G$2:$G$6969<=((EOMONTH(Budget!U$1,0))))*('Export (QBO)'!$J$2:$J$6969=$A130)*('Export (QBO)'!$I$2:$I$6969)) )} -> 0 | V130: {=( SUM(('Export (QBO)'!$G$2:$G$6969>=Budget!V$1)*('Export (QBO)'!$G$2:$G$6969<=((EOMONTH(Budget!V$1,0))))*('Export (QBO)'!$J$2:$J$6969=$A130)*('Export (QBO)'!$I$2:$I$6969)) )} -> 30681 | W130: {=( SUM(('Export (QBO)'!$G$2:$G$6969>=Budget!W$1)*('Export (QBO)'!$G$2:$G$6969<=((EOMONTH(Budget!W$1,0))))*('Export (QBO)'!$J$2:$J$6969=$A130)*('Export (QBO)'!$I$2:$I$6969)) )} -> 0 | X130: {=( SUM(('Export (QBO)'!$G$2:$G$6969>=Budget!X$1)*('Export (QBO)'!$G$2:$G$6969<=((EOMONTH(Budget!X$1,0))))*('Export (QBO)'!$J$2:$J$6969=$A130)*('Export (QBO)'!$I$2:$I$6969)) )} -> 0 | ... AB130: {=( SUM(('Export (QBO)'!$G$2:$G$6969>=Budget!AB$1)*('Export (QBO)'!$G$2:$G$6969<=((EOMONTH(Budget!AB$1,0))))*('Export (QBO)'!$J$2:$J$6969=$A130)*('Export (QBO)'!$I$2:$I$6969)) )} -> 0 | AC130: =SUM(Q130:AB130) -> 30681
A131: CRA Interest & Penalties | B131: =IFERROR((VLOOKUP(A131,'GL Review'!E:G,3,FALSE)),"") -> 5430 | D131: {=( SUM(('Export (QBO)'!$G$2:$G$2483>=Budget!D$1)*('Export (QBO)'!$G$2:$G$2483<=((EOMONTH(Budget!D$1,0))))*('Export (QBO)'!$J$2:$J$2483=$A131)*('Export (QBO)'!$I$2:$I$2483)) )} -> 0 | E131: {=( SUM(('Export (QBO)'!$G$2:$G$2483>=Budget!E$1)*('Export (QBO)'!$G$2:$G$2483<=((EOMONTH(Budget!E$1,0))))*('Export (QBO)'!$J$2:$J$2483=$A131)*('Export (QBO)'!$I$2:$I$2483)) )} -> 0 | F131: {=( SUM(('Export (QBO)'!$G$2:$G$2483>=Budget!F$1)*('Export (QBO)'!$G$2:$G$2483<=((EOMONTH(Budget!F$1,0))))*('Export (QBO)'!$J$2:$J$2483=$A131)*('Export (QBO)'!$I$2:$I$2483)) )} -> 0 | G131: {=( SUM(('Export (QBO)'!$G$2:$G$2483>=Budget!G$1)*('Export (QBO)'!$G$2:$G$2483<=((EOMONTH(Budget!G$1,0))))*('Export (QBO)'!$J$2:$J$2483=$A131)*('Export (QBO)'!$I$2:$I$2483)) )} -> 0 | H131: {=( SUM(('Export (QBO)'!$G$2:$G$2483>=Budget!H$1)*('Export (QBO)'!$G$2:$G$2483<=((EOMONTH(Budget!H$1,0))))*('Export (QBO)'!$J$2:$J$2483=$A131)*('Export (QBO)'!$I$2:$I$2483)) )} -> 0 | I131: {=( SUM(('Export (QBO)'!$G$2:$G$2483>=Budget!I$1)*('Export (QBO)'!$G$2:$G$2483<=((EOMONTH(Budget!I$1,0))))*('Export (QBO)'!$J$2:$J$2483=$A131)*('Export (QBO)'!$I$2:$I$2483)) )} -> 0 | J131: {=( SUM(('Export (QBO)'!$G$2:$G$2483>=Budget!J$1)*('Export (QBO)'!$G$2:$G$2483<=((EOMONTH(Budget!J$1,0))))*('Export (QBO)'!$J$2:$J$2483=$A131)*('Export (QBO)'!$I$2:$I$2483)) )} -> 0 | K131: {=( SUM(('Export (QBO)'!$G$2:$G$2483>=Budget!K$1)*('Export (QBO)'!$G$2:$G$2483<=((EOMONTH(Budget!K$1,0))))*('Export (QBO)'!$J$2:$J$2483=$A131)*('Export (QBO)'!$I$2:$I$2483)) )} -> 0 | ... O131: {=( SUM(('Export (QBO)'!$G$2:$G$2483>=Budget!O$1)*('Export (QBO)'!$G$2:$G$2483<=((EOMONTH(Budget!O$1,0))))*('Export (QBO)'!$J$2:$J$2483=$A131)*('Export (QBO)'!$I$2:$I$2483)) )} -> 0 | P131: =SUM(D131:O131) -> 0 | Q131: {=( SUM(('Export (QBO)'!$G$2:$G$6969>=Budget!Q$1)*('Export (QBO)'!$G$2:$G$6969<=((EOMONTH(Budget!Q$1,0))))*('Export (QBO)'!$J$2:$J$6969=$A131)*('Export (QBO)'!$I$2:$I$6969)) )} -> 0 | R131: {=( SUM(('Export (QBO)'!$G$2:$G$6969>=Budget!R$1)*('Export (QBO)'!$G$2:$G$6969<=((EOMONTH(Budget!R$1,0))))*('Export (QBO)'!$J$2:$J$6969=$A131)*('Export (QBO)'!$I$2:$I$6969)) )} -> 0 | S131: {=( SUM(('Export (QBO)'!$G$2:$G$6969>=Budget!S$1)*('Export (QBO)'!$G$2:$G$6969<=((EOMONTH(Budget!S$1,0))))*('Export (QBO)'!$J$2:$J$6969=$A131)*('Export (QBO)'!$I$2:$I$6969)) )} -> 0 | T131: {=( SUM(('Export (QBO)'!$G$2:$G$6969>=Budget!T$1)*('Export (QBO)'!$G$2:$G$6969<=((EOMONTH(Budget!T$1,0))))*('Export (QBO)'!$J$2:$J$6969=$A131)*('Export (QBO)'!$I$2:$I$6969)) )} -> 0 | U131: {=( SUM(('Export (QBO)'!$G$2:$G$6969>=Budget!U$1)*('Export (QBO)'!$G$2:$G$6969<=((EOMONTH(Budget!U$1,0))))*('Export (QBO)'!$J$2:$J$6969=$A131)*('Export (QBO)'!$I$2:$I$6969)) )} -> 0 | V131: {=( SUM(('Export (QBO)'!$G$2:$G$6969>=Budget!V$1)*('Export (QBO)'!$G$2:$G$6969<=((EOMONTH(Budget!V$1,0))))*('Export (QBO)'!$J$2:$J$6969=$A131)*('Export (QBO)'!$I$2:$I$6969)) )} -> 0 | W131: {=( SUM(('Export (QBO)'!$G$2:$G$6969>=Budget!W$1)*('Export (QBO)'!$G$2:$G$6969<=((EOMONTH(Budget!W$1,0))))*('Export (QBO)'!$J$2:$J$6969=$A131)*('Export (QBO)'!$I$2:$I$6969)) )} -> 0 | X131: {=( SUM(('Export (QBO)'!$G$2:$G$6969>=Budget!X$1)*('Export (QBO)'!$G$2:$G$6969<=((EOMONTH(Budget!X$1,0))))*('Export (QBO)'!$J$2:$J$6969=$A131)*('Export (QBO)'!$I$2:$I$6969)) )} -> 0 | ... AB131: {=( SUM(('Export (QBO)'!$G$2:$G$6969>=Budget!AB$1)*('Export (QBO)'!$G$2:$G$6969<=((EOMONTH(Budget!AB$1,0))))*('Export (QBO)'!$J$2:$J$6969=$A131)*('Export (QBO)'!$I$2:$I$6969)) )} -> 0 | AC131: =SUM(Q131:AB131) -> 0
A132: GST Interest & Penalties | B132: =IFERROR((VLOOKUP(A132,'GL Review'!E:G,3,FALSE)),"") | D132: {=( SUM(('Export (QBO)'!$G$2:$G$2483>=Budget!D$1)*('Export (QBO)'!$G$2:$G$2483<=((EOMONTH(Budget!D$1,0))))*('Export (QBO)'!$J$2:$J$2483=$A132)*('Export (QBO)'!$I$2:$I$2483)) )} -> 0 | E132: {=( SUM(('Export (QBO)'!$G$2:$G$2483>=Budget!E$1)*('Export (QBO)'!$G$2:$G$2483<=((EOMONTH(Budget!E$1,0))))*('Export (QBO)'!$J$2:$J$2483=$A132)*('Export (QBO)'!$I$2:$I$2483)) )} -> 0 | F132: {=( SUM(('Export (QBO)'!$G$2:$G$2483>=Budget!F$1)*('Export (QBO)'!$G$2:$G$2483<=((EOMONTH(Budget!F$1,0))))*('Export (QBO)'!$J$2:$J$2483=$A132)*('Export (QBO)'!$I$2:$I$2483)) )} -> 0 | G132: {=( SUM(('Export (QBO)'!$G$2:$G$2483>=Budget!G$1)*('Export (QBO)'!$G$2:$G$2483<=((EOMONTH(Budget!G$1,0))))*('Export (QBO)'!$J$2:$J$2483=$A132)*('Export (QBO)'!$I$2:$I$2483)) )} -> 0 | H132: {=( SUM(('Export (QBO)'!$G$2:$G$2483>=Budget!H$1)*('Export (QBO)'!$G$2:$G$2483<=((EOMONTH(Budget!H$1,0))))*('Export (QBO)'!$J$2:$J$2483=$A132)*('Export (QBO)'!$I$2:$I$2483)) )} -> 0 | I132: {=( SUM(('Export (QBO)'!$G$2:$G$2483>=Budget!I$1)*('Export (QBO)'!$G$2:$G$2483<=((EOMONTH(Budget!I$1,0))))*('Export (QBO)'!$J$2:$J$2483=$A132)*('Export (QBO)'!$I$2:$I$2483)) )} -> 0 | J132: {=( SUM(('Export (QBO)'!$G$2:$G$2483>=Budget!J$1)*('Export (QBO)'!$G$2:$G$2483<=((EOMONTH(Budget!J$1,0))))*('Export (QBO)'!$J$2:$J$2483=$A132)*('Export (QBO)'!$I$2:$I$2483)) )} -> 0 | K132: {=( SUM(('Export (QBO)'!$G$2:$G$2483>=Budget!K$1)*('Export (QBO)'!$G$2:$G$2483<=((EOMONTH(Budget!K$1,0))))*('Export (QBO)'!$J$2:$J$2483=$A132)*('Export (QBO)'!$I$2:$I$2483)) )} -> 0 | ... O132: {=( SUM(('Export (QBO)'!$G$2:$G$2483>=Budget!O$1)*('Export (QBO)'!$G$2:$G$2483<=((EOMONTH(Budget!O$1,0))))*('Export (QBO)'!$J$2:$J$2483=$A132)*('Export (QBO)'!$I$2:$I$2483)) )} -> 0 | P132: =SUM(D132:O132) -> 0 | Q132: {=( SUM(('Export (QBO)'!$G$2:$G$6969>=Budget!Q$1)*('Export (QBO)'!$G$2:$G$6969<=((EOMONTH(Budget!Q$1,0))))*('Export (QBO)'!$J$2:$J$6969=$A132)*('Export (QBO)'!$I$2:$I$6969)) )} -> 0 | R132: {=( SUM(('Export (QBO)'!$G$2:$G$6969>=Budget!R$1)*('Export (QBO)'!$G$2:$G$6969<=((EOMONTH(Budget!R$1,0))))*('Export (QBO)'!$J$2:$J$6969=$A132)*('Export (QBO)'!$I$2:$I$6969)) )} -> 0 | S132: {=( SUM(('Export (QBO)'!$G$2:$G$6969>=Budget!S$1)*('Export (QBO)'!$G$2:$G$6969<=((EOMONTH(Budget!S$1,0))))*('Export (QBO)'!$J$2:$J$6969=$A132)*('Export (QBO)'!$I$2:$I$6969)) )} -> 0 | T132: {=( SUM(('Export (QBO)'!$G$2:$G$6969>=Budget!T$1)*('Export (QBO)'!$G$2:$G$6969<=((EOMONTH(Budget!T$1,0))))*('Export (QBO)'!$J$2:$J$6969=$A132)*('Export (QBO)'!$I$2:$I$6969)) )} -> 0 | U132: {=( SUM(('Export (QBO)'!$G$2:$G$6969>=Budget!U$1)*('Export (QBO)'!$G$2:$G$6969<=((EOMONTH(Budget!U$1,0))))*('Export (QBO)'!$J$2:$J$6969=$A132)*('Export (QBO)'!$I$2:$I$6969)) )} -> 0 | V132: {=( SUM(('Export (QBO)'!$G$2:$G$6969>=Budget!V$1)*('Export (QBO)'!$G$2:$G$6969<=((EOMONTH(Budget!V$1,0))))*('Export (QBO)'!$J$2:$J$6969=$A132)*('Export (QBO)'!$I$2:$I$6969)) )} -> 0 | W132: {=( SUM(('Export (QBO)'!$G$2:$G$6969>=Budget!W$1)*('Export (QBO)'!$G$2:$G$6969<=((EOMONTH(Budget!W$1,0))))*('Export (QBO)'!$J$2:$J$6969=$A132)*('Export (QBO)'!$I$2:$I$6969)) )} -> 0 | X132: {=( SUM(('Export (QBO)'!$G$2:$G$6969>=Budget!X$1)*('Export (QBO)'!$G$2:$G$6969<=((EOMONTH(Budget!X$1,0))))*('Export (QBO)'!$J$2:$J$6969=$A132)*('Export (QBO)'!$I$2:$I$6969)) )} -> 0 | ... AB132: {=( SUM(('Export (QBO)'!$G$2:$G$6969>=Budget!AB$1)*('Export (QBO)'!$G$2:$G$6969<=((EOMONTH(Budget!AB$1,0))))*('Export (QBO)'!$J$2:$J$6969=$A132)*('Export (QBO)'!$I$2:$I$6969)) )} -> 0 | AC132: =SUM(Q132:AB132) -> 0
...

Sheet Export (QBO)
A1: Date | B1: Transaction Type | C1: Name | D1: Account | E1: Amount | F1: Key | G1: Date (Normalized) | H1: Automation | I1: Amount | J1: Account | K1: Expense | L1: Note
A2: 2025-01-01 | B2: Expense | C2: Microsoft Canada Inc | D2: 52165 Subscriptions (Annual) | E2: 9.08 | F2: =A2&B2&C2&D2&E2 -> 2025-01-01ExpenseMicrosoft Canada Inc52165 Subscriptions (Annual)9.08 | G2: =IFERROR((DATEVALUE(A2)),A2) -> 45658 | H2: =IF((IFERROR((VLOOKUP(D2,'Automation (QBO)'!A:B,2,FALSE)),"0"))=0,"Suspense",(IFERROR((VLOOKUP(D2,'Automation (QBO)'!A:B,2,FALSE)),"Suspense"))) -> Subscriptions (Annual) | I2: =E2 -> 9.08 | J2: =H2 -> Subscriptions (Annual)
A3: 2025-01-01 | B3: Expense | C3: Microsoft Canada Inc | D3: 21020 GST/HST Payable | E3: 0 | F3: =A3&B3&C3&D3&E3 -> 2025-01-01ExpenseMicrosoft Canada Inc21020 GST/HST Payable0 | G3: =IFERROR((DATEVALUE(A3)),A3) -> 45658 | H3: =IF((IFERROR((VLOOKUP(D3,'Automation (QBO)'!A:B,2,FALSE)),"0"))=0,"Suspense",(IFERROR((VLOOKUP(D3,'Automation (QBO)'!A:B,2,FALSE)),"Suspense"))) -> GST/HST Payable | I3: =E3 -> 0 | J3: =H3 -> GST/HST Payable
A4: 2025-01-01 | B4: Journal Entry | D4: 13005 Prepaid Expenses | E4: -6420 | F4: =A4&B4&C4&D4&E4 -> 2025-01-01Journal Entry13005 Prepaid Expenses-6420 | G4: =IFERROR((DATEVALUE(A4)),A4) -> 45658 | H4: =IF((IFERROR((VLOOKUP(D4,'Automation (QBO)'!A:B,2,FALSE)),"0"))=0,"Suspense",(IFERROR((VLOOKUP(D4,'Automation (QBO)'!A:B,2,FALSE)),"Suspense"))) -> Prepaid expense | I4: =E4 -> -6420 | J4: =H4 -> Prepaid expense
A5: 2025-01-01 | B5: Journal Entry | D5: 21006 Liability - Deposits Received | E5: -80477.4 | F5: =A5&B5&C5&D5&E5 -> 2025-01-01Journal Entry21006 Liability - Deposits Received-80477.4 | G5: =IFERROR((DATEVALUE(A5)),A5) -> 45658 | H5: =IF((IFERROR((VLOOKUP(D5,'Automation (QBO)'!A:B,2,FALSE)),"0"))=0,"Suspense",(IFERROR((VLOOKUP(D5,'Automation (QBO)'!A:B,2,FALSE)),"Suspense"))) -> Liability - Depostis Received | I5: =E5 -> -80477.4 | J5: =H5 -> Liability - Depostis Received
A6: 2025-01-01 | B6: Journal Entry | D6: 51320 Project Expense - Subcontractors | E6: -42300.53 | F6: =A6&B6&C6&D6&E6 -> 2025-01-01Journal Entry51320 Project Expense - Subcontractors-42300.53 | G6: =IFERROR((DATEVALUE(A6)),A6) -> 45658 | H6: =IF((IFERROR((VLOOKUP(D6,'Automation (QBO)'!A:B,2,FALSE)),"0"))=0,"Suspense",(IFERROR((VLOOKUP(D6,'Automation (QBO)'!A:B,2,FALSE)),"Suspense"))) -> Project Expense - Subcontractors | I6: =E6 -> -42300.53 | J6: =H6 -> Project Expense - Subcontractors
A7: 2025-01-01 | B7: Journal Entry | D7: 52110 Accounting | E7: -25122.73 | F7: =A7&B7&C7&D7&E7 -> 2025-01-01Journal Entry52110 Accounting-25122.73 | G7: =IFERROR((DATEVALUE(A7)),A7) -> 45658 | H7: =IF((IFERROR((VLOOKUP(D7,'Automation (QBO)'!A:B,2,FALSE)),"0"))=0,"Suspense",(IFERROR((VLOOKUP(D7,'Automation (QBO)'!A:B,2,FALSE)),"Suspense"))) -> Accounting | I7: =E7 -> -25122.73 | J7: =H7 -> Accounting
A8: 2025-01-01 | B8: Journal Entry | D8: 52135 Legal | E8: -5200.2 | F8: =A8&B8&C8&D8&E8 -> 2025-01-01Journal Entry52135 Legal-5200.2 | G8: =IFERROR((DATEVALUE(A8)),A8) -> 45658 | H8: =IF((IFERROR((VLOOKUP(D8,'Automation (QBO)'!A:B,2,FALSE)),"0"))=0,"Suspense",(IFERROR((VLOOKUP(D8,'Automation (QBO)'!A:B,2,FALSE)),"Suspense"))) -> Legal | I8: =E8 -> -5200.2 | J8: =H8 -> Legal
A9: 2025-01-01 | B9: Journal Entry | D9: 52210 Uniforms & Laundry | E9: -1433.94 | F9: =A9&B9&C9&D9&E9 -> 2025-01-01Journal Entry52210 Uniforms & Laundry-1433.94 | G9: =IFERROR((DATEVALUE(A9)),A9) -> 45658 | H9: =IF((IFERROR((VLOOKUP(D9,'Automation (QBO)'!A:B,2,FALSE)),"0"))=0,"Suspense",(IFERROR((VLOOKUP(D9,'Automation (QBO)'!A:B,2,FALSE)),"Suspense"))) -> Uniforms & Laundry | I9: =E9 -> -1433.94 | J9: =H9 -> Uniforms & Laundry
A10: 2025-01-01 | B10: Expense | C10: Microsoft Canada Inc | D10: 21010 Credit Card (CIBC Visa) | E10: 9.08 | F10: =A10&B10&C10&D10&E10 -> 2025-01-01ExpenseMicrosoft Canada Inc21010 Credit Card (CIBC Visa)9.08 | G10: =IFERROR((DATEVALUE(A10)),A10) -> 45658 | H10: =IF((IFERROR((VLOOKUP(D10,'Automation (QBO)'!A:B,2,FALSE)),"0"))=0,"Suspense",(IFERROR((VLOOKUP(D10,'Automation (QBO)'!A:B,2,FALSE)),"Suspense"))) -> Credit Card (CIBC Visa) | I10: =E10 -> 9.08 | J10: =H10 -> Credit Card (CIBC Visa)
A11: 2025-01-02 | B11: Expense | C11: Chambers of Commerce Group Insurance Plan | D11: 21020 GST/HST Payable | E11: 0 | F11: =A11&B11&C11&D11&E11 -> 2025-01-02ExpenseChambers of Commerce Group Insurance Plan21020 GST/HST Payable0 | G11: =IFERROR((DATEVALUE(A11)),A11) -> 45659 | H11: =IF((IFERROR((VLOOKUP(D11,'Automation (QBO)'!A:B,2,FALSE)),"0"))=0,"Suspense",(IFERROR((VLOOKUP(D11,'Automation (QBO)'!A:B,2,FALSE)),"Suspense"))) -> GST/HST Payable | I11: =E11 -> 0 | J11: =H11 -> GST/HST Payable
A12: 2025-01-02 | B12: Expense | C12: Insurance WayPoint Portfolio Inc. | D12: 52175 Insurance | E12: 1252.44 | F12: =A12&B12&C12&D12&E12 -> 2025-01-02ExpenseInsurance WayPoint Portfolio Inc.52175 Insurance1252.44 | G12: =IFERROR((DATEVALUE(A12)),A12) -> 45659 | H12: =IF((IFERROR((VLOOKUP(D12,'Automation (QBO)'!A:B,2,FALSE)),"0"))=0,"Suspense",(IFERROR((VLOOKUP(D12,'Automation (QBO)'!A:B,2,FALSE)),"Suspense"))) -> Insurance | I12: =E12 -> 1252.44 | J12: =H12 -> Insurance
